Workbook
Name Empresas: EMPRESAS!$A$1:$M$529
Name Empresas: #REF!
Name Empresas: #REF!
Name Empresas: #REF!
Name INDICE: #REF!
Name INDICE: #REF!
Name INDICE: #REF!
Name TABLA: #REF!

Sheet ÍNDICE DE TABLAS
B2: En este archivo se encuentra a disposición del público la información sobre las empresas incluidas en el ámbito de aplicación del Real Decreto 117/2003, de 31 de enero sobre limitación de emisiones de compuestos orgánicos volátiles debidas al uso de disolventes en determinadas actividades, que gestiona el Área de Calidad Atmosférica de la Comunidad de Madrid. Para mayor información pueden dirigirse a la siguiente dirección: | L2: Consejería de Medio Ambiente, Agricultura e Interior Dirección General de Transición Energética y Economía Circular Área de Calidad Atmosférica C/Alcalá 16, 3ª Planta 28014 Madrid
B5: HOJA DE "EMPRESAS" | L5: Anexo II del Real Decreto 117/2003
B6: Fecha de actualización de datos | C6: 45685 | K6: Epígrafe | L6: Actividad (umbral de consumo de disolvente en t/año)
B7: Contenido | C7: Empresas dadas de alta en el Registro de Instalaciones Emisoras de Compuestos Orgánicos Volátiles hasta diciembre de 2024 y las que han causado baja en 2024 y por tanto tienen obligación de presentación de PGD 2024 o bien empresas dadas de alta en 2025, pero que han notificado PGD correspondientes en 2024. | K7: 1 | L7: Impresión en Offset de bobinas por calor (> 15).
B8: N_Registro | C8: Nº de Registro de Instalaciones Emisoras de Compuestos Orgánicos Volátiles | K8: 2 | L8: Rotograbado de publicaciones (> 25).
B9: Nº APCA | C9: Nº de autorización o notificación como actividad potencialmente contaminadora de la atmósfera, según Real Decreto 100/2011 | K9: 3 | L9: Otras unidades de rotograbado, flexografía, impresión serigráfica rotativa, laminado o barnizado (> 15), impresión serigráfica rotativa sobre textil o en cartón/cartulina (> 30).
B10: Epigrafe | C10: Nº epígrafe del Anexo II del Real Decreto 117/2003 | G10: Ver epígrafes | K10: 4 | L10: Limpieza de superficies utilizando compuestos especificados en el apartado 1 del artículo 5 (> 1).
K11: 5 | L11: Otra limpieza de superficies (> 2).
K12: 6 | L12: Recubrimiento de vehículos (< 15) y renovación del acabado de vehículos.
B13: HOJA DE "DATOS INDUSTRIAS 2024" | K13: 7 | L13: Recubrimiento de bobinas (> 25).
B14: Fecha de actualización de datos | C14: 45704 | K14: 8 | L14: Otros tipos de recubrimiento, incluido el recubrimiento de metal, plástico, textil (5), tejidos, películas y papel (> 5).
B15: Contenido | C15: Empresas distintas al epígrafe 11 que han reportado información anual relativa al 2024 según las obligaciones del Real Decreto 117/2003 | K15: 9 | L15: Recubrimiento de alambre de bobinas (> 5).
B16: N_Registro | C16: Nº de Registro de Instalaciones Emisoras de Compuestos Orgánicos Volátiles | K16: 10 | L16: Recubrimiento de madera (>15).
B17: Nº APCA | C17: Nº de autorización o notificación como actividad potencialmente contaminadora de la atmósfera, según Real Decreto 100/2011 | K17: 11 | L17: Limpieza en seco.
B18: Epigrafe | C18: Nº epígrafe del Anexo II del Real Decreto 117/2003 | G18: Ver epígrafes | K18: 12 | L18: Impregnación de fibras de madera (>25).
K19: 13 | L19: Recubrimiento de cuero (> 10).
K20: 14 | L20: Fabricación de calzado (> 5).
B21: HOJA DE "DATOS TINTORERÍAS 2024" | K21: 15 | L21: Laminación de madera y plástico (> 5).
B22: Fecha de actualización de datos | C22: 45704 | K22: 16 | L22: Recubrimiento con adhesivos (>5).
B23: Contenido | C23: Empresas del epígrafe 11 que han reportado información anual relativa al 2024 según las obligaciones del Real Decreto 117/2003 | K23: 17 | L23: Fabricación de mezclas de recubrimientos, barnices, tintas y adhesivos (>100).
B24: N_Registro | C24: nº de Registro de Instalaciones Emisoras de Compuestos Orgánicos Volátiles | K24: 18 | L24: Conversión de caucho (>15).
B25: Nº APCA | C25: Nº de autorización o notificación como actividad potencialmente contaminadora de la atmósfera, según Real Decreto 100/2011 | K25: 19 | L25: Extracción de aceite vegetal y grasa animal y actividades de refinado de aceite vegetal (> 10).
B26: Epigrafe | C26: Nº epígrafe del Anexo II del Real Decreto 117/2003 | G26: Ver epígrafes | K26: 20 | L26: Fabricación de productos farmacéuticos (> 50).
B29: Notas acerca de la legislación:
B30: Todas las referencias a: | C30: se entienden hechas a:
B31: Real Decreto 117/2003 | C31: Real Decreto 117/2003, de 31 de enero, sobre limitación de emisiones de compuestos orgánicos volátiles debidas al uso de disolventes en determinadas actividades.
B32: Real Decreto 100/2011 | C32: Real Decreto 100/2011, de 28 de enero, por el que se actualiza el catálogo de actividades potencialmente contaminadoras de la atmósfera y se establecen las disposiciones básicas para su aplicación.

Sheet EMPRESAS
A1: N_Registro | B1: CNAE | C1: Epigrafe | D1: R_Social | E1: Via | F1: Calle | G1: Numero | H1: CP | I1: Municipio | J1: EsBaja | K1: MotivoBaja | L1: FechaBaja | M1: CIF
A2: 10-RCOV-00001.1/2010 | B2: 2533 | C2: 17 | D2: REVESTIMIENTOS INDUSTRIALES, S.A. | E2: Calle | F2: POLVORIN | G2: 8 | H2: 28860 | I2: PARACUELLOS DEL JARAMA | J2: FALSE | M2: A28448058
A3: 10-RCOV-00001.1/2013 | B3: 93 | C3: 11 | D3: TINTORERÍA ALMA | E3: Calle | F3: ALFONSO XII | G3: 8 | H3: 28934 | I3: MÓSTOLES | J3: FALSE | M3: 20250585M
A4: 10-RCOV-00001.1/2016 | B4: 22220 | C4: 3 | D4: INTRAPAPEL, S.A. | E4: Carretera | F4: M-108 | G4: KM 5,6 | H4: 28864 | I4: AJALVIR | J4: FALSE | M4: A28614832
A5: 10-RCOV-00001.2/2022 | B5: 31620 | C5: 8 | D5: SIDERÚRGICA REQUENA, S.A. | E5: Calle | F5: EDUARDO BARREIROS | G5: 116 | H5: 28041 | I5: MADRID | J5: FALSE | M5: A28010338
A6: 10-RCOV-00001.3/2009 | B6: 9301 | C6: 11 | D6: TINTORERÍA EL BARCO ALCORCÓN, C.B. | E6: Calle | F6: TIMANFAYA | G6: 32 | H6: 28924 | I6: ALCORCÓN | J6: FALSE | M6: E85638450
A7: 10-RCOV-00001.4/2012 | B7: 9301 | C7: 11 | D7: STARTEAMSEC, S.L. | E7: Calle | F7: ANDRES MELLADO | G7: 47 | H7: 28015 | I7: MADRID | J7: FALSE | M7: B85913366
A8: 10-RCOV-00001.4/2015 | B8: 9301 | C8: 11 | D8: TINTE SAIGÓN | E8: Calle | F8: TUTOR | G8: 51 | H8: 28008 | I8: MADRID | J8: FALSE | M8: 5740705Z
A9: 10-RCOV-00001.4/2018 | B9: 9301 | C9: 11 | D9: TINTORERÍA ALCALÁ | E9: Calle | F9: AÑASTRO | G9: 13 | H9: 28033 | I9: MADRID | J9: FALSE | M9: 51631177H
A10: 10-RCOV-00001.5/2021 | B10: 9301 | C10: 11 | D10: SERVICIOS INTEGRALES LÓPEZ BUA, S.L. (TINTORERÍA ELITE-C) | E10: Calle | F10: DE ALONSO CANO | G10: 8 | H10: 28010 | I10: MADRID | J10: FALSE | M10: B85414514
A11: 10-RCOV-00001.7/2017 | B11: 9301 | C11: 11 | D11: COMERCIAL HOSTELERA DEL HENARES SL | E11: Carretera | F11: N I BURGOS | G11: KM 19 | H11: 28700 | I11: SAN SEBASTIÁN DE LOS REYES | J11: FALSE | M11: B19180694
A12: 10-RCOV-00001.8/2020 | B12: 9301 | C12: 11 | D12: TINTORERÍA Q-SEC ( MONTECHECO S.L) | E12: Calle | F12: DEL IDIOMA ESPERANTO | G12: 2 | H12: 28017 | I12: MADRID | J12: FALSE | M12: E87108551
A13: 10-RCOV-00001.8/2023 | B13: 9301 | C13: 11 | D13: TINTORERIA NINES | E13: Avenida | F13: DE JUAN CARLOS I | G13: 1 | H13: 28905 | I13: GETAFE | J13: FALSE | M13: 52183084V
... A16: 10-RCOV-00002.2/2016 | B16: 22220 | C16: 1 | D16: MONTERREINA COMUNICACIÓN, S.L.U. | E16: Calle | F16: CABO GATA | G16: 1 | H16: 28320 | I16: PINTO | J16: FALSE | M16: B84985472
A17: 10-RCOV-00002.2/2019 | B17: 25241 | C17: 3 | D17: INNOVACIONES PLASTICAS, S.A. | E17: Calle | F17: ALCALDE JUAN DE MATA SEVILLANO | G17: S/N | H17: 28052 | I17: MADRID | J17: TRUE | K17: Cierre | L17: 45559 | M17: A78908159
A18: 10-RCOV-00002.3/2022 | B18: 9301 | C18: 11 | D18: TINTORERÍA 5 A SEC | E18: Calle | F18: INFANTE DON LUIS | G18: 15 | H18: 28660 | I18: BOADILLA DEL MONTE | J18: FALSE | M18: 50689699E
A19: 10-RCOV-00002.4/2009 | B19: 9301 | C19: 11 | D19: TINTORERÍA TREBOL | E19: Calle | F19: BENAVENTE | G19: 8 | H19: 28220 | I19: MAJADAHONDA | J19: FALSE | M19: X0882540F
A20: 10-RCOV-00002.5/2012 | B20: 9301 | C20: 11 | D20: TINTORERÍA ANCORA | E20: Calle | F20: ANCORA | G20: 4 | H20: 28004 | I20: MADRID | J20: FALSE | M20: 02673077V
A21: 10-RCOV-00002.5/2015 | B21: 9301 | C21: 11 | D21: TINTORERÍA AZTECA | E21: Camino | F21: DOCTOR CASTELO | G21: 34 | H21: 28009 | I21: MADRID | J21: FALSE | M21: B8547729
A22: 10-RCOV-00002.5/2018 | B22: 9301 | C22: 11 | D22: TINTE ESPADA | E22: Avenida | F22: NUESTRA SEÑORA VALVANERA | G22: 90 | H22: 28025 | I22: MADRID | J22: FALSE | M22: 05390458V
A23: 10-RCOV-00002.6/2021 | B23: 9301 | C23: 11 | D23: MIRIAM CEACERO RODRIGUEZ (TINTORERÍA PREVI) | E23: Calle | F23: JOSE RIZAL | G23: 51 | H23: 28043 | I23: MADRID | J23: FALSE | M23: 51093152D
A24: 10-RCOV-00002.7/2008 | B24: 9301 | C24: 11 | D24: PIESKO PROYECTOS S.L. | E24: Calle | F24: GROENLANDIA | G24: S/N | H24: 28909 | I24: GETAFE | J24: FALSE | M24: B84324052
A25: 10-RCOV-00002.8/2017 | B25: 9301 | C25: 11 | D25: COMERCIAL HOSTELERA DEL HENARES SL | E25: Avenida | F25: LABRADORES | G25: 9 | H25: 28760 | I25: TRES CANTOS | J25: FALSE | M25: B19180694
A26: 10-RCOV-00003.0/2017 | B26: 9301 | C26: 11 | D26: TINTORERÍA IRIS (JAVAGA&JAVAGA) | E26: Avenida | F26: MAR MEDITERRÁNEO | G26: 3 | H26: 28341 | I26: VALDEMORO | J26: FALSE | M26: b86643012
A27: 10-RCOV-00003.1/2020 | B27: 35300 | C27: 5 | D27: ACITURRI GETAFE, S.L. | E27: Calle | F27: HERMANOS LUMIERE | G27: 16 | H27: 28906 | I27: GETAFE | J27: FALSE | M27: B88284211
A28: 10-RCOV-00003.1/2023 | B28: 9301 | C28: 11 | D28: GRUPO BEMBI BUSSINESS S.L. | E28: Camino | F28: DEL CURA | G28: 10 | H28: 28100 | I28: ALCOBENDAS | J28: FALSE | M28: B02851103
A29: 10-RCOV-00003.3/2016 | B29: 28510 | C29: 8 | D29: TRANSFORMADOS AGADÍN, S.L. | E29: Camino | F29: DE TORREJÓN | G29: S/N | H29: 28978 | I29: CUBAS DE LA SAGRA | J29: FALSE | M29: B81176117
... A37: 10-RCOV-00004.2/2023 | B37: 9301 | C37: 11 | D37: TINTORERÍA EUROPA SEC | E37: Carretera | F37: ARGANDA | G37: 44 | H37: 28005 | I37: MADRID | J37: FALSE | M37: Y0124529K
A38: 10-RCOV-00004.4/2013 | B38: 361 | C38: 15 | D38: CARPINTERÍA Y LACADOS ESCOLAR, S.L. | E38: Calle | F38: SIERRA DE GUADARRAMA | G38: 42 | H38: 28500 | I38: ARGANDA DEL REY | J38: TRUE | K38: Seguimiento consumo voluntario | L38: 42762 | M38: 50208134P
A39: 10-RCOV-00004.4/2019 | B39: 2030 | C39: 17 | D39: REVOCOAT IBERICA, S.L.U. | E39: Camino | F39: DEL CORRAL | G39: 17 | H39: 28816 | I39: CAMARMA DE ESTERUELAS | J39: FALSE | M39: B85603934
A40: 10-RCOV-00004.5/2022 | B40: 9301 | C40: 11 | D40: TINTORERÍA EUROPA | E40: Calle | F40: FRANCOS RODRIGUEZ | G40: 37 | H40: 28039 | I40: MADRID | J40: FALSE | M40: 52122545Z
A41: 10-RCOV-00004.7/2015 | B41: 9301 | C41: 11 | D41: ELÍAS LEÓN TELLEZ - TINOTRERÍA ELLES | E41: Calle | F41: PIZARRO | G41: 5 | H41: 28911 | I41: LEGANÉS | J41: FALSE | M41: 11772945G
A42: 10-RCOV-00004.7/2018 | B42: 9301 | C42: 11 | D42: TINTORERÍA PUERTA DE HIERRO | E42: Calle | F42: ISLAS MARSHALL (C/V JOAQUIN LORENZO) | G42: 1 | H42: 28035 | I42: MADRID | J42: TRUE | K42: Cambio titularidad | L42: 45750 | M42: X5565712B
A43: 10-RCOV-00004.8/2021 | B43: 9301 | C43: 11 | D43: ZIMALEX, S.L. | E43: Calle | F43: ALCÁNTARA | G43: 34 | H43: 28006 | I43: MADRID | J43: FALSE | M43: B88476858
A44: 10-RCOV-00005.0/2021 | B44: 9301 | C44: 11 | D44: TINTORERÍA VALENCIA | E44: Plaza | F44: MAYOR | G44: 3 | H44: 28850 | I44: TORREJÓN DE ARDOZ | J44: FALSE | M44: 05258437Q
A45: 10-RCOV-00005.1/2008 | B45: 361 | C45: 5 | D45: AF STEELCASE, S.A. | E45: Calle | F45: ANTONIO LÓPEZ | G45: 243 | H45: 28041 | I45: MADRID | J45: TRUE | K45: Seguimiento consumo voluntario | L45: 41047 | M45: A78939576
A46: 10-RCOV-00005.2/2017 | B46: 9301 | C46: 11 | D46: JJC LAVANDERÍA (FIORELLA GRACE MEZA ZEÑA) | E46: Calle | F46: SANCHO DÁVILA | G46: 17 | H46: 28028 | I46: MADRID | J46: FALSE | M46: 02288060C
A47: 10-RCOV-00005.3/2023 | B47: 9301 | C47: 11 | D47: LA TINTORERÍA | E47: Calle | F47: COBOS DE SEGOVIA | G47: 19 | H47: 28005 | I47: MADRID | J47: FALSE | M47: Y0124529K
A48: 10-RCOV-00005.5/2010 | B48: 9301 | C48: 11 | D48: ENCARNACIÓN ARIAS FERNÁNDEZ | E48: Calle | F48: VILLARDONDIEGO | G48: 19 | H48: 28032 | I48: MADRID | J48: TRUE | K48: Cambio titularidad | L48: 45728 | M48: 34534665g
A49: 10-RCOV-00005.5/2013 | B49: 93 | C49: 11 | D49: SAN ANTONIO 18, S.L. | E49: Paseo | F49: ACACIAS | G49: 24 | H49: 28005 | I49: MADRID | J49: FALSE | M49: B80976897
A50: 10-RCOV-00005.5/2016 | B50: 9301 | C50: 11 | D50: TINTORERÍA LA CALA | E50: Calle | F50: CANILLAS | G50: 22 | H50: 28002 | I50: MADRID | J50: FALSE | M50: B82552738
A51: 10-RCOV-00005.5/2019 | B51: 9301 | C51: 11 | D51: TINTORERÍA SAN BRUNO | E51: Calle | F51: CAMARENA | G51: 20 | H51: 28047 | I51: MADRID | J51: FALSE | M51: 76695576Y
A52: 10-RCOV-00005.6/2022 | B52: 9301 | C52: 11 | D52: TINTORERÍA ACACIAS | E52: Paseo | F52: DE JUAN ANTONIO VALLEJO-NÁJERA BOTAS | G52: 25 | H52: 28005 | I52: MADRID | J52: FALSE | M52: B80976897
A53: 10-RCOV-00006.0/2012 | B53: 9301 | C53: 11 | D53: KIRAS KIRI, S.L. | E53: Calle | F53: CAÑADILLA | G53: S/N | H53: 28231 | I53: LAS ROZAS DE MADRID | J53: FALSE | M53: B85240141
A54: 10-RCOV-00006.0/2015 | B54: 9301 | C54: 11 | D54: CARLOS FENOY MARGULLÓN (TINTORERÍA ORIHUELA) | E54: Calle | F54: ANGEL LUIS DE LA HERRÁN | G54: 21 | H54: 28043 | I54: MADRID | J54: FALSE | M54: 52875446X
A55: 10-RCOV-00006.1/2021 | B55: 9301 | C55: 11 | D55: MODISTILLA Y RONSEL, S.L. | E55: Calle | F55: DEL TRIGO | G55: 1 | H55: 28914 | I55: LEGANÉS | J55: FALSE | M55: B87063921
A56: 10-RCOV-00006.2/2008 | B56: 9301 | C56: 11 | D56: NOBELNET SL | E56: Calle | F56: VALLEJO NAJERA | G56: 44 | H56: 28005 | I56: MADRID | J56: FALSE | M56: B82578543
A57: 10-RCOV-00006.3/2017 | B57: 9301 | C57: 11 | D57: TINTORERÍA CYR (CARMEN HIDALGO LUQUE) | E57: Calle | F57: URUGUAY | G57: 12 | H57: 28822 | I57: COSLADA | J57: FALSE | M57: 51615786Z
A58: 10-RCOV-00006.4/2023 | B58: 9301 | C58: 11 | D58: TINTORERÍA PUERTA DE HIERRO NIAGARA | E58: Calle | F58: VELAYOS | G58: 2 | H58: 28035 | I58: MADRID | J58: FALSE | M58: B88470969
A59: 10-RCOV-00006.6/2013 | B59: 9301 | C59: 11 | D59: TINTORERÍA EL FARO | E59: Calle | F59: PUENTELARRA | G59: 7 | H59: 28031 | I59: MADRID | J59: FALSE | M59: X5298390H
A60: 10-RCOV-00006.6/2016 | B60: 9301 | C60: 11 | D60: TINTORERÍA JAPONESA | E60: Calle | F60: FRANCISO CHICO MENDES | G60: 1 | H60: 28108 | I60: ALCOBENDAS | J60: FALSE | M60: B81295420
... A69: 10-RCOV-00007.5/2023 | B69: 9301 | C69: 11 | D69: LA TINTORERÍA | E69: Calle | F69: GOENLANDIA | G69: 6 | H69: 28909 | I69: GETAFE | J69: FALSE | M69: 51744586Z
A70: 10-RCOV-00007.6/2007 | B70: 3160 | C70: 5 | D70: SAXONIA ESPAÑA S.L.U. | E70: Calle | F70: MANISES | G70: 1 | H70: 28224 | I70: POZUELO DE ALARCÓN | J70: TRUE | K70: Seguimiento consumo voluntario | L70: 45957 | M70: B28105013
A71: 10-RCOV-00007.7/2013 | B71: 9301 | C71: 11 | D71: EL CORTE INGLÉS | E71: Calle | F71: TOMÁS BRETÓN | G71: 62 | H71: 28045 | I71: MADRID | J71: FALSE | M71: A28017895
A72: 10-RCOV-00007.7/2016 | B72: 9301 | C72: 11 | D72: COMPLUSEC 2005, S.L. | E72: Calle | F72: HUNGRÍA | G72: S/N | H72: 28943 | I72: FUENLABRADA | J72: FALSE | M72: B84329150
A73: 10-RCOV-00007.7/2019 | B73: 9301 | C73: 11 | D73: PRESSTO ENTERPRISES, S.L.U. | E73: Avenida | F73: JUAN CARLOS I | G73: S/N | H73: 28806 | I73: ALCALÁ DE HENARES | J73: FALSE | M73: B80915283
A74: 10-RCOV-00008.0/2022 | B74: 9301 | C74: 11 | D74: TINTORERÍAS LUCIALBA, S.L. | E74: Carretera | F74: VILLAR DEL OLMO | G74: 47 | H74: 28510 | I74: CAMPO EAL | J74: FALSE | M74: B86660545
A75: 10-RCOV-00008.3/2021 | B75: 9301 | C75: 11 | D75: CLEAN FASHION DYV, S.L. | E75: Avenida | F75: EUROPA | G75: 1 | H75: 28224 | I75: POZUELO DE ALARCÓN | J75: FALSE | M75: B88267620
A76: 10-RCOV-00008.4/2008 | B76: 22220 | C76: 3 | D76: INGENIERÍA Y PROYECTOS GRÁFICOS, S.L. | E76: Calle | F76: LEON | G76: 42 | H76: 28947 | I76: FUENLABRADA | J76: TRUE | K76: Seguimiento consumo voluntario | L76: 41506 | M76: B81566879
A77: 10-RCOV-00008.5/2014 | B77: 9301 | C77: 11 | D77: EB2 TINTOERÍA Y LAVANDERÍA, S.L. | E77: Calle | F77: ORENSE | G77: 69 | H77: 28020 | I77: MADRID | J77: FALSE | M77: b86702230
A78: 10-RCOV-00008.5/2017 | B78: 9301 | C78: 11 | D78: 5 ASEC ALCAMPO PIO XII | E78: Avenida | F78: PÍO XII | G78: 2 | H78: 28016 | I78: MADRID | J78: FALSE | M78: A79540787
A79: 10-RCOV-00008.6/2020 | B79: 9301 | C79: 11 | D79: LIMPIEZA Y PLANCHADO MADRID, S.L. | E79: Calle | F79: NUMANCIA | G79: 6 | H79: 28039 | I79: MADRID | J79: FALSE | M79: B88191937
A80: 10-RCOV-00008.6/2023 | B80: 9301 | C80: 11 | D80: TINTORERÍA LORENA | E80: Calle | F80: AUSTRIA | G80: 2 | H80: 28022 | I80: MADRID | J80: FALSE | M80: 01106805E
A81: 10-RCOV-00008.8/2010 | B81: 9301 | C81: 11 | D81: FRANCISCO JAVIER MARTÍN RODRIGUEZ | E81: Calle | F81: CERVANTES | G81: 13 | H81: 28100 | I81: SAN SEBASTIÁN DE LOS REYES | J81: FALSE | M81: 02703632M
A82: 10-RCOV-00008.8/2019 | B82: 9301 | C82: 11 | D82: CASTELLANA LIMP, S.A | E82: Calle | F82: RAIMUNDO FERNANDEZ VILLAVERDE | G82: 79 | H82: 28046 | I82: MADRID | J82: FALSE | M82: B83922310
A83: 10-RCOV-00009.0/2010 | B83: 9301 | C83: 11 | D83: TINTORERÍA LAVANDERÍA MAICARLO, SL.L | E83: Calle | F83: SALLABERRY | G83: 22 | H83: 28019 | I83: MADRID | J83: FALSE | M83: 01807456R
A84: 10-RCOV-00009.0/2016 | B84: 9301 | C84: 11 | D84: TINTORERÍA LAS CAMELIAS | E84: Calle | F84: TIBERIADES | G84: 2 | H84: 28043 | I84: MADRID | J84: FALSE | M84: 50092205E
A85: 10-RCOV-00009.0/2019 | B85: 9301 | C85: 11 | D85: NUEVAS TINTORERÍAS | E85: Calle | F85: DE LA ESTRELLA POLAR | G85: 8 | H85: 28007 | I85: MADRID | J85: FALSE | M85: 5587152S
A86: 10-RCOV-00009.2/2009 | B86: 9301 | C86: 11 | D86: MONIVAN TINTES S.L. | E86: Calle | F86: DUBLIN | G86: 39 A | H86: 28232 | I86: LAS ROZAS DE MADRID | J86: FALSE | M86: B85582419
A87: 10-RCOV-00009.3/2012 | B87: 9301 | C87: 11 | D87: TINTORERÍA ALMIDÓN | E87: Calle | F87: ISLAS CIES | G87: 23 | H87: 28035 | I87: MADRID | J87: FALSE | M87: 2869638C
A88: 10-RCOV-00009.4/2021 | B88: 9301 | C88: 11 | D88: CRISEC - CRISTIAN IONEL VASIAC | E88: Calle | F88: EL CASTILLO | G88: 53 | H88: 28692 | I88: VILLANUEVA DE LA CAÑADA | J88: FALSE | M88: X8756887M
... A90: 10-RCOV-00009.7/2023 | B90: 9301 | C90: 11 | D90: TINTOLODONES, S.L (TINTORERÍA LIMPIESEC) | E90: Calle | F90: ALAMEDA | G90: 11 | H90: 28821 | I90: COSLADA | J90: FALSE | M90: B83494609
A91: 10-RCOV-00009.8/2007 | B91: 9301 | C91: 8 | D91: SAFENET, S.L. | E91: Calle | F91: RIO GUADARRAMA | G91: 6 | H91: 28978 | I91: CUBAS DE LA SAGRA | J91: TRUE | K91: Seguimiento consumo voluntario | M91: B82750647
A92: 10-RCOV-00010.0/2020 | B92: 9301 | C92: 11 | D92: ROSA MARIA BLANCO SUAREZ | E92: Calle | F92: LIBERTAD | G92: 23 | H92: 28341 | I92: VALDEMORO | J92: FALSE | M92: 51358750A
A93: 10-RCOV-00010.0/2023 | B93: 9301 | C93: 11 | D93: COMERCIAL HOSTELERA DEL HENARES SL | E93: Calle | F93: BELGRADO | G93: 61 | H93: 28232 | I93: LAS ROZAS DE MADRID | J93: FALSE | M93: B19180694
A94: 10-RCOV-00010.2/2010 | B94: 9301 | C94: 11 | D94: TINTORERÍAS EL CAPRICHO, S.L (SANDRA ENRIQUEZ TENGONOFF) | E94: Calle | F94: FERNAN GONZALEZ | G94: 55 | H94: 28009 | I94: MADRID | J94: TRUE | L94: 41008 | M94: 51455600T
A95: 10-RCOV-00010.2/2019 | B95: 9301 | C95: 11 | D95: TINTORERÍA BENIDORM | E95: Calle | F95: DE LA VIRGEN DE LAS VIÑAS | G95: 9 | H95: 28031 | I95: MADRID | J95: FALSE | M95: 50960797L
A96: 10-RCOV-00010.5/2015 | B96: 9301 | C96: 11 | D96: TINTORERIÁ CON APRESTO | E96: Avenida | F96: DE LAS RETAMAS | G96: 48 | H96: 28922 | I96: ALCORCÓN | J96: TRUE | K96: Cambio titularidad | L96: 45573 | M96: 53445079W
A97: 10-RCOV-00010.5/2018 | B97: 9301 | C97: 11 | D97: TINTORERÍA FERNÁNDEZ | E97: Calle | F97: RAYO | G97: 49 | H97: 28904 | I97: GETAFE | J97: FALSE | M97: 00699000F
A98: 10-RCOV-00010.6/2021 | B98: 9301 | C98: 5 | D98: TRANSERVI, S.A. | E98: Carretera | F98: MADRID A MIRAFLORES DE LA SIERRA | G98: 39,5 | H98: 28971 | I98: SOTO DEL REAL | J98: FALSE | M98: A28181543
A99: 10-RCOV-00010.8/2017 | B99: 9301 | C99: 11 | D99: TINTORERÍA BENIDORM | E99: Calle | F99: BENIDORM | G99: 15 | H99: 28017 | I99: MADRID | J99: FALSE | M99: 2640901H
A100: 10-RCOV-00011.0/2017 | B100: 34300 | C100: 4 | D100: NAGAMOHR, S.A. | E100: Calle | F100: DISEÑO | G100: 9 | H100: 28606 | I100: GETAFE | J100: FALSE | M100: A16134819
A101: 10-RCOV-00011.1/2020 | B101: 9301 | C101: 11 | D101: TINTORERÍA ROVISA | E101: Calle | F101: FRANCISCO SILVELA | G101: 45 | H101: 28028 | I101: MADRID | J101: FALSE | M101: 50817986S
A102: 10-RCOV-00011.1/2023 | B102: 9301 | C102: 11 | D102: ROSA MARÍA MUÑOZ JIMÉNEZ (TINT ROMA) | E102: Calle | F102: DOCTOR GÓMEZ ULLA | G102: 2 | H102: 28028 | I102: MADRID | J102: FALSE | M102: 02617656A
A103: 10-RCOV-00011.2/2007 | B103: 9301 | C103: 11 | D103: RODRIGUEZ VIDUEIRA SIMON ( TINTORERÍA HIGIENSEC) | E103: Calle | F103: ANTONIO ZAMORA | G103: 13 | H103: 28011 | I103: MADRID | J103: FALSE | M103: 34729476M
A104: 10-RCOV-00011.3/2010 | B104: 9301 | C104: 11 | D104: TINTORERÍA EUROPA (REMEDIOS BLANCO TORTOSA) | E104: Calle | F104: BAYONA | G104: 10 | H104: 28028 | I104: MADRID | J104: FALSE | M104: 00698442R
A105: 10-RCOV-00011.3/2016 | B105: 9301 | C105: 11 | D105: TINTORERÍA MARBELLA | E105: Calle | F105: LUIS RUIZ | G105: 8 | H105: 28017 | I105: MADRID | J105: FALSE | M105: 70502577X
A106: 10-RCOV-00011.4/2022 | B106: 9301 | C106: 11 | D106: TINTORERÍA AMERICA WABIMBI, S.L | E106: Calle | F106: DOCTOR CASTELO | G106: 4 | H106: 28009 | I106: MADRID | J106: FALSE | M106: B87397725
A107: 10-RCOV-00011.6/2012 | B107: 9301 | C107: 11 | D107: COSTURELLA, S.L. | E107: Calle | F107: MARGARITA SALAS | G107: 1 | H107: 28702 | I107: SAN SEBASTIÁN DE LOS REYES | J107: FALSE | M107: B85936946
A108: 10-RCOV-00011.6/2018 | B108: 9301 | C108: 11 | D108: TINTORERÍA A VAPOR | E108: Calle | F108: ALONSO CANO | G108: 49 | H108: 28003 | I108: MADRID | J108: FALSE | M108: B81989741
... A113: 10-RCOV-00012.7/2015 | B113: 9301 | C113: 11 | D113: TINTORERÍA DAURIS, S.L. | E113: Calle | F113: AYALA | G113: 108 | H113: 28006 | I113: MADRID | J113: FALSE | M113: B86442720
A114: 10-RCOV-00012.8/2021 | B114: 9301 | C114: 11 | D114: Q SEC CLARA DEL REY | E114: Calle | F114: CLARA DEL REY | G114: 35 | H114: 28002 | I114: MADRID | J114: TRUE | K114: Cambio titularidad | L114: 45456 | M114: Y1638414T
A115: 10-RCOV-00013.0/2021 | B115: 9301 | C115: 11 | D115: LA TINTORERÍA (M ANTONIA LOPEZ AYLLÓN) | E115: Calle | F115: COBOS DE SEGOVIA | G115: 19 | H115: 28005 | I115: MADRID | J115: FALSE | M115: 51937928H
A116: 10-RCOV-00013.2/2017 | B116: 24421 | C116: 20 | D116: LABORATORIOS ALCALA FARMA, S.L. | E116: Carretera | F116: M-300, KM 29,920 | H116: 28802 | I116: ALCALÁ DE HENARES | J116: FALSE | M116: B28059012
A117: 10-RCOV-00013.3/2020 | B117: 931 | C117: 11 | D117: DRY CLEAN LAVANDERÍA | E117: Calle | F117: DEL CONCEJAL FRANCISCO JOSÉ JIMENEZ MARTÍN | G117: 148 | H117: 28047 | I117: MADRID | J117: FALSE | M117: Y2149826F
A118: 10-RCOV-00013.5/2010 | B118: 9301 | C118: 11 | D118: TINTORERÍA CASTILLA (M. CARMEN LÓPEZ GONZÁLEZ) | E118: Calle | F118: DOCTOR ESQUERDO | G118: 11 | H118: 28028 | I118: MADRID | J118: FALSE | M118: 77501951R
A119: 10-RCOV-00013.5/2016 | B119: 9301 | C119: 11 | D119: REINA CLEAN, S.L. | E119: Plaza | F119: DE LOS BELGAS | G119: 12 | H119: 28400 | I119: COLLADO VILLALBA | J119: FALSE | M119: B87268041
A120: 10-RCOV-00013.5/2019 | B120: 45430 | C120: 16 | D120: DIPSO PAVIMENTOS, S.A. | E120: Calle | F120: ALAMO | G120: 39 | H120: 28970 | I120: HUMANES DE MADRID | J120: FALSE | M120: A81876831
A121: 10-RCOV-00013.6/2022 | B121: 9301 | C121: 11 | D121: WABIMBI, S.L. | E121: Calle | F121: LAGASCA | G121: 101 | H121: 28006 | I121: MADRID | J121: FALSE | M121: B87397725
A122: 10-RCOV-00014.0/2018 | B122: 9301 | C122: 11 | D122: 5ASEC TORRELODONES | E122: Avenida | F122: FONTANILLA | G122: S/N | H122: 28250 | I122: TORRELODONES | J122: FALSE | M122: B86067436
...

Sheet Sheet1
A1: EXPEDIENTE | B1: NUM_INSCRIPCION | C1: CDESTADO | D1: ID_CENTRO | E1: NUM_CENTRO | F1: NOM_CENTRO | G1: OBSERVACIONES | H1: ID_INTERESADO | I1: CD_ANOSCIA | J1: NM_SCIA | K1: IDALTA | L1: IDMODI | M1: NM_NIMA | N1: DS_ACTIVIDAD | O1: FCBAJA | P1: DSBAJA | Q1: ID_CENTRO_TITULAR | R1: ID_REL_CENT_DIR | S1: ID_CENTRO | T1: ID_DIRECCION | U1: IDALTA | V1: IDMODI | W1: ID_DIRECCION | X1: TIPO_DIRECCION | Y1: CDVIA | Z1: NUM_VIA | AA1: NOM_VIA | AB1: POLIGONO | AC1: ESCALERA | AD1: PISO | AE1: PUERTA | AF1: CDLOCALIDAD | AG1: CDPROVINCIA | AH1: CP | AI1: TELF1 | AJ1: TELF2 | AK1: MOVIL | AL1: FAX | AM1: EMAIL1 | AN1: ID_INTERESADO | AO1: CDMUNI | AP1: CDVIAL | AQ1: CDTPNUM | AR1: DSNMPORTAL | AS1: DSCALNUM | AT1: COORX | AU1: COORY | AV1: CD_VIA | AW1: VALIDACION_SUCA | AX1: OBSERVACIONES | AY1: IDALTA | AZ1: IDMODI | BA1: ID_PAIS | BB1: WEB | BC1: IT_SEDE_SOCIAL | BD1: DS_PROVINCIA_E | BE1: DS_MUNI_E | BF1: DS_DPOSTAL_E | BG1: IDBAJA | BH1: FCALTA | BI1: FCMODI | BJ1: FCBAJA | BK1: ID_INTERESADO | BL1: IDENTIFICADOR | BM1: NOMBRE | BN1: TIPO_INTERESADO | BO1: APELLIDO1 | BP1: APELLIDO2 | BQ1: RSOCIAL | BR1: ORGANISMO | BS1: FECHA_ALTA | BT1: FECHA_BAJA | BU1: NOTIF_ELECTRONICA | BV1: CIF_ANTERIOR | BW1: IDALTA | BX1: ID_IDENTIFICADOR | BY1: ID_ORGANISMO | BZ1: IDMODI | CA1: CD_T_SOCIETARIO | CB1: IDBAJA | CC1: FCALTA | CD1: FCMODI | CE1: FCBAJA | CF1: DSBAJA | CG1: OBSERVACIONES | CH1: CDPAIS | CI1: CDPROV | CJ1: CDMUNI | CK1: DSMUNI | CL1: NMPROV | CM1: NMMUNI | CN1: CDMUNI_DG_CONTROL | CO1: DSMUNI_PRES | CP1: DSMUNINORMA | CQ1: CDMUNI_AEAT
A2: 10-RCOV-00417.2/2007 | B2: 28-APCA-N-2014/00594 | C2: I | D2: 27329 | E2: 2 | F2: JUAN CARLOS GARCIA IZQUIERDO | H2: 2359 | I2: 2013 | J2: 165 | K2: EGM40 | L2: PCEAETER | M2: 2800027329 | N2: - | R2: 27174 | S2: 27329 | T2: 49520 | U2: EGM40 | V2: EGM40 | W2: 49520 | Z2: 11 | AA2: BUTARQUE | AF2: 74 | AG2: 28 | AH2: 28911 | AI2: 916802355 | AN2: 2359 | AO2: 074 | AP2: CALLE | AQ2: P | AT2: 434934 | AU2: 4464754 | AV2: 074A0063 | AW2: S | AY2: EGM40 | AZ2: CARGACV | BA2: ESP | BC2: N | BI2: 42531.47 | BK2: 2359 | BL2: 50079430N | BM2: JUAN CARLOS | BN2: 1 | BO2: GARCIA | BP2: IZQUIERDO | BQ2: GARCIA IZQUIERDO, JUAN CARLOS | BS2: 37425 | BU2: 0 | BW2: PRUEBAS6 | BX2: 2 | BZ2: PCEAETER | CA2: 99 | CC2: 39785.71 | CD2: 41339.558 | CH2: ESP | CI2: 28 | CJ2: 074 | CK2: Leganés | CL2: 28 | CM2: 74 | CN2: 0745 | CO2: Leganés | CP2: LEGANÉS | CQ2: 074
A3: 10-RCOV-00414.8/2007 | B3: 28-APCA-N-2014/00592 | C3: I | D3: 2249 | E3: 1 | F3: JUAN CARLOS GARCIA IZQUIERDO | G3: ACTIVIDAD : LAVADO, LIMPIEZA Y TEÑIDO DE PRENDAS TEXTILES Y DE PIEL RESPONSABLE : JUAN CARLOS GARCIA IZQUIERDO DESCRIPCION : Tinte, limpieza en seco, lavado y planchado de ropas hechas y de prendas y artículos del hogar usados | H3: 2359 | I3: 2013 | J3: 145 | L3: JBS37 | M3: 2800002249 | N3: LAVADO, LIMPIEZA Y TEÑIDO DE PRENDAS TEXTILES Y DE PIEL. TINTE, LIMPIEZA EN SECO, LAVADO Y PLANCHADO DE ROPAS HECHAS Y DE PRENDAS Y ARTÍCULOS DEL HOGAR USADOS | O3: 42825 | P3: CESE ACTIVIDAD (10-RESI-1853.2/2017) | R3: 2249 | S3: 2249 | T3: 4612 | W3: 4612 | Z3: 2 | AA3: DE GALIANA | AF3: 79 | AG3: 28 | AH3: 28011 | AI3: 914636443 | AL3: 914795674 | AN3: 2359 | AO3: 079 | AP3: CALLE | AQ3: P | AT3: 437904 | AU3: 4473532 | AV3: 07902434 | AW3: S | AZ3: CARGACV | BA3: ESP | BC3: N | BI3: 42530.458 | BK3: 2359 | BL3: 50079430N | BM3: JUAN CARLOS | BN3: 1 | BO3: GARCIA | BP3: IZQUIERDO | BQ3: GARCIA IZQUIERDO, JUAN CARLOS | BS3: 37425 | BU3: 0 | BW3: PRUEBAS6 | BX3: 2 | BZ3: PCEAETER | CA3: 99 | CC3: 39785.71 | CD3: 41339.558 | CH3: ESP | CI3: 28 | CJ3: 079 | CK3: Madrid | CL3: 28 | CM3: 79 | CN3: 0796 | CO3: Madrid | CP3: MADRID | CQ3: 900
A4: 10-RCOV-00464.0/2007 | B4: 28-APCA-N-2014/00699 | C4: I | D4: 30987 | E4: 4 | F4: TINTE LEGANES | H4: 2359 | I4: 2013 | J4: 146 | K4: ABH9 | L4: PCEAETER | M4: 2800030987 | N4: - | R4: 27175 | S4: 30987 | T4: 54330 | U4: EGM40 | V4: EGM40 | W4: 54330 | Z4: 71 | AA4: DE EXTREMADURA | AF4: 79 | AG4: 28 | AH4: 28011 | AI4: 914636443 | AN4: 2359 | AO4: 079 | AP4: PASEO | AQ4: P | AT4: 437856 | AU4: 4473750 | AV4: 07902110 | AW4: S | AY4: ABH9 | AZ4: CARGACV | BA4: ESP | BC4: S | BI4: 42928 | BK4: 2359 | BL4: 50079430N | BM4: JUAN CARLOS | BN4: 1 | BO4: GARCIA | BP4: IZQUIERDO | BQ4: GARCIA IZQUIERDO, JUAN CARLOS | BS4: 37425 | BU4: 0 | BW4: PRUEBAS6 | BX4: 2 | BZ4: PCEAETER | CA4: 99 | CC4: 39785.71 | CD4: 41339.558 | CH4: ESP | CI4: 28 | CJ4: 079 | CK4: Madrid | CL4: 28 | CM4: 79 | CN4: 0796 | CO4: Madrid | CP4: MADRID | CQ4: 900
A5: 10-RCOV-00021.2/2017 | B5: 28-APCA-N-2018/00049 | C5: I | D5: 2182 | E5: 1 | F5: FRANCISCA PEREZ DIAZ | G5: ACTIVIDAD : LAVADO, LIMPIEZA Y TEÑIDO DE PRENDAS TEXTILES Y DE PIEL RESPONSABLE : DESCRIPCION : Tinte, limpieza en seco, lavado y planchado de ropas hechas y de prendas y artículos del hogar usados | H5: 2290 | L5: PCEAETER | M5: 2800002182 | N5: LAVADO, LIMPIEZA Y TEÑIDO DE PRENDAS TEXTILES Y DE PIEL. TINTE, LIMPIEZA EN SECO, LAVADO Y PLANCHADO DE ROPAS HECHAS Y DE PRENDAS Y ARTÍCULOS DEL HOGAR USADOS | R5: 2182 | S5: 2182 | T5: 4476 | W5: 4476 | Z5: 12 | AA5: DE LA BUENA MADRE | AF5: 113 | AG5: 28 | AH5: 28320 | AI5: 916912496 | AL5: 916361328 | AN5: 2290 | AO5: 113 | AP5: CALLE | AQ5: P | AT5: 440583 | AU5: 4454853 | AV5: 113A0040 | AW5: S | AZ5: CARGACV | BA5: ESP | BC5: S | BI5: 42530.46 | BK5: 2290 | BL5: 50033359X | BM5: FRANCISCA | BN5: 1 | BO5: PEREZ | BP5: DIAZ | BQ5: PEREZ DIAZ, FRANCISCA | BS5: 38420 | BU5: 0 | BW5: PRUEBAS6 | BX5: 2 | BZ5: PCEAETER | CA5: 99 | CC5: 39785.71 | CD5: 41339.558 | CH5: ESP | CI5: 28 | CJ5: 113 | CK5: Pinto | CL5: 28 | CM5: 113 | CN5: 1132 | CO5: Pinto | CP5: PINTO | CQ5: 113
A6: 10-RCOV-00120.6/2007 | B6: 28-APCA-N-2014/00414 | C6: I | D6: 2188 | E6: 1 | F6: J. ANTONIO RODRIGUEZ FDEZ. ( TINTOTERIA ESPADA ) | G6: ACTIVIDAD : LAVADO, LIMPIEZA Y TEÑIDO DE PRENDAS TEXTILES Y DE PIEL RESPONSABLE : JOSE ANTONIO RODRIGUEZ FERNANDEZ DESCRIPCION : Tinte, limpieza en seco, lavado y planchado de ropas hechas y de prendas y artículos del hogar usados | H6: 2296 | L6: PCEAETER | M6: 2800002188 | N6: LAVADO, LIMPIEZA Y TEÑIDO DE PRENDAS TEXTILES Y DE PIEL . TINTE, LIMPIEZA EN SECO, LAVADO Y PLANCHADO DE ROPAS HECHAS Y DE PRENDAS Y ARTÍCULOS DEL HOGAR USADOS | R6: 2188 | S6: 2188 | T6: 4488 | W6: 4488 | Z6: 90 | AA6: DE NUESTRA SEÑORA DE VALVANERA | AF6: 79 | AG6: 28 | AH6: 28019 | AI6: 914610891 | AL6: 914655875 | AN6: 2296 | AO6: 079 | AP6: AVDA | AQ6: P | AT6: 437412 | AU6: 4471455 | AV6: 07907787 | AW6: S | AZ6: CARGACV | BA6: ESP | BC6: S | BI6: 42530.46 | BK6: 2296 | BL6: 50039043J | BM6: J. ANTONIO | BN6: 1 | BO6: RODRIGUEZ | BP6: FERNÁNDEZ | BQ6: RODRIGUEZ FERNÁNDEZ, J. ANTONIO | BS6: 37581 | BU6: 0 | BW6: PRUEBAS6 | BX6: 2 | BZ6: PCEAETER | CA6: 99 | CC6: 39785.71 | CD6: 41339.558 | CH6: ESP | CI6: 28 | CJ6: 079 | CK6: Madrid | CL6: 28 | CM6: 79 | CN6: 0796 | CO6: Madrid | CP6: MADRID | CQ6: 900
A7: 10-RCOV-00017.3/2018 | B7: 28-APCA-N-2018/00041 | C7: I | D7: 1813 | E7: 1 | F7: MANUEL FERNANDEZ DIEGUEZ (TINTE RAPI-SECO) | G7: ACTIVIDAD : LIMPIEZA EN SECO DE PRENDAS TEXTILES RESPONSABLE : MANUEL FERNANDEZ DIEGUEZ DESCRIPCION : Tinte, limpieza en seco, lavado y planchado de ropas hechas y de prendas y artículos del hogar usados | H7: 1946 | L7: BENGOA | M7: 2800001813 | N7: LIMPIEZA EN SECO DE PRENDAS TEXTILES. TINTE, LIMPIEZA EN SECO, LAVADO Y PLANCHADO DE ROPAS HECHAS Y DE PRENDAS Y ARTÍCULOS DEL HOGAR USADOS | R7: 1813 | S7: 1813 | T7: 3763 | W7: 3763 | Z7: 19 | AA7: M-502 (CARABANCHEL) | AF7: 115 | AG7: 28 | AH7: 28223 | AI7: 915333149 | AL7: 9791053 | AN7: 1946 | AO7: 115 | AP7: CTRA | AQ7: P | AS7: 0 | AT7: 431039 | AU7: 4476262 | AV7: 115A0131 | AW7: S | AZ7: CARGACV | BA7: ESP | BC7: N | BI7: 43420 | BK7: 1946 | BL7: 35946221G | BM7: MANUEL | BN7: 1 | BO7: FERNANDEZ | BP7: DIEGUEZ | BQ7: FERNANDEZ DIEGUEZ, MANUEL | BS7: 36161 | BU7: 0 | BW7: PRUEBAS6 | BX7: 2 | BZ7: PCEAETER | CA7: 99 | CC7: 39785.71 | CD7: 41339.564 | CH7: ESP | CI7: 28 | CJ7: 115 | CK7: Pozuelo de Alarcón | CL7: 28 | CM7: 115 | CN7: 1150 | CO7: Pozuelo de Alarcón | CP7: POZUELO ALARCÓN | CQ7: 115
A8: 10-RCOV-00018.4/2018 | B8: 28-APCA-N-2014/00366 | C8: I | D8: 63893 | E8: 2 | F8: MANUEL FERNANDEZ DIEGUEZ (TINTE RAPI-SECO) | H8: 1946 | K8: MBU0 | L8: PCEAETER | M8: 2800063893 | N8: - | R8: 66420 | S8: 63893 | T8: 53131 | U8: MBU0 | V8: 03/11/09 | W8: 53131 | Z8: 35 | AA8: DE GAZTAMBIDE | AF8: 79 | AG8: 28 | AH8: 28015 | AI8: 636166161 | AJ8: 636166161 | AN8: 1946 | AO8: 079 | AP8: CALLE | AQ8: P | AT8: 439298 | AU8: 4476172 | AV8: 07902483 | AW8: S | AY8: ABH9 | AZ8: CARGACV | BA8: ESP | BC8: N | BI8: 42531.488 | BK8: 1946 | BL8: 35946221G | BM8: MANUEL | BN8: 1 | BO8: FERNANDEZ | BP8: DIEGUEZ | BQ8: FERNANDEZ DIEGUEZ, MANUEL | BS8: 36161 | BU8: 0 | BW8: PRUEBAS6 | BX8: 2 | BZ8: PCEAETER | CA8: 99 | CC8: 39785.71 | CD8: 41339.564 | CH8: ESP | CI8: 28 | CJ8: 079 | CK8: Madrid | CL8: 28 | CM8: 79 | CN8: 0796 | CO8: Madrid | CP8: MADRID | CQ8: 900
A9: 10-RCOV-00062.4/2007 | B9: 28-APCA-N-2014/00366 | C9: I | D9: 63893 | E9: 2 | F9: MANUEL FERNANDEZ DIEGUEZ (TINTE RAPI-SECO) | H9: 1946 | K9: MBU0 | L9: PCEAETER | M9: 2800063893 | N9: - | R9: 66420 | S9: 63893 | T9: 53131 | U9: MBU0 | V9: 03/11/09 | W9: 53131 | Z9: 35 | AA9: DE GAZTAMBIDE | AF9: 79 | AG9: 28 | AH9: 28015 | AI9: 636166161 | AJ9: 636166161 | AN9: 1946 | AO9: 079 | AP9: CALLE | AQ9: P | AT9: 439298 | AU9: 4476172 | AV9: 07902483 | AW9: S | AY9: ABH9 | AZ9: CARGACV | BA9: ESP | BC9: N | BI9: 42531.488 | BK9: 1946 | BL9: 35946221G | BM9: MANUEL | BN9: 1 | BO9: FERNANDEZ | BP9: DIEGUEZ | BQ9: FERNANDEZ DIEGUEZ, MANUEL | BS9: 36161 | BU9: 0 | BW9: PRUEBAS6 | BX9: 2 | BZ9: PCEAETER | CA9: 99 | CC9: 39785.71 | CD9: 41339.564 | CH9: ESP | CI9: 28 | CJ9: 079 | CK9: Madrid | CL9: 28 | CM9: 79 | CN9: 0796 | CO9: Madrid | CP9: MADRID | CQ9: 900
A10: 10-RCOV-00064.6/2007 | B10: 28-APCA-N-2014/00370 | C10: I | D10: 1815 | E10: 3 | F10: MANUEL FERNANDEZ DIEGUEZ (TINTE RAPISECO) | G10: ACTIVIDAD : LIMPIEZA EN SECO DE PRENDAS TEXTILES RESPONSABLE : MANUEL FERNANDEZ DIEGUEZ DESCRIPCION : Tinte, limpieza en seco, lavado y planchado de ropas hechas y de prendas y artículos del hogar usados | H10: 1946 | L10: PCEAETER | M10: 2800001815 | N10: LIMPIEZA EN SECO DE PRENDAS TEXTILES. TINTE, LIMPIEZA EN SECO, LAVADO Y PLANCHADO DE ROPAS HECHAS Y DE PRENDAS Y ARTÍCULOS DEL HOGAR USADOS | R10: 1814 | S10: 1815 | T10: 53133 | W10: 53133 | Z10: 76 | AA10: DE VALLEHERMOSO | AF10: 79 | AG10: 28 | AH10: 28015 | AI10: 0 | AJ10: 636166161 | AN10: 1946 | AO10: 079 | AP10: CALLE | AQ10: P | AT10: 439934 | AU10: 4476585 | AV10: 07906239 | AW10: S | AY10: ABH9 | AZ10: CARGACV | BA10: ESP | BC10: N | BI10: 42531.488 | BK10: 1946 | BL10: 35946221G | BM10: MANUEL | BN10: 1 | BO10: FERNANDEZ | BP10: DIEGUEZ | BQ10: FERNANDEZ DIEGUEZ, MANUEL | BS10: 36161 | BU10: 0 | BW10: PRUEBAS6 | BX10: 2 | BZ10: PCEAETER | CA10: 99 | CC10: 39785.71 | CD10: 41339.564 | CH10: ESP | CI10: 28 | CJ10: 079 | CK10: Madrid | CL10: 28 | CM10: 79 | CN10: 0796 | CO10: Madrid | CP10: MADRID | CQ10: 900
A11: 10-RCOV-00335.1/2007 | B11: 28-APCA-N-2014/00544 | C11: I | D11: 1757 | E11: 1 | F11: JOSE BLANCO BLANCO | G11: ACTIVIDAD : LIMPIEZA DE PRENDAS TEXTILES RESPONSABLE : JOSE BLANCO BLANCO DESCRIPCION : Tinte, limpieza en seco, lavado y planchado de ropas hechas y de prendas y artículos del hogar usados | H11: 1889 | L11: E_JCG129 | M11: 2800001757 | N11: LIMPIEZA DE PRENDAS TEXTILES. TINTE, LIMPIEZA EN SECO, LAVADO Y PLANCHADO DE ROPAS HECHAS Y DE PRENDAS Y ARTÍCULOS DEL HOGAR USADOS | R11: 1757 | S11: 1757 | T11: 3650 | W11: 3650 | Z11: 20 | AA11: DE EDUARDO MORALES | AF11: 79 | AG11: 28 | AH11: 28025 | AI11: 914622401 | AL11: 918885348 | AN11: 1889 | AO11: 079 | AP11: CALLE | AQ11: P | AT11: 437407 | AU11: 4471137 | AV11: 07901881 | AW11: S | AZ11: CARGACV | BA11: ESP | BC11: S | BI11: 42530.695 | BK11: 1889 | BL11: 34586058S | BM11: JOSE | BN11: 1 | BO11: BLANCO | BP11: BLANCO | BQ11: BLANCO BLANCO, JOSE | BS11: 36850 | BU11: 0 | BW11: PRUEBAS6 | BX11: 2 | BZ11: PCEAETER | CA11: 99 | CC11: 39785.71 | CD11: 41339.564 | CH11: ESP | CI11: 28 | CJ11: 079 | CK11: Madrid | CL11: 28 | CM11: 79 | CN11: 0796 | CO11: Madrid | CP11: MADRID | CQ11: 900
A12: 10-RCOV-00376.1/2007 | B12: 28-APCA-N-2014/00573 | C12: I | D12: 1759 | E12: 1 | F12: LAUREANO RODRIGUEZ RODRIGUEZ | G12: ACTIVIDAD : LIMPIEZA EN SECO DE PRENDAS TEXTILES RESPONSABLE : LAUREANO RODRIGUEZ RODRIGUEZ DESCRIPCION : | H12: 1891 | L12: PCEAETER | M12: 2800001759 | N12: LIMPIEZA EN SECO DE PRENDAS TEXTILES. | R12: 1759 | S12: 1759 | T12: 3654 | W12: 3654 | Z12: 6 | AA12: DE PALOMARES | AF12: 79 | AG12: 28 | AH12: 28021 | AI12: 917984645 | AL12: 918885348 | AN12: 1891 | AO12: 079 | AP12: TRVA | AQ12: P | AT12: 439773 | AU12: 4466532 | AV12: 07904512 | AW12: S | AZ12: CARGACV | BA12: ESP | BC12: S | BI12: 42530.695 | BK12: 1891 | BL12: 34590077D | BM12: LAUREANO | BN12: 1 | BO12: RODRIGUEZ | BP12: RODRIGUEZ | BQ12: RODRIGUEZ RODRIGUEZ, LAUREANO | BS12: 36985 | BU12: 0 | BW12: PRUEBAS6 | BX12: 2 | BZ12: PCEAETER | CA12: 99 | CC12: 39785.71 | CD12: 41339.565 | CH12: ESP | CI12: 28 | CJ12: 079 | CK12: Madrid | CL12: 28 | CM12: 79 | CN12: 0796 | CO12: Madrid | CP12: MADRID | CQ12: 900
A13: 10-RCOV-00135.4/2007 | B13: 28-APCA-N-2014/00433 | C13: B | D13: 1761 | E13: 1 | F13: LUIS POUSA BLANCO (TINTE EUROPA) | G13: ACTIVIDAD : LIMPIEZA EN SECO RESPONSABLE : LUIS POUSA BLANCO DESCRIPCION : Tinte, limpieza en seco, lavado y planchado de ropas hechas y de prendas y artículos del hogar usados | H13: 1892 | L13: E_JCG129 | M13: 2800001761 | N13: LIMPIEZA EN SECO. TINTE, LIMPIEZA EN SECO, LAVADO Y PLANCHADO DE ROPAS HECHAS Y DE PRENDAS Y ARTÍCULOS DEL HOGAR USADOS | O13: 42474 | P13: CESE DE ACTIVIDAD | R13: 1761 | S13: 1761 | T13: 3657 | W13: 3657 | Z13: 37 | AA13: DE FRANCOS RODRÍGUEZ | AF13: 79 | AG13: 28 | AH13: 28039 | AI13: 913112973 | AL13: 918885348 | AN13: 1892 | AO13: 079 | AP13: CALLE | AQ13: P | AT13: 440062 | AU13: 4478666 | AV13: 07902349 | AW13: S | AZ13: CARGACV | BA13: ESP | BC13: S | BI13: 42530.695 | BK13: 1892 | BL13: 34593259V | BM13: LUIS | BN13: 1 | BO13: POUSA | BP13: BLANCO | BQ13: POUSA BLANCO, LUIS | BS13: 36319 | BU13: 0 | BW13: PRUEBAS6 | BX13: 2 | BZ13: PCEAETER | CA13: 99 | CC13: 39785.71 | CD13: 41339.565 | CH13: ESP | CI13: 28 | CJ13: 079 | CK13: Madrid | CL13: 28 | CM13: 79 | CN13: 0796 | CO13: Madrid | CP13: MADRID | CQ13: 900
A14: 10-RCOV-00177.5/2007 | B14: 28-APCA-N-2014/00471 | C14: I | D14: 1765 | E14: 1 | F14: ANTONIO MOCIÑO MENDEZ (TINTORERIA MOCIÑO) | G14: ACTIVIDAD : LIMPIEZA EN SECO DE PRENDAS TEXTILES Y DE PIEL RESPONSABLE : ANTONIO MOCIÑO MENDEZ DESCRIPCION : Tinte, limpieza en seco, lavado y planchado de ropas hechas y de prendas y artículos del hogar usados | H14: 1896 | L14: PCEAETER | M14: 2800001765 | N14: LIMPIEZA EN SECO DE PRENDAS TEXTILES Y DE PIEL. TINTE, LIMPIEZA EN SECO, LAVADO Y PLANCHADO DE ROPAS HECHAS Y DE PRENDAS Y ARTÍCULOS DEL HOGAR USADOS | R14: 1765 | S14: 1765 | T14: 3665 | W14: 3665 | Z14: 297 | AA14: DE BRAVO MURILLO | AF14: 79 | AG14: 28 | AH14: 28020 | AI14: 915708310 | AL14: 918885348 | AN14: 1896 | AO14: 079 | AP14: CALLE | AQ14: P | AT14: 440812 | AU14: 4479230 | AV14: 07900886 | AW14: S | AZ14: CARGACV | BA14: ESP | BC14: S | BI14: 42530.695 | BK14: 1896 | BL14: 34606435Z | BM14: ANTONIO | BN14: 1 | BO14: MOCIÑO | BP14: MENDEZ | BQ14: MOCIÑO MENDEZ, ANTONIO | BS14: 37487 | BU14: 0 | BW14: PRUEBAS6 | BX14: 2 | BZ14: PCEAETER | CA14: 99 | CC14: 39785.71 | CD14: 41339.565 | CH14: ESP | CI14: 28 | CJ14: 079 | CK14: Madrid | CL14: 28 | CM14: 79 | CN14: 0796 | CO14: Madrid | CP14: MADRID | CQ14: 900
A15: 10-RCOV-00127.4/2007 | B15: 28-APCA-N-2014/00428 | C15: I | D15: 1772 | E15: 1 | F15: CELIA HERVELLA RODRIGUEZ (TINTE CASABLANCA) | G15: ACTIVIDAD : LAVADO, LIMPIEZA Y TEÑIDO DE PRENDAS TEXTILES DE PIEL RESPONSABLE : CELIA HERVELLA ROFRIGUEZ DESCRIPCION : Tinte, limpieza en seco, lavado y planchado de ropas hechas y de prendas y artículos del hogar usados | H15: 1903 | I15: 2020 | J15: 239 | L15: PCEAETER | M15: 2800001772 | N15: LAVADO, LIMPIEZA Y TEÑIDO DE PRENDAS TEXTILES DE PIEL. TINTE, LIMPIEZA EN SECO, LAVADO Y PLANCHADO DE ROPAS HECHAS Y DE PRENDAS Y ARTÍCULOS DEL HOGAR USADOS | R15: 1772 | S15: 1772 | T15: 3679 | W15: 3679 | Z15: 51 | AA15: DE CARLOS MARTÍN ÁLVAREZ | AF15: 79 | AG15: 28 | AH15: 28018 | AI15: 914788040 | AL15: 918885348 | AN15: 1903 | AO15: 079 | AP15: CALLE | AQ15: P | AT15: 443526 | AU15: 4470915 | AV15: 07901122 | AW15: S | AZ15: CARGACV | BA15: ESP | BC15: S | BI15: 42530.694 | BK15: 1903 | BL15: 34656863A | BM15: CELIA | BN15: 1 | BO15: HERVELLA | BP15: RODRIGUEZ | BQ15: HERVELLA RODRIGUEZ, CELIA | BS15: 37477 | BU15: 0 | BW15: PRUEBAS6 | BX15: 2 | BZ15: PCEAETER | CA15: 99 | CC15: 39785.71 | CD15: 41339.565 | CH15: ESP | CI15: 28 | CJ15: 079 | CK15: Madrid | CL15: 28 | CM15: 79 | CN15: 0796 | CO15: Madrid | CP15: MADRID | CQ15: 900
A16: 10-RCOV-00405.7/2007 | D16: 30905 | E16: 2 | F16: CELIA HERVELLA RODRIGUEZ (TINT. EL RAPIDO) | H16: 1903 | K16: ECG4 | L16: PCEAETER | M16: 2800030905 | N16: - | R16: 30589 | S16: 30905 | T16: 54207 | U16: ECG4 | V16: ECG4 | W16: 54207 | Z16: 53 | AA16: DE ALEJANDRO SÁNCHEZ | AF16: 79 | AG16: 28 | AH16: 28019 | AI16: 915697384 | AN16: 1903 | AO16: 079 | AP16: CALLE | AQ16: P | AT16: 438766 | AU16: 4471304 | AV16: 07900173 | AW16: S | AY16: ECG4 | AZ16: CARGACV | BA16: ESP | BC16: N | BI16: 42531.494 | BK16: 1903 | BL16: 34656863A | BM16: CELIA | BN16: 1 | BO16: HERVELLA | BP16: RODRIGUEZ | BQ16: HERVELLA RODRIGUEZ, CELIA | BS16: 37477 | BU16: 0 | BW16: PRUEBAS6 | BX16: 2 | BZ16: PCEAETER | CA16: 99 | CC16: 39785.71 | CD16: 41339.565 | CH16: ESP | CI16: 28 | CJ16: 079 | CK16: Madrid | CL16: 28 | CM16: 79 | CN16: 0796 | CO16: Madrid | CP16: MADRID | CQ16: 900
A17: 10-RCOV-00051.1/2007 | D17: 2180 | E17: 1 | F17: JOSEFA RODRIGUEZ FERNANDEZ | G17: ACTIVIDAD : ACTIVIDADES DIVERSAS DE SERVICIOS PERSONALES RESPONSABLE : JOSEFA RODRIGUEZ FERNANDEZ DESCRIPCION : Tinte, limpieza en seco, lavado y planchado de ropas hechas y de prendas y artículos del hogar usados | H17: 2288 | L17: PCEAETER | M17: 2800002180 | N17: ACTIVIDADES DIVERSAS DE SERVICIOS PERSONALES. TINTE, LIMPIEZA EN SECO, LAVADO Y PLANCHADO DE ROPAS HECHAS Y DE PRENDAS Y ARTÍCULOS DEL HOGAR USADOS | R17: 2180 | S17: 2180 | T17: 4472 | W17: 4472 | Z17: 7 | AA17: DE RAFAEL DE RIEGO | AF17: 79 | AG17: 28 | AH17: 28045 | AI17: 912395782 | AL17: 916361328 | AN17: 2288 | AO17: 079 | AP17: CALLE | AQ17: P | AT17: 441286 | AU17: 4472899 | AV17: 07900756 | AW17: S | AZ17: CARGACV | BA17: ESP | BC17: S | BI17: 42530.46 | BK17: 2288 | BL17: 50031820N | BM17: JOSEFA | BN17: 1 | BO17: RODRIGUEZ | BP17: FERNANDEZ | BQ17: RODRIGUEZ FERNANDEZ, JOSEFA | BS17: 37657 | BU17: 0 | BW17: PRUEBAS6 | BX17: 2 | BZ17: PCEAETER | CA17: 99 | CC17: 39785.71 | CD17: 41339.56 | CH17: ESP | CI17: 28 | CJ17: 079 | CK17: Madrid | CL17: 28 | CM17: 79 | CN17: 0796 | CO17: Madrid | CP17: MADRID | CQ17: 900
A18: 10-RCOV-00126.3/2007 | B18: 28-APCA-N-2014/00427 | C18: I | D18: 1784 | E18: 1 | F18: DOMINGO VEGA DOMINGUEZ (TINTE CASABLANCA) | G18: ACTIVIDAD : LAVADO, LIMPIEZA Y TEÑIDO DE PRENDAS TEXTILES Y DE PIEL RESPONSABLE : DOMINGO VEGA DOMINGUEZ DESCRIPCION : Tinte, limpieza en seco, lavado y planchado de ropas hechas y de prendas y artículos del hogar usados | H18: 1915 | L18: PCEAETER | M18: 2800001784 | N18: LAVADO, LIMPIEZA Y TEÑIDO DE PRENDAS TEXTILES Y DE PIEL. TINTE, LIMPIEZA EN SECO, LAVADO Y PLANCHADO DE ROPAS HECHAS Y DE PRENDAS Y ARTÍCULOS DEL HOGAR USADOS | R18: 1784 | S18: 1784 | T18: 3703 | W18: 3703 | Z18: 22 | AA18: DE LA LUNA | AF18: 79 | AG18: 28 | AH18: 28004 | AI18: 915216969 | AL18: 918885348 | AN18: 1915 | AO18: 079 | AP18: CALLE | AQ18: P | AT18: 440089 | AU18: 4474893 | AV18: 07903551 | AW18: S | AZ18: CARGACV | BA18: ESP | BC18: S | BI18: 42530.694 | BK18: 1915 | BL18: 34722422N | BM18: DOMINGO | BN18: 1 | BO18: VEGA | BP18: DOMINGUEZ | BQ18: VEGA DOMINGUEZ, DOMINGO | BS18: 37480 | BU18: 0 | BW18: PRUEBAS6 | BX18: 2 | BZ18: PCEAETER | CA18: 99 | CC18: 39785.71 | CD18: 41339.565 | CH18: ESP | CI18: 28 | CJ18: 079 | CK18: Madrid | CL18: 28 | CM18: 79 | CN18: 0796 | CO18: Madrid | CP18: MADRID | CQ18: 900
A19: 10-RCOV-00438.7/2007 | B19: 28-APCA-N-2014/00603 | C19: I | D19: 1788 | E19: 1 | F19: BENANCIO RODRIGUEZ VIDUEIRA | G19: ACTIVIDAD : LAVADO, LIMPIEZA Y TEÑIDO DE PRENDAS TEXTILES Y DE PIEL RESPONSABLE : BENANCIO RODRIGUEZ VIDUEIRA DESCRIPCION : Tinte, limpieza en seco, lavado y planchado de ropas hechas y de prendas y artículos del hogar usados | H19: 1919 | L19: PCEAETER | M19: 2800001788 | N19: LAVADO, LIMPIEZA Y TEÑIDO DE PRENDAS TEXTILES Y DE PIEL. TINTE, LIMPIEZA EN SECO, LAVADO Y PLANCHADO DE ROPAS HECHAS Y DE PRENDAS Y ARTÍCULOS DEL HOGAR USADOS | R19: 1788 | S19: 1788 | T19: 3711 | W19: 3711 | Z19: 13 | AA19: DEL ACUERDO | AF19: 79 | AG19: 28 | AH19: 28015 | AI19: 915226934 | AL19: 918885348 | AN19: 1919 | AO19: 079 | AP19: CALLE | AQ19: P | AT19: 439915 | AU19: 4475380 | AV19: 07900034 | AW19: S | AZ19: CARGACV | BA19: ESP | BC19: S | BI19: 42530.694 | BK19: 1919 | BL19: 34902451C | BM19: BENANCIO | BN19: 1 | BO19: RODRIGUEZ | BP19: VIDUEIRA | BQ19: RODRIGUEZ VIDUEIRA, BENANCIO | BS19: 37657 | BU19: 0 | BW19: PRUEBAS6 | BX19: 2 | BZ19: PCEAETER | CA19: 99 | CC19: 39785.71 | CD19: 41339.565 | CH19: ESP | CI19: 28 | CJ19: 079 | CK19: Madrid | CL19: 28 | CM19: 79 | CN19: 0796 | CO19: Madrid | CP19: MADRID | CQ19: 900
A20: 10-RCOV-00334.0/2007 | D20: 1718 | E20: 1 | F20: JOSE LUIS GONZALEZ HERRANZ (TINTORERIAS ALTAMIRA) | G20: ACTIVIDAD : LAVADO, LIMPIEZA Y TEÑIDO PRENDAS TEXTILES Y PIEL (TINTORERIA) RESPONSABLE : JOSE LUIS GONZALEZ HERRANZ DESCRIPCION : Lavanderías, tintorerías y servicios similares | H20: 1852 | I20: 2012 | J20: 227 | L20: PCEAETER | M20: 2800001718 | N20: LAVADO, LIMPIEZA Y TEÑIDO PRENDAS TEXTILES Y PIEL (TINTORERIA). LAVANDERÍAS, TINTORERÍAS Y SERVICIOS SIMILARES | R20: 1718 | S20: 1718 | T20: 3574 | W20: 3574 | Z20: 52 | AA20: GENERAL YAGÜE | AF20: 79 | AG20: 28 | AH20: 28020 | AI20: 915710159 | AL20: 914097464 | AN20: 1852 | AO20: 079 | AP20: CALLE | AQ20: P | AT20: 440704 | AU20: 4478733 | AW20: N | AZ20: SUCA | BA20: ESP | BC20: S | BI20: 42530.695 | BK20: 1852 | BL20: 03387174X | BM20: JOSE LUIS | BN20: 1 | BO20: GONZALEZ | BP20: HERRANZ | BQ20: GONZALEZ HERRANZ, JOSE LUIS | BS20: 36161 | BU20: 0 | BW20: PRUEBAS6 | BX20: 2 | BZ20: PCEAETER | CA20: 99 | CC20: 39785.71 | CD20: 41339.565 | CH20: ESP | CI20: 28 | CJ20: 079 | CK20: Madrid | CL20: 28 | CM20: 79 | CN20: 0796 | CO20: Madrid | CP20: MADRID | CQ20: 900
A21: 10-RCOV-00176.4/2007 | B21: 28-APCA-N-2014/00470 | C21: I | D21: 1746 | E21: 1 | F21: SIMON RODRIGUEZ RODRIGUEZ ( TINTORERIA BENIDORM) | G21: ACTIVIDAD : LAVADO, LIMPIEZA Y TEÑIDO DE PRENDAS TEXTILES Y DE PIEL RESPONSABLE : SIMON RODRIGUEZ RODRIGUEZ DESCRIPCION : Tinte, limpieza en seco, lavado y planchado de ropas hechas y de prendas y artículos del hogar usados | H21: 1878 | L21: PCEAETER | M21: 2800001746 | N21: LAVADO, LIMPIEZA Y TEÑIDO DE PRENDAS TEXTILES Y DE PIEL. TINTE, LIMPIEZA EN SECO, LAVADO Y PLANCHADO DE ROPAS HECHAS Y DE PRENDAS Y ARTÍCULOS DEL HOGAR USADOS | R21: 1746 | S21: 1746 | T21: 3628 | W21: 3628 | Z21: 15 | AA21: DE BENIDORM | AF21: 79 | AG21: 28 | AH21: 28017 | AI21: 914042663 | AL21: 918885348 | AN21: 1878 | AO21: 079 | AP21: CALLE | AQ21: P | AT21: 444430 | AU21: 4475816 | AV21: 07900798 | AW21: S | AZ21: CARGACV | BA21: ESP | BC21: S | BI21: 42530.695 | BK21: 1878 | BL21: 34546878G | BM21: SIMON | BN21: 1 | BO21: RODRIGUEZ | BP21: RODRIGUEZ | BQ21: RODRIGUEZ RODRIGUEZ, SIMON | BS21: 37158 | BU21: 0 | BW21: PRUEBAS6 | BX21: 2 | BZ21: PCEAETER | CA21: 99 | CC21: 39785.71 | CD21: 41339.566 | CH21: ESP | CI21: 28 | CJ21: 079 | CK21: Madrid | CL21: 28 | CM21: 79 | CN21: 0796 | CO21: Madrid | CP21: MADRID | CQ21: 900
A22: 10-RCOV-00109.2/2007 | B22: 28-APCA-N-2014/00409 | C22: B | D22: 1661 | E22: 1 | F22: Mª ELIEZER MIRALLES GARCIA | G22: ACTIVIDAD : LAVADO, LIMPIEZA Y TEÑIDO DE PRENDAS TEXTILES Y DE PIEL RESPONSABLE : MARIA ELIEZER MIRALLES GARCIA DESCRIPCION : Tinte, limpieza en seco, lavado y planchado de ropas hechas y de prendas y artículos del hogar usados | H22: 1797 | L22: PCEAETER | M22: 2800001661 | N22: LAVADO, LIMPIEZA Y TEÑIDO DE PRENDAS TEXTILES Y DE PIEL. TINTE, LIMPIEZA EN SECO, LAVADO Y PLANCHADO DE ROPAS HECHAS Y DE PRENDAS Y ARTÍCULOS DEL HOGAR USADOS | R22: 1661 | S22: 1661 | T22: 3462 | W22: 3462 | Z22: 3 | AA22: DEL PUERTO DE MASPALOMAS | AF22: 79 | AG22: 28 | AH22: 28035 | AI22: 913733393 | AL22: 916972000 | AN22: 1797 | AO22: 079 | AP22: CALLE | AQ22: P | AT22: 439447 | AU22: 4481019 | AV22: 07909905 | AW22: S | AZ22: CARGACV | BA22: ESP | BC22: S | BI22: 42530.696 | BK22: 1797 | BL22: 33506738Q | BM22: Mª | BN22: 1 | BO22: ELIEZER | BP22: MIRALLES | BQ22: ELIEZER MIRALLES, Mª | BS22: 38041 | BU22: 0 | BW22: PRUEBAS6 | BX22: 2 | BZ22: PCEAETER | CA22: 99 | CC22: 39785.71 | CD22: 41339.566 | CH22: ESP | CI22: 28 | CJ22: 079 | CK22: Madrid | CL22: 28 | CM22: 79 | CN22: 0796 | CO22: Madrid | CP22: MADRID | CQ22: 900
A23: 10-RCOV-00381.7/2007 | B23: 28-APCA-N-2014/00575 | C23: B | D23: 30883 | E23: 3 | F23: LIMPIEZA DE ALFOMBRAS SHERLIMP SOC. COOP. | H23: 15349 | I23: 2017 | J23: 305 | K23: ECG4 | L23: PCEAETER | M23: 2800030883 | N23: - | R23: 30570 | S23: 30883 | T23: 54174 | U23: ECG4 | V23: ECG4 | W23: 54174 | Z23: 24 | AA23: MOLINEROS | AB23: IND. VALDEFUENTES | AF23: 15 | AG23: 28 | AH23: 28939 | AI23: 916190200 | AL23: 916107177 | AN23: 15349 | AO23: 015 | AP23: CALLE | AQ23: P | AT23: 423252 | AU23: 4461701 | AV23: 01500154 | AW23: N | AY23: ECG4 | AZ23: SUCA | BA23: ESP | BC23: S | BI23: 42531.494 | BK23: 15349 | BL23: F28519296 | BN23: 2 | BQ23: LIMPIEZA DE ALFOMBRAS SHERLIMP SDAD. COOP | BS23: 36161 | BU23: 0 | BW23: PRUEBAS6 | BX23: 1 | BZ23: PCEAETER | CA23: 99 | CC23: 39785.71 | CD23: 41339.605 | CH23: ESP | CI23: 28 | CJ23: 015 | CK23: Arroyomolinos | CL23: 28 | CM23: 15 | CN23: 0151 | CO23: Arroyomolinos | CP23: ARROYOMOLINOS | CQ23: 015
A24: 10-RCOV-00019.2/2010 | B24: 28-APCA-2013/00037 | C24: B | D24: 28332 | E24: 2 | F24: CONSUEGRA, SOC. COOP. MAD. | G24: APLICACION PINTURA_x000D_ CHAPISTERIA DE PRECISION, ESTAMPACION Y UTILLAJE | H24: 15354 | I24: 2003 | J24: 105 | K24: MAG181 | L24: PCEAETER | M24: 2800028332 | N24: - | R24: 28154 | S24: 28332 | T24: 50762 | U24: AGC1279 | V24: AGC1279 | W24: 50762 | Z24: 13 | AA24: DE LAS BODEGAS | AF24: 59 | AG24: 28 | AH24: 28140 | AI24: 916201011 | AN24: 15354 | AO24: 059 | AP24: CMNO | AQ24: P | AT24: 456154 | AU24: 4498644 | AV24: 05900266 | AW24: S | AY24: AGC1279 | AZ24: CARGACV | BA24: ESP | BC24: N | BI24: 42531.475 | BK24: 15354 | BL24: F28641553 | BN24: 2 | BQ24: CONSUEGRA, SOC. COOP. MAD. | BS24: 36384 | BU24: 0 | BW24: PRUEBAS6 | BX24: 1 | BZ24: PCEAETER | CA24: 99 | CC24: 39785.71 | CD24: 41339.605 | CH24: ESP | CI24: 28 | CJ24: 059 | CK24: Fuente el Saz de Jarama | CL24: 28 | CM24: 59 | CN24: 0590 | CO24: Fuente el Saz de Jarama | CP24: FUENTE SAZ JARAMA | CQ24: 059
A25: 10-RCOV-00019.2/2010 | B25: 28-APCA-N-2019/00014 | C25: I | D25: 28332 | E25: 2 | F25: CONSUEGRA, SOC. COOP. MAD. | G25: APLICACION PINTURA_x000D_ CHAPISTERIA DE PRECISION, ESTAMPACION Y UTILLAJE | H25: 15354 | I25: 2003 | J25: 105 | K25: MAG181 | L25: PCEAETER | M25: 2800028332 | N25: - | R25: 28154 | S25: 28332 | T25: 50762 | U25: AGC1279 | V25: AGC1279 | W25: 50762 | Z25: 13 | AA25: DE LAS BODEGAS | AF25: 59 | AG25: 28 | AH25: 28140 | AI25: 916201011 | AN25: 15354 | AO25: 059 | AP25: CMNO | AQ25: P | AT25: 456154 | AU25: 4498644 | AV25: 05900266 | AW25: S | AY25: AGC1279 | AZ25: CARGACV | BA25: ESP | BC25: N | BI25: 42531.475 | BK25: 15354 | BL25: F28641553 | BN25: 2 | BQ25: CONSUEGRA, SOC. COOP. MAD. | BS25: 36384 | BU25: 0 | BW25: PRUEBAS6 | BX25: 1 | BZ25: PCEAETER | CA25: 99 | CC25: 39785.71 | CD25: 41339.605 | CH25: ESP | CI25: 28 | CJ25: 059 | CK25: Fuente el Saz de Jarama | CL25: 28 | CM25: 59 | CN25: 0590 | CO25: Fuente el Saz de Jarama | CP25: FUENTE SAZ JARAMA | CQ25: 059
A26: 10-RCOV-00010.4/2009 | D26: 1639 | E26: 1 | F26: MANUEL HIPOLITO PENAS PARDO | G26: ACTIVIDAD : LIMPIEZA EN SECO DE PRENDAS TEXTILES Y DE PIEL RESPONSABLE : MANUEL HIPOLITO PENAS DESCRIPCION : Tinte, limpieza en seco, lavado y planchado de ropas hechas y de prendas y artículos del hogar usados | H26: 1778 | L26: PCEAETER | M26: 2800001639 | N26: LIMPIEZA EN SECO DE PRENDAS TEXTILES Y DE PIEL. TINTE, LIMPIEZA EN SECO, LAVADO Y PLANCHADO DE ROPAS HECHAS Y DE PRENDAS Y ARTÍCULOS DEL HOGAR USADOS | R26: 1639 | S26: 1639 | T26: 3421 | W26: 3421 | Z26: 100 | AA26: DE CAMARENA | AF26: 79 | AG26: 28 | AH26: 28047 | AI26: 917171089 | AL26: 916972000 | AN26: 1778 | AO26: 079 | AP26: CALLE | AQ26: P | AT26: 435774 | AU26: 4471634 | AV26: 07908719 | AW26: S | AZ26: CARGACV | BA26: ESP | BC26: S | BI26: 42530.697 | BK26: 1778 | BL26: 33186496A | BM26: MANUEL | BN26: 1 | BO26: HIPOLITO | BP26: PENAS | BQ26: HIPOLITO PENAS, MANUEL | BS26: 36389 | BU26: 0 | BW26: PRUEBAS6 | BX26: 2 | BZ26: PCEAETER | CA26: 99 | CC26: 39785.71 | CD26: 41339.567 | CH26: ESP | CI26: 28 | CJ26: 079 | CK26: Madrid | CL26: 28 | CM26: 79 | CN26: 0796 | CO26: Madrid | CP26: MADRID | CQ26: 900
A27: 10-RCOV-00260.8/2007 | D27: 55716 | E27: 2 | F27: ALJAVI LAS MATAS, S.L. | G27: LAVANDERÍAS, TINTORERÍAS Y SERVICIOS SIMILARES | H27: 14575 | I27: 2013 | J27: 186 | K27: BDCA-RPP | L27: PCEAETER | M27: 2800055716 | N27: LAVADO, LIMPIEZA Y TEÑIDO DE PRENDAS TEXTILES Y DE PIEL | R27: 57339 | S27: 55716 | T27: 30757 | U27: BDCA-RPP | W27: 30757 | Z27: 3 | AA27: ALEMANES | AF27: 127 | AG27: 28 | AH27: 28290 | AI27: 916368146 | AL27: 916763747 | AN27: 14575 | AO27: 127 | AP27: PASEO | AQ27: P | AT27: 424145 | AU27: 4489487 | AV27: 12700007 | AW27: S | AZ27: CARGACV | BA27: ESP | BC27: S | BI27: 42530.492 | BK27: 14575 | BL27: B83883009 | BN27: 2 | BQ27: ALJAVI LAS MATAS, S.L. | BS27: 38188 | BU27: 0 | BW27: PRUEBAS6 | BX27: 1 | BZ27: PCEAETER | CA27: 99 | CC27: 39785.71 | CD27: 41339.618 | CH27: ESP | CI27: 28 | CJ27: 127 | CK27: Rozas de Madrid, Las | CL27: 28 | CM27: 127 | CN27: 1277 | CO27: Las Rozas de Madrid | CP27: ROZAS MADRID | CQ27: 127
A28: 10-RCOV-00058.8/2007 | D28: 16109 | E28: 1 | F28: MIMO-SEC TINTORERIAS, S.L.L. | G28: ACTIVIDAD : LAVADO, LIMPIEZA Y TEÑIDO DE PRENDAS TEXTILES Y DE PIEL RESPONSABLE : MARIA ISABEL MORENCOS SEPTIEN DESCRIPCION : Lavanderías, tintorerías y servicios similares | H28: 14502 | L28: JBS37 | M28: 2800016109 | N28: LAVADO, LIMPIEZA Y TEÑIDO DE PRENDAS TEXTILES Y DE PIEL. LAVANDERÍAS, TINTORERÍAS Y SERVICIOS SIMILARES | O28: 41444 | P28: CESE DE ACTIVIDAD (10-AURE-2695.4/2013) | R28: 16109 | S28: 16109 | T28: 30614 | W28: 30614 | Z28: 4 | AA28: DE PALO DE ROSA | AF28: 79 | AG28: 28 | AH28: 28005 | AI28: 915397174 | AL28: 916763747 | AN28: 14502 | AO28: 079 | AP28: CALLE | AQ28: P | AT28: 439999 | AU28: 4472695 | AV28: 07945271 | AW28: S | AZ28: CARGACV | BA28: ESP | BC28: S | BI28: 42530.493 | BK28: 14502 | BL28: B83784132 | BN28: 2 | BQ28: MIMO-SEC TINTORERIAS, S.L.L. | BS28: 38421 | BU28: 0 | BW28: PRUEBAS6 | BX28: 1 | BZ28: PCEAETER | CA28: 99 | CC28: 39785.71 | CD28: 41339.619 | CH28: ESP | CI28: 28 | CJ28: 079 | CK28: Madrid | CL28: 28 | CM28: 79 | CN28: 0796 | CO28: Madrid | CP28: MADRID | CQ28: 900
A29: 10-RCOV-00383.0/2007 | D29: 16126 | E29: 1 | F29: VILLANUEVA LAVASEC, S.L. (TINTORERIA 5 A SEC) | G29: ACTIVIDAD : LAVADO, LIMPIEZA Y TEÑIDO DE PRENDAS TEXTILES Y DE PIEL RESPONSABLE : JOSE MARIA REQUENA OREJANA DESCRIPCION : TINTE, LIMPIEZA EN SECO, LAVADO Y PLANCHADO DE ROPAS HECHAS Y DE PRENDAS Y ARTÍCULOS DEL HOGAR USADOS. AHORA SEGUN 10-INS-253.1/2013 ES LIMPIOYARREGLADO, S.L.U. (CIF B86316338) | H29: 14519 | I29: 2013 | J29: 159 | L29: AGC1279 | M29: 2800016126 | N29: LAVADO, LIMPIEZA Y TEÑIDO DE PRENDAS TEXTILES Y DE PIEL. TINTE, LIMPIEZA EN SECO, LAVADO Y PLANCHADO DE ROPAS HECHAS Y DE PRENDAS Y ARTÍCULOS DEL HOGAR USADOS | R29: 16126 | S29: 16126 | T29: 30648 | W29: 30648 | Z29: 70 | AA29: JUAN CARLOS I | AF29: 177 | AG29: 28 | AH29: 28229 | AI29: 916361398 | AL29: 916763747 | AN29: 14519 | AO29: 177 | AP29: AVDA | AQ29: P | AT29: 418357 | AU29: 4483195 | AV29: 177A0048 | AW29: S | AX29: LOCAL | AZ29: CARGACV | BA29: ESP | BC29: N | BI29: 42530.492 | BK29: 14519 | BL29: B83799379 | BN29: 2 | BQ29: VILLANUEVA LAVASEC, S.L. (TINTORERIA 5 A SEC) | BS29: 38092 | BU29: 0 | BW29: PRUEBAS6 | BX29: 1 | BZ29: PCEAETER | CA29: 99 | CC29: 39785.71 | CD29: 41339.619 | CH29: ESP | CI29: 28 | CJ29: 177 | CK29: Villanueva del Pardillo | CL29: 28 | CM29: 177 | CN29: 1776 | CO29: Villanueva del Pardillo | CP29: VILLANUEVA PARDILLO | CQ29: 177
A30: 10-RCOV-00450.3/2007 | B30: 28-APCA-N-2014/00686 | C30: I | D30: 1486 | E30: 1 | F30: Mª CARMEN MARTIN JURADO (DON TINTE) | G30: ACTIVIDAD : LAVADO, LIMPIEZA Y TEÑIDO DE PRENDAS TEXTILES Y DE PIEL RESPONSABLE : Mª CARMEN MARTIN JURADO DESCRIPCION : Tinte, limpieza en seco, lavado y planchado de ropas hechas y de prendas y artículos del hogar usados | H30: 1630 | L30: PCEAETER | M30: 2800001486 | N30: LAVADO, LIMPIEZA Y TEÑIDO DE PRENDAS TEXTILES Y DE PIEL. TINTE, LIMPIEZA EN SECO, LAVADO Y PLANCHADO DE ROPAS HECHAS Y DE PRENDAS Y ARTÍCULOS DEL HOGAR USADOS | R30: 1486 | S30: 1486 | T30: 3120 | W30: 3120 | Z30: 25 | AA30: DE VIÑUELAS | AF30: 903 | AG30: 28 | AH30: 28760 | AI30: 918040281 | AL30: 914770255 | AN30: 1630 | AO30: 903 | AP30: AVDA | AQ30: P | AT30: 440484 | AU30: 4494208 | AV30: 90300111 | AW30: S | AZ30: CARGACV | BA30: ESP | BC30: S | BI30: 42530.699 | BK30: 1630 | BL30: 02855362G | BM30: MARIA DEL CARMEN | BN30: 1 | BO30: MARTIN | BP30: JURADO | BQ30: MARTIN JURADO, MARIA DEL CARMEN | BS30: 37862 | BU30: 0 | BW30: PRUEBAS6 | BX30: 2 | BZ30: PCEAETER | CA30: 99 | CC30: 39785.71 | CD30: 41339.568 | CH30: ESP | CI30: 28 | CJ30: 903 | CK30: Tres Cantos | CL30: 28 | CM30: 903 | CN30: 9036 | CO30: Tres Cantos | CP30: TRES CANTOS | CQ30: 184
A31: 10-RCOV-00039.5/2007 | D31: 352 | E31: 1 | F31: ATANASIO ALONSO PEÑA | G31: ACTIVIDAD : LAVADO, LIMPIEZA Y TEÑIDO DE PRENDAS TEXTILES Y DE PIEL RESPONSABLE : ATANASIO ALONSO PEÑA DESCRIPCION : Tinte, limpieza en seco, lavado y planchado de ropas hechas y de prendas y artículos del hogar usados | H31: 522 | L31: PCEAETER | M31: 2800000352 | N31: LAVADO, LIMPIEZA Y TEÑIDO DE PRENDAS TEXTILES Y DE PIEL. TINTE, LIMPIEZA EN SECO, LAVADO Y PLANCHADO DE ROPAS HECHAS Y DE PRENDAS Y ARTÍCULOS DEL HOGAR USADOS | R31: 352 | S31: 352 | T31: 878 | W31: 878 | Z31: 37 | AA31: DE SANTA SUSANA | AF31: 79 | AG31: 28 | AH31: 28033 | AI31: 917630434 | AL31: 916175314 | AN31: 522 | AO31: 079 | AP31: CALLE | AQ31: P | AT31: 445151 | AU31: 4481010 | AV31: 07909017 | AW31: S | AZ31: CARGACV | BA31: ESP | BC31: S | BI31: 42531.365 | BK31: 522 | BL31: 13090301N | BM31: ATANASIO | BN31: 1 | BO31: ALONSO | BP31: PEÑA | BQ31: ALONSO PEÑA, ATANASIO | BS31: 36378 | BU31: 0 | BW31: PRUEBAS6 | BX31: 2 | BZ31: PCEAETER | CA31: 99 | CC31: 39785.71 | CD31: 41339.582 | CH31: ESP | CI31: 28 | CJ31: 079 | CK31: Madrid | CL31: 28 | CM31: 79 | CN31: 0796 | CO31: Madrid | CP31: MADRID | CQ31: 900
A32: 10-RCOV-00465.1/2007 | B32: 28-APCA-N-2014/00700 | C32: I | D32: 16882 | E32: 1 | F32: TINTE SAN FERNANDO, C.B. | G32: ACTIVIDAD : LIMPIEZA EN SECO DE PRENDAS DE VESTIR RESPONSABLE : EMILIANA GARCIA PAMPLIEGA DESCRIPCION : | H32: 15252 | L32: PCEAETER | M32: 2800016882 | N32: LIMPIEZA EN SECO DE PRENDAS DE VESTIR. | R32: 16882 | S32: 16882 | T32: 32137 | W32: 32137 | Z32: 18 | AA32: DE RAMÓN Y CAJAL | AF32: 130 | AG32: 28 | AH32: 28830 | AI32: 916710548 | AL32: 913804587 | AN32: 15252 | AO32: 130 | AP32: CALLE | AQ32: P | AT32: 454516 | AU32: 4475228 | AV32: 13000075 | AW32: S | AZ32: CARGACV | BA32: ESP | BC32: S | BI32: 42531.373 | BK32: 15252 | BL32: E82866732 | BN32: 2 | BQ32: TINTE SAN FERNANDO, C.B. | BS32: 36161 | BU32: 0 | BW32: PRUEBAS6 | BX32: 1 | BZ32: PCEAETER | CA32: 99 | CC32: 39785.71 | CD32: 41339.607 | CH32: ESP | CI32: 28 | CJ32: 130 | CK32: San Fernando de Henares | CL32: 28 | CM32: 130 | CN32: 1300 | CO32: San Fernando de Henares | CP32: SAN FERNANDO HENARES | CQ32: 130
A33: 10-RCOV-00059.0/2007 | B33: 28-APCA-N-2014/00363 | C33: I | D33: 308 | E33: 1 | F33: JOSE BLANCO BLANCO (TINTE LOS AMERICANOS) | G33: ACTIVIDAD : LAVADO, LIMPIEZA Y TEÑIDO DE PRENDAS TEXTILES DE PIEL RESPONSABLE : JOSE BLANCO BLANCO DESCRIPCION : Tinte, limpieza en seco, lavado y planchado de ropas hechas y de prendas y artículos del hogar usados | H33: 479 | L33: PCEAETER | M33: 2800000308 | N33: LAVADO, LIMPIEZA Y TEÑIDO DE PRENDAS TEXTILES DE PIEL. TINTE, LIMPIEZA EN SECO, LAVADO Y PLANCHADO DE ROPAS HECHAS Y DE PRENDAS Y ARTÍCULOS DEL HOGAR USADOS | R33: 308 | S33: 308 | T33: 791 | W33: 791 | Z33: 4 | AA33: DE CANILLAS | AF33: 79 | AG33: 28 | AH33: 28002 | AI33: 915610811 | AL33: 916392546 | AN33: 479 | AO33: 079 | AP33: CALLE | AQ33: P | AT33: 442514 | AU33: 4476820 | AV33: 07901033 | AW33: S | AZ33: CARGACV | BA33: ESP | BC33: S | BI33: 42531.365 | BK33: 479 | BL33: 00001241E | BM33: JOSE | BN33: 1 | BO33: BLANCO | BP33: BLANCO | BQ33: BLANCO BLANCO, JOSE | BS33: 37704 | BU33: 0 | BW33: PRUEBAS6 | BX33: 2 | BZ33: PCEAETER | CA33: 99 | CC33: 39785.71 | CD33: 41339.583 | CH33: ESP | CI33: 28 | CJ33: 079 | CK33: Madrid | CL33: 28 | CM33: 79 | CN33: 0796 | CO33: Madrid | CP33: MADRID | CQ33: 900
A34: 10-RCOV-00168.4/2007 | B34: 28-APCA-N-2014/00464 | C34: I | D34: 16856 | E34: 1 | F34: TINTORERIA GELA, C.B. | G34: ACTIVIDAD : LAVADO, LIMPIEZA Y TEÑIDO DE PRENDAS TEXTILES Y DE PIEL RESPONSABLE : ANTONIO NAVAS LEON DESCRIPCION : Tinte, limpieza en seco, lavado y planchado de ropas hechas y de prendas y artículos del hogar usados | H34: 15226 | L34: PCEAETER | M34: 2800016856 | N34: LAVADO, LIMPIEZA Y TEÑIDO DE PRENDAS TEXTILES Y DE PIEL. TINTE, LIMPIEZA EN SECO, LAVADO Y PLANCHADO DE ROPAS HECHAS Y DE PRENDAS Y ARTÍCULOS DEL HOGAR USADOS | R34: 16856 | S34: 16856 | T34: 32085 | W34: 32085 | Z34: 54 | AA34: DE LA REINA VICTORIA | AF34: 79 | AG34: 28 | AH34: 28003 | AI34: 915332549 | AL34: 918955025 | AN34: 15226 | AO34: 079 | AP34: AVDA | AQ34: P | AT34: 439606 | AU34: 4477577 | AV34: 07905140 | AW34: S | AZ34: CARGACV | BA34: ESP | BC34: S | BI34: 42531.373 | BK34: 15226 | BL34: E82526021 | BN34: 2 | BQ34: TINTORERIA GELA, C.B. | BS34: 37840 | BU34: 0 | BW34: PRUEBAS6 | BX34: 1 | BZ34: PCEAETER | CA34: 99 | CC34: 39785.71 | CD34: 41339.608 | CH34: ESP | CI34: 28 | CJ34: 079 | CK34: Madrid | CL34: 28 | CM34: 79 | CN34: 0796 | CO34: Madrid | CP34: MADRID | CQ34: 900
A35: 10-RCOV-00255.2/2007 | D35: 16745 | E35: 1 | F35: ECO-SEC, C.B. | G35: ACTIVIDAD : LAVADO, LIMPIEZA Y TEÑIDO DE PRENDAS TEXTILES Y DE PIEL RESPONSABLE : GREGORIO MANCEBO SAN JULIAN DESCRIPCION : Tinte, limpieza en seco, lavado y planchado de ropas hechas y de prendas y artículos del hogar usados | H35: 15121 | L35: PCEAETER | M35: 2800016745 | N35: LAVADO, LIMPIEZA Y TEÑIDO DE PRENDAS TEXTILES Y DE PIEL. TINTE, LIMPIEZA EN SECO, LAVADO Y PLANCHADO DE ROPAS HECHAS Y DE PRENDAS Y ARTÍCULOS DEL HOGAR USADOS | R35: 16745 | S35: 16745 | T35: 31869 | W35: 31869 | Z35: 5 | AA35: DEL QUINCE DE MAYO | AF35: 79 | AG35: 28 | AH35: 28019 | AI35: 917750313 | AL35: 916094810 | AN35: 15121 | AO35: 079 | AP35: PASEO | AQ35: P | AT35: 439102 | AU35: 4472114 | AV35: 07905047 | AW35: S | AZ35: CARGACV | BA35: ESP | BC35: S | BI35: 42531.375 | BK35: 15121 | BL35: E81494965 | BN35: 2 | BQ35: ECO-SEC, C.B. | BS35: 36383 | BU35: 0 | BW35: PRUEBAS6 | BX35: 1 | BZ35: PCEAETER | CA35: 99 | CC35: 39785.71 | CD35: 41339.609 | CH35: ESP | CI35: 28 | CJ35: 079 | CK35: Madrid | CL35: 28 | CM35: 79 | CN35: 0796 | CO35: Madrid | CP35: MADRID | CQ35: 900
A36: 10-RCOV-00016.7/2007 | D36: 1361 | E36: 1 | F36: RICARDO BLANCO HERVELLA | G36: ACTIVIDAD : LIMPIEZA EN SECO DE PRENDAS TEXTILES Y DE PIEL RESPONSABLE : RICARDO BLANCO HERVELLA DESCRIPCION : Tinte, limpieza en seco, lavado y planchado de ropas hechas y de prendas y artículos del hogar usados | H36: 1507 | L36: PCEAETER | M36: 2800001361 | N36: LIMPIEZA EN SECO DE PRENDAS TEXTILES Y DE PIEL. TINTE, LIMPIEZA EN SECO, LAVADO Y PLANCHADO DE ROPAS HECHAS Y DE PRENDAS Y ARTÍCULOS DEL HOGAR USADOS | R36: 1361 | S36: 1361 | T36: 2872 | W36: 2872 | Z36: 10 | AA36: DE BAYONA | AF36: 79 | AG36: 28 | AH36: 28028 | AI36: 913551168 | AL36: 915436457 | AN36: 1507 | AO36: 079 | AP36: CALLE | AQ36: P | AT36: 443816 | AU36: 4476641 | AV36: 07900762 | AW36: S | AZ36: CARGACV | BA36: ESP | BC36: S | BI36: 42530.7 | BK36: 1507 | BL36: 02698946B | BM36: RICARDO | BN36: 1 | BO36: BLANCO | BP36: HERVELLA | BQ36: BLANCO HERVELLA, RICARDO | BS36: 36382 | BU36: 0 | BW36: PRUEBAS6 | BX36: 2 | BZ36: PCEAETER | CA36: 99 | CC36: 39785.71 | CD36: 41339.57 | CH36: ESP | CI36: 28 | CJ36: 079 | CK36: Madrid | CL36: 28 | CM36: 79 | CN36: 0796 | CO36: Madrid | CP36: MADRID | CQ36: 900
A37: 10-RCOV-00075.0/2007 | B37: 28-APCA-N-2014/00383 | C37: I | D37: 1295 | E37: 1 | F37: FERNANDO MUÑOZ GARCIA (TINTORERIA POZUELO) | G37: ACTIVIDAD : LAVADO, LIMPIEZA Y TEÑIDO DE PRENDAS TEXTILES Y DE PIEL RESPONSABLE : FERNANDO MUÑOZ GARCIA DESCRIPCION : Tinte, limpieza en seco, lavado y planchado de ropas hechas y de prendas y artículos del hogar usados | H37: 1441 | L37: PCEAETER | M37: 2800001295 | N37: LAVADO, LIMPIEZA Y TEÑIDO DE PRENDAS TEXTILES Y DE PIEL. TINTE, LIMPIEZA EN SECO, LAVADO Y PLANCHADO DE ROPAS HECHAS Y DE PRENDAS Y ARTÍCULOS DEL HOGAR USADOS | R37: 1295 | S37: 1295 | T37: 2740 | W37: 2740 | Z37: 2 | AA37: FLORES | AF37: 115 | AG37: 28 | AH37: 28223 | AI37: 913527308 | AL37: 913141141 | AN37: 1441 | AO37: 115 | AP37: CALLE | AQ37: P | AT37: 431047 | AU37: 4476422 | AV37: 115A0284 | AW37: S | AZ37: CARGACV | BA37: ESP | BC37: S | BI37: 42530.701 | BK37: 1441 | BL37: 02621427W | BM37: FERNANDO | BN37: 1 | BO37: MUÑOZ | BP37: GARCIA | BQ37: MUÑOZ GARCIA, FERNANDO | BS37: 38063 | BU37: 0 | BW37: PRUEBAS6 | BX37: 2 | BZ37: PCEAETER | CA37: 99 | CC37: 39785.71 | CD37: 41339.571 | CH37: ESP | CI37: 28 | CJ37: 115 | CK37: Pozuelo de Alarcón | CL37: 28 | CM37: 115 | CN37: 1150 | CO37: Pozuelo de Alarcón | CP37: POZUELO ALARCÓN | CQ37: 115
A38: 10-RCOV-00253.0/2007 | D38: 143 | E38: 1 | F38: FERNANDO SANCHEZ MELLADO (TINTORERIA MAVI) | G38: ACTIVIDAD : LAVADO, LIMPIEZA Y TEÑIDO DE PRENDAS TEXTILES Y DE PIEL RESPONSABLE : FERNANDO SANCHEZ MELLADO DESCRIPCION : Tinte, limpieza en seco, lavado y planchado de ropas hechas y de prendas y artículos del hogar usados | H38: 319 | L38: PCEAETER | M38: 2800000143 | N38: LAVADO, LIMPIEZA Y TEÑIDO DE PRENDAS TEXTILES Y DE PIEL. TINTE, LIMPIEZA EN SECO, LAVADO Y PLANCHADO DE ROPAS HECHAS Y DE PRENDAS Y ARTÍCULOS DEL HOGAR USADOS | R38: 143 | S38: 143 | T38: 466 | W38: 466 | Z38: 33 | AA38: DE NUESTRA SEÑORA DE FÁTIMA | AF38: 79 | AG38: 28 | AH38: 28047 | AI38: 914619638 | AL38: 915093768 | AN38: 319 | AO38: 079 | AP38: AVDA | AQ38: P | AT38: 436685 | AU38: 4470757 | AV38: 07904338 | AW38: S | AZ38: CARGACV | BA38: ESP | BC38: S | BI38: 42531.368 | BK38: 319 | BL38: 00113071A | BM38: FERNANDO | BN38: 1 | BO38: SANCHEZ | BP38: MELLADO | BQ38: SANCHEZ MELLADO, FERNANDO | BS38: 37706 | BU38: 0 | BW38: PRUEBAS6 | BX38: 2 | BZ38: PCEAETER | CA38: 99 | CC38: 39785.71 | CD38: 41339.585 | CH38: ESP | CI38: 28 | CJ38: 079 | CK38: Madrid | CL38: 28 | CM38: 79 | CN38: 0796 | CO38: Madrid | CP38: MADRID | CQ38: 900
A39: 10-RCOV-00129.6/2007 | D39: 16653 | E39: 2 | F39: TINTORERIAS EL BARCO, C.B. | G39: ACTIVIDAD : LAVADO, LIMPIEZA Y TEÑIDO DE PRENDAS TEXTILES Y DE PIEL RESPONSABLE : JOSE IZQUIERDO DESCRIPCION : Tinte, limpieza en seco, lavado y planchado de ropas hechas y de prendas y artículos del hogar usados | H39: 15033 | L39: PCEAETER | M39: 2800016653 | N39: LAVADO, LIMPIEZA Y TEÑIDO DE PRENDAS TEXTILES Y DE PIEL. TINTE, LIMPIEZA EN SECO, LAVADO Y PLANCHADO DE ROPAS HECHAS Y DE PRENDAS Y ARTÍCULOS DEL HOGAR USADOS | R39: 16653 | S39: 16653 | T39: 31689 | W39: 31689 | Z39: 3 | AA39: DE PEDRO LABORDE | AF39: 79 | AG39: 28 | AH39: 28038 | AI39: 913031305 | AL39: 918130786 | AM39: TINTORERIASELBARCO2@GMAIL.COM | AN39: 15033 | AO39: 079 | AP39: CALLE | AQ39: P | AT39: 445093 | AU39: 4471227 | AV39: 07904619 | AW39: S | AZ39: PFF20 | BA39: ESP | BC39: S | BI39: 44840 | BK39: 15033 | BL39: E80498389 | BN39: 2 | BQ39: TINTORERIAS EL BARCO, C.B. | BS39: 37482 | BU39: 0 | BW39: PRUEBAS6 | BX39: 1 | BZ39: PCEAETER | CA39: 99 | CC39: 39785.71 | CD39: 41339.61 | CH39: ESP | CI39: 28 | CJ39: 079 | CK39: Madrid | CL39: 28 | CM39: 79 | CN39: 0796 | CO39: Madrid | CP39: MADRID | CQ39: 900
A40: 10-RCOV-00105.7/2007 | B40: 28-APCA-N-2014/00407 | C40: I | D40: 16652 | E40: 1 | F40: TINTORERIAS EL BARCO, C.B. | G40: ACTIVIDAD : LAVADO, LIMPIEZA Y TEÑIDO DE PRENDAS TEXTILES Y DE PIEL RESPONSABLE : SANTIAGO IZQUIERDO DESCRIPCION : Tinte, limpieza en seco, lavado y planchado de ropas hechas y de prendas y artículos del hogar usados | H40: 15033 | L40: PCEAETER | M40: 2800016652 | N40: LAVADO, LIMPIEZA Y TEÑIDO DE PRENDAS TEXTILES Y DE PIEL. TINTE, LIMPIEZA EN SECO, LAVADO Y PLANCHADO DE ROPAS HECHAS Y DE PRENDAS Y ARTÍCULOS DEL HOGAR USADOS | R40: 16652 | S40: 16652 | T40: 53223 | W40: 53223 | Z40: 25 | AA40: DEL RÍO DE LA PLATA | AF40: 79 | AG40: 28 | AH40: 28018 | AI40: 913031305 | AM40: TINTORERIASELBARCO2@GMAIL.COM | AN40: 15033 | AO40: 079 | AP40: CALLE | AQ40: P | AT40: 444726 | AU40: 4470881 | AV40: 07940063 | AW40: S | AY40: ABH9 | AZ40: PFF20 | BA40: ESP | BC40: N | BI40: 44840 | BK40: 15033 | BL40: E80498389 | BN40: 2 | BQ40: TINTORERIAS EL BARCO, C.B. | BS40: 37482 | BU40: 0 | BW40: PRUEBAS6 | BX40: 1 | BZ40: PCEAETER | CA40: 99 | CC40: 39785.71 | CD40: 41339.61 | CH40: ESP | CI40: 28 | CJ40: 079 | CK40: Madrid | CL40: 28 | CM40: 79 | CN40: 0796 | CO40: Madrid | CP40: MADRID | CQ40: 900
A41: 10-RCOV-00054.5/2010 | B41: 28-APCA-N-2014/00714 | C41: I | D41: 1185 | E41: 1 | F41: JUAN JOSE CUBERO PESQUERO | G41: ACTIVIDAD : LIMPIEZA EN SECO DE PRENDAS TEXTILES Y PIELES RESPONSABLE : JUAN JOSE CUBERO PESQUERO DESCRIPCION : Tinte, limpieza en seco, lavado y planchado de ropas hechas y de prendas y artículos del hogar usados | H41: 1331 | L41: PCEAETER | M41: 2800001185 | N41: LIMPIEZA EN SECO DE PRENDAS TEXTILES Y PIELES. TINTE, LIMPIEZA EN SECO, LAVADO Y PLANCHADO DE ROPAS HECHAS Y DE PRENDAS Y ARTÍCULOS DEL HOGAR USADOS | R41: 1185 | S41: 1185 | T41: 2520 | W41: 2520 | Z41: 11 | AA41: DE PINAR DEL REY | AF41: 79 | AG41: 28 | AH41: 28033 | AI41: 917666411 | AL41: 915076115 | AN41: 1331 | AO41: 079 | AP41: CALLE | AQ41: P | AT41: 444679 | AU41: 4480136 | AV41: 07904804 | AW41: S | AZ41: CARGACV | BA41: ESP | BC41: S | BI41: 42530.703 | BK41: 1331 | BL41: 02506045B | BM41: JUAN | BN41: 1 | BO41: JOSE | BP41: CUBERO | BQ41: JOSE CUBERO, JUAN | BS41: 36941 | BU41: 0 | BW41: PRUEBAS6 | BX41: 2 | BZ41: PCEAETER | CA41: 99 | CC41: 39785.71 | CD41: 41339.572 | CH41: ESP | CI41: 28 | CJ41: 079 | CK41: Madrid | CL41: 28 | CM41: 79 | CN41: 0796 | CO41: Madrid | CP41: MADRID | CQ41: 900
A42: 10-RCOV-00021.4/2007 | B42: 28-APCA-N-2014/00304 | C42: I | D42: 1200 | E42: 1 | F42: VICENTE GOMEZ ZARZALEJO (TINTE MAS) | G42: ACTIVIDAD : LAVADO, LIMPIEZA Y TEÑIDO DE PRENDAS TEXTILES Y DE PIEL RESPONSABLE : VICENTE GOMEZ ZARZALEJO DESCRIPCION : Tinte, limpieza en seco, lavado y planchado de ropas hechas y de prendas y artículos del hogar usados | H42: 1345 | L42: PCEAETER | M42: 2800001200 | N42: LAVADO, LIMPIEZA Y TEÑIDO DE PRENDAS TEXTILES Y DE PIEL . TINTE, LIMPIEZA EN SECO, LAVADO Y PLANCHADO DE ROPAS HECHAS Y DE PRENDAS Y ARTÍCULOS DEL HOGAR USADOS | R42: 1200 | S42: 1200 | T42: 2549 | W42: 2549 | Z42: 6 | AA42: DE ANTONIO LÓPEZ | AF42: 79 | AG42: 28 | AH42: 28019 | AI42: 915609244 | AL42: 917429704 | AN42: 1345 | AO42: 079 | AP42: CALLE | AQ42: P | AT42: 439395 | AU42: 4472050 | AV42: 07900461 | AW42: S | AZ42: CARGACV | BA42: ESP | BC42: S | BI42: 42530.702 | BK42: 1345 | BL42: 25128136S | BM42: VICENTE | BN42: 1 | BO42: GOMEZ | BP42: ZARZALEJO | BQ42: GOMEZ ZARZALEJO, VICENTE | BS42: 37581 | BU42: 0 | BW42: PRUEBAS6 | BX42: 2 | BZ42: PCEAETER | CA42: 99 | CC42: 39785.71 | CD42: 41339.572 | CH42: ESP | CI42: 28 | CJ42: 079 | CK42: Madrid | CL42: 28 | CM42: 79 | CN42: 0796 | CO42: Madrid | CP42: MADRID | CQ42: 900
A43: 10-RCOV-00065.7/2007 | D43: 117 | E43: 1 | F43: JOSE ANTONIO PEREZ BENITO (TINTORERIAS EL RAPIDO) | G43: ACTIVIDAD : LAVADO, LIMPIEZA Y TEÑIDO DE PRENDAS TEXTILES Y DE PIEL RESPONSABLE : JOSE A. PEREZ BENITO DESCRIPCION : Tinte, limpieza en seco, lavado y planchado de ropas hechas y de prendas y artículos del hogar usados | H43: 292 | L43: PCEAETER | M43: 2800000117 | N43: LAVADO, LIMPIEZA Y TEÑIDO DE PRENDAS TEXTILES Y DE PIEL. TINTE, LIMPIEZA EN SECO, LAVADO Y PLANCHADO DE ROPAS HECHAS Y DE PRENDAS Y ARTÍCULOS DEL HOGAR USADOS | R43: 117 | S43: 117 | T43: 413 | W43: 413 | Z43: 51 | AA43: DE ANTONIO LÓPEZ | AF43: 79 | AG43: 28 | AH43: 28019 | AI43: 914694617 | AL43: 917110471 | AN43: 292 | AO43: 079 | AP43: CALLE | AQ43: P | AT43: 439747 | AU43: 4471866 | AV43: 07900461 | AW43: S | AZ43: CARGACV | BA43: ESP | BC43: S | BI43: 42531.368 | BK43: 292 | BL43: 01101471R | BM43: JOSE ANTONIO | BN43: 1 | BO43: PEREZ | BP43: BENITO | BQ43: PEREZ BENITO, JOSE ANTONIO | BS43: 37482 | BU43: 0 | BW43: PRUEBAS6 | BX43: 2 | BZ43: PCEAETER | CA43: 99 | CC43: 39785.71 | CD43: 41339.586 | CH43: ESP | CI43: 28 | CJ43: 079 | CK43: Madrid | CL43: 28 | CM43: 79 | CN43: 0796 | CO43: Madrid | CP43: MADRID | CQ43: 900
A44: 10-RCOV-00079.4/2007 | D44: 23 | E44: 1 | F44: ALFONSO PEREZ SANTALLA (TINTE EUROPA) | G44: ACTIVIDAD : LAVADO, LIMPIEZA EN SECO DE PRENDAS TEXTILES Y DE PIEL RESPONSABLE : ALFONSO PEREZ SANTALLA DESCRIPCION : Tinte, limpieza en seco, lavado y planchado de ropas hechas y de prendas y artículos del hogar usados | H44: 202 | L44: JBS37 | M44: 2800000023 | N44: LAVADO, LIMPIEZA EN SECO DE PRENDAS TEXTILES Y DE PIEL. TINTE, LIMPIEZA EN SECO, LAVADO Y PLANCHADO DE ROPAS HECHAS Y DE PRENDAS Y ARTÍCULOS DEL HOGAR USADOS | O44: 41512 | P44: CAMBIO TITULAR (46867978G; 10-AURE-2408.1/2013) | R44: 23 | S44: 23 | T44: 229 | W44: 229 | Z44: 93 | AA44: DEL GENERAL PARDIÑAS | AF44: 79 | AG44: 28 | AH44: 28006 | AI44: 915621825 | AN44: 202 | AO44: 079 | AP44: CALLE | AQ44: P | AT44: 442508 | AU44: 4476376 | AV44: 07902517 | AW44: S | AZ44: CARGACV | BA44: ESP | BC44: S | BI44: 42531.369 | BK44: 202 | BL44: 10017974W | BM44: ALFONSO | BN44: 1 | BO44: PEREZ | BP44: SANTALLA | BQ44: PEREZ SANTALLA, ALFONSO | BS44: 36319 | BU44: 0 | BW44: PRUEBAS6 | BX44: 2 | BZ44: PCEAETER | CA44: 99 | CC44: 39785.71 | CD44: 41339.586 | CH44: ESP | CI44: 28 | CJ44: 079 | CK44: Madrid | CL44: 28 | CM44: 79 | CN44: 0796 | CO44: Madrid | CP44: MADRID | CQ44: 900
A45: 10-RCOV-00040.4/2008 | D45: 16666 | E45: 1 | F45: GACELA PIEL, C.B. | G45: ACTIVIDAD : LAVADO, LIMPIEZA EN SECO DE PRENDAS TEXTILES Y DE PIEL RESPONSABLE : CARLOS VIDAL MOROSINI DESCRIPCION : Tinte, limpieza en seco, lavado y planchado de ropas hechas y de prendas y artículos del hogar usados | H45: 15046 | I45: 2013 | J45: 129 | L45: JBS37 | M45: 2800016666 | N45: LAVADO, LIMPIEZA EN SECO DE PRENDAS TEXTILES Y DE PIEL. TINTE, LIMPIEZA EN SECO, LAVADO Y PLANCHADO DE ROPAS HECHAS Y DE PRENDAS Y ARTÍCULOS DEL HOGAR USADOS | R45: 16666 | S45: 16666 | T45: 31715 | W45: 31715 | Z45: 3 | AA45: DE LA SIERRA DE ALBARRACÍN | AF45: 130 | AG45: 28 | AH45: 28830 | AI45: 916779100 | AL45: 916636869 | AN45: 15046 | AO45: 130 | AP45: CALLE | AQ45: P | AT45: 456819 | AU45: 4477961 | AV45: 13010013 | AW45: S | AZ45: CARGACV | BA45: ESP | BC45: S | BI45: 42531.376 | BK45: 15046 | BL45: E80729577 | BN45: 2 | BQ45: GACELA PIEL, C.B. | BS45: 36290 | BU45: 0 | BW45: PRUEBAS6 | BX45: 1 | BZ45: PCEAETER | CA45: 99 | CC45: 39785.71 | CD45: 41339.61 | CH45: ESP | CI45: 28 | CJ45: 130 | CK45: San Fernando de Henares | CL45: 28 | CM45: 130 | CN45: 1300 | CO45: San Fernando de Henares | CP45: SAN FERNANDO HENARES | CQ45: 130
A46: 10-RCOV-00419.4/2007 | B46: 28-APCA-N-2014/00595 | C46: I | D46: 16672 | E46: 1 | F46: TINTORERIA LOS GEMELOS, C.B. | G46: ACTIVIDAD : LIMPIEZA EN SECO DE PRENDAS TEXTILES Y PIEL RESPONSABLE : GILBERTO FERNANDEZ DIEGUEZ DESCRIPCION : Tinte, limpieza en seco, lavado y planchado de ropas hechas y de prendas y artículos del hogar usados | H46: 15051 | L46: PCEAETER | M46: 2800016672 | N46: LIMPIEZA EN SECO DE PRENDAS TEXTILES Y PIEL. TINTE, LIMPIEZA EN SECO, LAVADO Y PLANCHADO DE ROPAS HECHAS Y DE PRENDAS Y ARTÍCULOS DEL HOGAR USADOS | R46: 16672 | S46: 16672 | T46: 31726 | W46: 31726 | Z46: 131 | AA46: DE SANTA ENGRACIA | AF46: 79 | AG46: 28 | AH46: 28003 | AI46: 914421574 | AL46: 917861805 | AN46: 15051 | AO46: 079 | AP46: CALLE | AQ46: P | AT46: 440454 | AU46: 4477089 | AV46: 07903075 | AW46: S | AZ46: CARGACV | BA46: ESP | BC46: S | BI46: 42531.376 | BK46: 15051 | BL46: E80767361 | BN46: 2 | BQ46: TINTORERIA LOS GEMELOS, C.B. | BS46: 36161 | BU46: 0 | BW46: PRUEBAS6 | BX46: 1 | BZ46: PCEAETER | CA46: 99 | CC46: 39785.71 | CD46: 41339.61 | CH46: ESP | CI46: 28 | CJ46: 079 | CK46: Madrid | CL46: 28 | CM46: 79 | CN46: 0796 | CO46: Madrid | CP46: MADRID | CQ46: 900
A47: 10-RCOV-00367.0/2007 | D47: 989 | E47: 1 | F47: MARIA A. VILLALONGA GALVEZ | G47: ACTIVIDAD : LAVADO, LIMPIEZA Y TEÑIDO DE PRENDAS TEXTILES Y DE PIEL RESPONSABLE : MEDIO AMBIENTE CASTRO, S.L. DESCRIPCION : Tinte, limpieza en seco, lavado y planchado de ropas hechas y de prendas y artículos del hogar usados | H47: 1142 | L47: PCEAETER | M47: 2800000989 | N47: LAVADO, LIMPIEZA Y TEÑIDO DE PRENDAS TEXTILES Y DE PIEL. TINTE, LIMPIEZA EN SECO, LAVADO Y PLANCHADO DE ROPAS HECHAS Y DE PRENDAS Y ARTÍCULOS DEL HOGAR USADOS | R47: 989 | S47: 989 | T47: 2135 | W47: 2135 | Z47: 53 | AA47: DE SIMÓN HERNÁNDEZ | AF47: 92 | AG47: 28 | AH47: 28936 | AI47: 916305618 | AL47: 913772002 | AN47: 1142 | AO47: 092 | AP47: CALLE | AQ47: P | AT47: 427554 | AU47: 4463462 | AV47: 092A0354 | AW47: S | AZ47: CARGACV | BA47: ESP | BC47: S | BI47: 42530.705 | BK47: 1142 | BL47: 02191752J | BM47: MARIA ANGELES | BN47: 1 | BO47: VILLALONGA | BP47: GALVEZ | BQ47: VILLALONGA GALVEZ, MARIA ANGELES | BS47: 36476 | BU47: 0 | BW47: PRUEBAS6 | BX47: 2 | BZ47: PCEAETER | CA47: 99 | CC47: 39785.71 | CD47: 41339.575 | CH47: ESP | CI47: 28 | CJ47: 092 | CK47: Móstoles | CL47: 28 | CM47: 92 | CN47: 0920 | CO47: Móstoles | CP47: MÓSTOLES | CQ47: 092
A48: 10-RCOV-00056.3/2008 | D48: 18036 | E48: 1 | F48: ARIE WIM HITZERT (PRESS TO) | G48: ACTIVIDAD : LAVADO, LIMPIEZA Y TEÑIDO DE PRENDAS TEXTILES Y DE PIEL RESPONSABLE : DESCRIPCION : Lavanderías, tintorerías y servicios similares | H48: 16040 | L48: PCEAETER | M48: 2800018036 | N48: LAVADO, LIMPIEZA Y TEÑIDO DE PRENDAS TEXTILES Y DE PIEL. LAVANDERÍAS, TINTORERÍAS Y SERVICIOS SIMILARES | R48: 18036 | S48: 18036 | T48: 34079 | W48: 34079 | Z48: 6 | AA48: DE NUMANCIA | AF48: 79 | AG48: 28 | AH48: 28039 | AI48: 913864744 | AL48: 914744961 | AN48: 16040 | AO48: 079 | AP48: CALLE | AQ48: P | AT48: 439601 | AU48: 4478407 | AV48: 07904369 | AW48: S | AZ48: CARGACV | BA48: ESP | BC48: N | BI48: 42530.466 | BK48: 16040 | BL48: X5113729R | BM48: ARIE | BN48: 1 | BO48: WIM | BP48: HITZERT | BQ48: WIM HITZERT, ARIE | BS48: 38274 | BU48: 0 | BW48: PRUEBAS6 | BX48: 3 | BZ48: PCEAETER | CA48: 99 | CC48: 39785.71 | CD48: 41339.588 | CH48: ESP | CI48: 28 | CJ48: 079 | CK48: Madrid | CL48: 28 | CM48: 79 | CN48: 0796 | CO48: Madrid | CP48: MADRID | CQ48: 900
A49: 10-RCOV-00379.4/2007 | D49: 748 | E49: 1 | F49: JOSE MANUEL CABRERA BLAZQUEZ (TINT. ALVIC) | G49: ACTIVIDAD : LAVADO, LIMPIEZA Y TEÑIDO DE PRENDAS TEXTILES Y DE PIEL RESPONSABLE : JOSE MANUEL CABRERA BLAZQUEZ DESCRIPCION : Tinte, limpieza en seco, lavado y planchado de ropas hechas y de prendas y artículos del hogar usados | H49: 908 | I49: 2013 | J49: 139 | L49: PCEAETER | M49: 2800000748 | N49: LAVADO, LIMPIEZA Y TEÑIDO DE PRENDAS TEXTILES Y DE PIEL. TINTE, LIMPIEZA EN SECO, LAVADO Y PLANCHADO DE ROPAS HECHAS Y DE PRENDAS Y ARTÍCULOS DEL HOGAR USADOS | R49: 748 | S49: 748 | T49: 1660 | W49: 1660 | Z49: 1 | AA49: CANTUESO | AF49: 85 | AG49: 28 | AH49: 28792 | AI49: 918445395 | AL49: 916696545 | AN49: 908 | AO49: 085 | AP49: CALLE | AQ49: P | AT49: 436202 | AU49: 4518049 | AV49: 085A0038 | AW49: S | AZ49: CARGACV | BA49: ESP | BC49: S | BI49: 42531.358 | BK49: 908 | BL49: 01822785N | BM49: JOSE | BN49: 1 | BO49: MANUEL | BP49: CABRERA | BQ49: MANUEL CABRERA, JOSE | BS49: 38090 | BU49: 0 | BW49: PRUEBAS6 | BX49: 2 | BZ49: PCEAETER | CA49: 99 | CC49: 39785.71 | CD49: 41339.577 | CH49: ESP | CI49: 28 | CJ49: 085 | CK49: Miraflores de la Sierra | CL49: 28 | CM49: 85 | CN49: 0856 | CO49: Miraflores de la Sierra | CP49: MIRAFLORES SIERRA | CQ49: 085
A50: 10-RCOV-00321.4/2007 | D50: 16236 | E50: 1 | F50: I'DISPUESTO, S.L. | G50: ACTIVIDAD : LAVADO, LIMPIEZA Y TEÑIDO DE PRENDAS TEXTILES Y DE PIEL RESPONSABLE : PEDRO PABLO MANZANARES HERNANDEZ DESCRIPCION : TINTE, LIMPIEZA EN SECO, LAVADO Y PLANCHADO DE ROPAS HECHAS Y DE PRENDAS Y ARTÍCULOS DEL HOGAR USADOS. LA NUEVA TITULAR ES SONIA GARCIA PASTOR SEGUN EXPEDIENTE 10-INS-507/2012._x000D_ CAMBIO DE TITULAR CON NIF 50975762B. VER EXPEDIENTE 10-INS-507.7/2012. | H50: 14630 | I50: 2012 | J50: 223 | L50: PCEAETER | M50: 2800016236 | N50: LAVADO, LIMPIEZA Y TEÑIDO DE PRENDAS TEXTILES Y DE PIEL. TINTE, LIMPIEZA EN SECO, LAVADO Y PLANCHADO DE ROPAS HECHAS Y DE PRENDAS Y ARTÍCULOS DEL HOGAR USADOS | R50: 16236 | S50: 16236 | T50: 30869 | W50: 30869 | Z50: 3 | AA50: DE PICASSO | AF50: 132 | AG50: 28 | AH50: 28330 | AI50: 918038004 | AL50: 914840657 | AN50: 14630 | AO50: 132 | AP50: CALLE | AQ50: P | AT50: 451393 | AU50: 4451177 | AV50: 13200568 | AW50: S | AZ50: CARGACV | BA50: ESP | BC50: S | BI50: 42530.49 | BK50: 14630 | BL50: B83956474 | BN50: 2 | BQ50: I'DISPUESTO, S.L. | BS50: 38303 | BU50: 0 | BW50: PRUEBAS6 | BX50: 1 | BZ50: PCEAETER | CA50: 99 | CC50: 39785.71 | CD50: 41339.616 | CH50: ESP | CI50: 28 | CJ50: 132 | CK50: San Martín de la Vega | CL50: 28 | CM50: 132 | CN50: 1322 | CO50: San Martín de la Vega | CP50: SAN MARTÍN VEGA | CQ50: 132
A51: 10-RCOV-00002.2/2013 | D51: 16242 | E51: 1 | F51: TINTORERIA RAPIDA ARANJUEZ S.L.U. | G51: ACTIVIDAD : LAVADO, LIMPIEZA Y TEÑIDO DE PRENDAS TEXTILES Y DE PIEL RESPONSABLE : M. CASTRO DESCRIPCION : Tinte, limpieza en seco, lavado y planchado de ropas hechas y de prendas y artículos del hogar usados | H51: 14634 | I51: 2012 | J51: 238 | L51: BENGOA | M51: 2800016242 | N51: LAVADO, LIMPIEZA Y TEÑIDO DE PRENDAS TEXTILES Y DE PIEL. TINTE, LIMPIEZA EN SECO, LAVADO Y PLANCHADO DE ROPAS HECHAS Y DE PRENDAS Y ARTÍCULOS DEL HOGAR USADOS | R51: 16242 | S51: 16242 | T51: 30879 | W51: 30879 | Z51: 15 | AA51: DE VALERAS | AF51: 13 | AG51: 28 | AH51: 28300 | AI51: 918924471 | AL51: 914840657 | AN51: 14634 | AO51: 013 | AP51: CALLE | AQ51: P | AS51: 0 | AT51: 448070 | AU51: 4431405 | AV51: 013A0290 | AW51: S | AZ51: CARGACV | BA51: ESP | BC51: S | BI51: 43028 | BK51: 14634 | BL51: B83960682 | BN51: 2 | BQ51: TINTORERIA RAPIDA ARANJUEZ, S.L.U. | BS51: 36383 | BU51: 0 | BW51: PRUEBAS6 | BX51: 1 | BZ51: PCEAETER | CA51: 99 | CC51: 39785.71 | CD51: 41339.616 | CH51: ESP | CI51: 28 | CJ51: 013 | CK51: Aranjuez | CL51: 28 | CM51: 13 | CN51: 0133 | CO51: Aranjuez | CP51: ARANJUEZ | CQ51: 013
A52: 10-RCOV-00363.5/2007 | B52: 28-APCA-N-2014/00570 | C52: I | D52: 16259 | E52: 1 | F52: MADRIDNORTE SERVICIOS FRANQUICIADOS, S.L. | G52: ACTIVIDAD : LAVADO, LIMPIEZA Y TEÑIDO DE PRENDAS TEXTILES Y DE PIEL RESPONSABLE : BEATRIZ MASJUAN DOMINGO DESCRIPCION : Lavanderías, tintorerías y servicios similares | H52: 14651 | L52: PCEAETER | M52: 2800016259 | N52: LAVADO, LIMPIEZA Y TEÑIDO DE PRENDAS TEXTILES Y DE PIEL. LAVANDERÍAS, TINTORERÍAS Y SERVICIOS SIMILARES | R52: 16259 | S52: 16259 | T52: 30913 | W52: 30913 | Z52: 19 | AA52: VICENTE BLASCO IBAÑEZ | AF52: 79 | AG52: 28 | AH52: 28050 | AI52: 656450041 | AL52: 914840657 | AN52: 14651 | AO52: 079 | AP52: CALLE | AQ52: P | AT52: 444345 | AU52: 4482709 | AV52: 07945987 | AX52: LOCAL 5 | AZ52: PCEA0 | BA52: ESP | BC52: S | BI52: 39785.709 | BK52: 14651 | BL52: B83979773 | BN52: 2 | BQ52: MADRIDNORTE SERVICIOS FRANQUICIADOS, S.L. | BS52: 38285 | BU52: 0 | BW52: PRUEBAS6 | BX52: 1 | BZ52: PCEAETER | CA52: 99 | CC52: 39785.71 | CD52: 41339.617 | CH52: ESP | CI52: 28 | CJ52: 079 | CK52: Madrid | CL52: 28 | CM52: 79 | CN52: 0796 | CO52: Madrid | CP52: MADRID | CQ52: 900
A53: 10-RCOV-00314.5/2007 | D53: 706 | E53: 1 | F53: MANUEL LARA DOMINGUEZ | G53: ACTIVIDAD : LAVADO, LIMPIEZA Y TEÑIDO DE PRENDAS TEXTILES Y DE PIEL RESPONSABLE : MANUEL LARA DOMINGUEZ DESCRIPCION : Tinte, limpieza en seco, lavado y planchado de ropas hechas y de prendas y artículos del hogar usados | H53: 868 | L53: PCEAETER | M53: 2800000706 | N53: LAVADO, LIMPIEZA Y TEÑIDO DE PRENDAS TEXTILES Y DE PIEL. TINTE, LIMPIEZA EN SECO, LAVADO Y PLANCHADO DE ROPAS HECHAS Y DE PRENDAS Y ARTÍCULOS DEL HOGAR USADOS | R53: 706 | S53: 706 | T53: 1578 | W53: 1578 | Z53: 1 | AA53: ONDARRETA | AF53: 7 | AG53: 28 | AH53: 28923 | AI53: 913123248 | AL53: 913324735 | AN53: 868 | AO53: 007 | AP53: PLAZA | AQ53: P | AT53: 430540 | AU53: 4466198 | AV53: 00700129 | AW53: S | AZ53: CARGACV | BA53: ESP | BC53: S | BI53: 42531.359 | BK53: 868 | BL53: 01796177S | BM53: MANUEL | BN53: 1 | BO53: LARA | BP53: DOMINGUEZ | BQ53: LARA DOMINGUEZ, MANUEL | BS53: 36161 | BU53: 0 | BW53: PRUEBAS6 | BX53: 2 | BZ53: PCEAETER | CA53: 99 | CC53: 39785.71 | CD53: 41339.578 | CH53: ESP | CI53: 28 | CJ53: 007 | CK53: Alcorcón | CL53: 28 | CM53: 7 | CN53: 0072 | CO53: Alcorcón | CP53: ALCORCÓN | CQ53: 007
A54: 10-RCOV-00110.4/2007 | D54: 707 | E54: 1 | F54: Mª ANTONIA DE TORO GARRIDO (TINTE EUROPA 2) | G54: ACTIVIDAD : LAVADO, LIMPIEZA Y TEÑIDO DE PRENDAS TEXTILES Y DE PIEL RESPONSABLE : Mª ANTONIA DE TORO GARRIDO DESCRIPCION : Tinte, limpieza en seco, lavado y planchado de ropas hechas y de prendas y artículos del hogar usados | H54: 869 | L54: PCEAETER | M54: 2800000707 | N54: LAVADO, LIMPIEZA Y TEÑIDO DE PRENDAS TEXTILES Y DE PIEL. TINTE, LIMPIEZA EN SECO, LAVADO Y PLANCHADO DE ROPAS HECHAS Y DE PRENDAS Y ARTÍCULOS DEL HOGAR USADOS | R54: 707 | S54: 707 | T54: 1580 | W54: 1580 | Z54: 7 | AA54: MADRID | AF54: 148 | AG54: 28 | AH54: 28850 | AI54: 916564560 | AL54: 913324735 | AN54: 869 | AO54: 148 | AP54: CALLE | AQ54: P | AT54: 459414 | AU54: 4479237 | AV54: 14800144 | AW54: S | AZ54: CARGACV | BA54: ESP | BC54: S | BI54: 42531.359 | BK54: 869 | BL54: 01796831W | BM54: Mª ANTONIA DE | BN54: 1 | BO54: TORO | BP54: GARRIDO | BQ54: TORO GARRIDO, Mª ANTONIA DE | BS54: 37608 | BU54: 0 | BW54: PRUEBAS6 | BX54: 2 | BZ54: PCEAETER | CA54: 99 | CC54: 39785.71 | CD54: 41339.578 | CH54: ESP | CI54: 28 | CJ54: 148 | CK54: Torrejón de Ardoz | CL54: 28 | CM54: 148 | CN54: 1489 | CO54: Torrejón de Ardoz | CP54: TORREJÓN ARDOZ | CQ54: 148
A55: 10-RCOV-00009.0/2010 | B55: 28-APCA-N-2014/00285 | C55: I | D55: 79777 | E55: 2 | F55: TINTORERÍA LAVANDERIA MAICARLO, S.L | H55: 889 | K55: ABH9 | L55: ABH9 | M55: 2800079777 | Q55: 58177 | R55: 81839 | S55: 79777 | T55: 134826 | U55: ABH9 | V55: 17/01/13 | W55: 134826 | Z55: 22 | AA55: DE SALLABERRY | AF55: 79 | AG55: 28 | AH55: 28019 | AI55: 914729781 | AN55: 889 | AO55: 079 | AP55: CALLE | AQ55: P | AS55: 0 | AT55: 438871 | AU55: 4471695 | AV55: 07905350 | AW55: S | AY55: ABH9 | AZ55: CARGACV | BA55: ESP | BC55: N | BH55: 41291 | BI55: 42534.506 | BK55: 889 | BL55: 01807456R | BM55: JOSE | BN55: 1 | BO55: MANUEL | BP55: LOPEZ | BQ55: MANUEL LOPEZ, JOSE | BS55: 36381 | BU55: 0 | BW55: PRUEBAS6 | BX55: 2 | BZ55: PCEAETER | CA55: 99 | CC55: 39785.71 | CD55: 41339.578 | CH55: ESP | CI55: 28 | CJ55: 079 | CK55: Madrid | CL55: 28 | CM55: 79 | CN55: 0796 | CO55: Madrid | CP55: MADRID | CQ55: 900
A56: 10-RCOV-00020.6/2009 | D56: 16191 | E56: 1 | F56: INVERSIONES DASIC, S.L. | G56: ACTIVIDAD : LAVADO, LIMPIEZA Y TEÑIDO DE PRENDAS TEXTILES Y DE PIEL RESPONSABLE : CARLOS PERAZA DESCRIPCION : Lavanderías, tintorerías y servicios similares | H56: 14586 | I56: 2012 | J56: 234 | L56: PCEAETER | M56: 2800016191 | N56: LAVADO, LIMPIEZA Y TEÑIDO DE PRENDAS TEXTILES Y DE PIEL. LAVANDERÍAS, TINTORERÍAS Y SERVICIOS SIMILARES | R56: 16191 | S56: 16191 | T56: 30780 | W56: 30780 | Z56: 9 | AA56: PABLO VI | AF56: 115 | AG56: 28 | AH56: 28224 | AI56: 628272981 | AL56: 916763747 | AN56: 14586 | AO56: 115 | AP56: AVDA | AQ56: P | AT56: 431235 | AU56: 4475907 | AV56: 115A0529 | AW56: S | AZ56: CARGACV | BA56: ESP | BC56: S | BI56: 42530.491 | BK56: 14586 | BL56: B83895458 | BN56: 2 | BQ56: INVERSIONES DASIC, S.L. | BS56: 38321 | BU56: 0 | BW56: PRUEBAS6 | BX56: 1 | BZ56: PCEAETER | CA56: 99 | CC56: 39785.71 | CD56: 41339.617 | CH56: ESP | CI56: 28 | CJ56: 115 | CK56: Pozuelo de Alarcón | CL56: 28 | CM56: 115 | CN56: 1150 | CO56: Pozuelo de Alarcón | CP56: POZUELO ALARCÓN | CQ56: 115
A57: 10-RCOV-00207.3/2007 | D57: 16203 | E57: 1 | F57: TINTORERIAS ARMAR, S.L. | G57: ACTIVIDAD : LAVADO, LIMPIEZA Y TEÑIDO DE PRENDAS TEXTILES Y DE PIEL RESPONSABLE : ARTURO ALVAREZ FERNANDEZ DESCRIPCION : Lavanderías, tintorerías y servicios similares | H57: 14599 | I57: 2014 | J57: 82 | L57: PCEAETER | M57: 2800016203 | N57: LAVADO, LIMPIEZA Y TEÑIDO DE PRENDAS TEXTILES Y DE PIEL. LAVANDERÍAS, TINTORERÍAS Y SERVICIOS SIMILARES | R57: 16203 | S57: 16203 | T57: 30805 | W57: 30805 | Z57: 49 | AA57: DEL MAR MEDITERRÁNEO | AF57: 161 | AG57: 28 | AH57: 28340 | AI57: 918082091 | AL57: 913320067 | AN57: 14599 | AO57: 161 | AP57: AVDA | AQ57: P | AT57: 441823 | AU57: 4448080 | AV57: 16110044 | AW57: S | AZ57: CARGACV | BA57: ESP | BC57: S | BI57: 42530.491 | BK57: 14599 | BL57: B83913525 | BN57: 2 | BQ57: TINTORERIAS ARMAR, S.L. | BS57: 38316 | BU57: 0 | BW57: PRUEBAS6 | BX57: 1 | BZ57: PCEAETER | CA57: 99 | CC57: 39785.71 | CD57: 41339.617 | CH57: ESP | CI57: 28 | CJ57: 161 | CK57: Valdemoro | CL57: 28 | CM57: 161 | CN57: 1610 | CO57: Valdemoro | CP57: VALDEMORO | CQ57: 161
A58: 10-RCOV-00247.2/2007 | D58: 16215 | E58: 1 | F58: INVERSIONES TAYRONA, S.L. | G58: ACTIVIDAD : LAVADO, LIMPIEZA Y TEÑIDO DE PRENDAS TEXTILES Y DE PIEL RESPONSABLE : BRUNO MAZZILLI MARTIN-LEYES DESCRIPCION : Tinte, limpieza en seco, lavado y planchado de ropas hechas y de prendas y artículos del hogar usados | H58: 14610 | L58: PCEAETER | M58: 2800016215 | N58: LAVADO, LIMPIEZA Y TEÑIDO DE PRENDAS TEXTILES Y DE PIEL. TINTE, LIMPIEZA EN SECO, LAVADO Y PLANCHADO DE ROPAS HECHAS Y DE PRENDAS Y ARTÍCULOS DEL HOGAR USADOS | R58: 16215 | S58: 16215 | T58: 30828 | W58: 30828 | Z58: 83 | AA58: DE ALONSO CANO | AF58: 79 | AG58: 28 | AH58: 28003 | AI58: 915351032 | AL58: 915288640 | AN58: 14610 | AO58: 079 | AP58: CALLE | AQ58: P | AT58: 440849 | AU58: 4477200 | AV58: 07900244 | AW58: S | AZ58: CARGACV | BA58: ESP | BC58: S | BI58: 42530.491 | BK58: 14610 | BL58: B83932319 | BN58: 2 | BQ58: INVERSIONES TAYRONA, S.L. | BS58: 38378 | BU58: 0 | BW58: PRUEBAS6 | BX58: 1 | BZ58: PCEAETER | CA58: 99 | CC58: 39785.71 | CD58: 41339.617 | CH58: ESP | CI58: 28 | CJ58: 079 | CK58: Madrid | CL58: 28 | CM58: 79 | CN58: 0796 | CO58: Madrid | CP58: MADRID | CQ58: 900
A59: 10-RCOV-00182.2/2007 | B59: 28-APCA-N-2014/00475 | C59: I | D59: 16144 | E59: 1 | F59: TINORERIAS FRUMAR, S.L. | G59: ACTIVIDAD : LIMPIEZA EN SECO DE PRENDAS TEXTILES Y DE PIEL RESPONSABLE : ANGEL FRUTOS GONZALEZ DESCRIPCION : Lavanderías, tintorerías y servicios similares | H59: 14537 | L59: PCEAETER | M59: 2800016144 | N59: LIMPIEZA EN SECO DE PRENDAS TEXTILES Y DE PIEL. LAVANDERÍAS, TINTORERÍAS Y SERVICIOS SIMILARES | R59: 16144 | S59: 16144 | T59: 30684 | W59: 30684 | Z59: 19 | AA59: DE RUPERTO CHAPÍ | AF59: 6 | AG59: 28 | AH59: 28100 | AI59: 916522795 | AL59: 916763747 | AN59: 14537 | AO59: 006 | AP59: CALLE | AQ59: P | AT59: 445605 | AU59: 4488845 | AV59: 006A0275 | AW59: S | AZ59: CARGACV | BA59: ESP | BC59: S | BI59: 42530.493 | BK59: 14537 | BL59: B83828475 | BN59: 2 | BQ59: TINTORERIAS FRUMAR, S.L. (ANGEL FRUTOS , C.B) | BS59: 36381 | BU59: 0 | BW59: PRUEBAS6 | BX59: 1 | BZ59: PCEAETER | CA59: 99 | CC59: 39785.71 | CD59: 41339.618 | CH59: ESP | CI59: 28 | CJ59: 006 | CK59: Alcobendas | CL59: 28 | CM59: 6 | CN59: 0066 | CO59: Alcobendas | CP59: ALCOBENDAS | CQ59: 006
A60: 10-RCOV-00013.1/2008 | D60: 16160 | E60: 1 | F60: CUATRO ANGELES, S.L. | G60: ACTIVIDAD : LAVADO, LIMPIEZA Y TEÑIDO DE PRENDAS TEXTILES Y DE PIEL RESPONSABLE : ANGEL SANTAMARIA PASERO DESCRIPCION : Tinte, limpieza en seco, lavado y planchado de ropas hechas y de prendas y artículos del hogar usados | H60: 14554 | L60: JBS37 | M60: 2800016160 | N60: LAVADO, LIMPIEZA Y TEÑIDO DE PRENDAS TEXTILES Y DE PIEL. TINTE, LIMPIEZA EN SECO, LAVADO Y PLANCHADO DE ROPAS HECHAS Y DE PRENDAS Y ARTÍCULOS DEL HOGAR USADOS | O60: 41792 | P60: CAMBIO TITULAR (50905241P) | R60: 16160 | S60: 16160 | T60: 30717 | W60: 30717 | Z60: 188 | AA60: DE LOS EMBAJADORES | AF60: 79 | AG60: 28 | AH60: 28045 | AI60: 914747178 | AL60: 916763747 | AN60: 14554 | AO60: 079 | AP60: CALLE | AQ60: P | AT60: 441087 | AU60: 4471605 | AV60: 07901924 | AW60: S | AZ60: CARGACV | BA60: ESP | BC60: N | BI60: 42530.492 | BK60: 14554 | BL60: B83854984 | BN60: 2 | BQ60: CUATRO ANGELES, S.L. | BS60: 38363 | BU60: 0 | BW60: PRUEBAS6 | BX60: 1 | BZ60: PCEAETER | CA60: 99 | CC60: 39785.71 | CD60: 41339.618 | CH60: ESP | CI60: 28 | CJ60: 079 | CK60: Madrid | CL60: 28 | CM60: 79 | CN60: 0796 | CO60: Madrid | CP60: MADRID | CQ60: 900
A61: 10-RCOV-00458.2/2007 | D61: 2017 | E61: 1 | F61: ANTONIA MORATALLA LOPEZ (TINTORERIA DAMA) | G61: ACTIVIDAD : LAVADO, LIMPIEZA Y TEÑIDO PRENDAS TEXTILES Y PIEL EN SECO RESPONSABLE : ANTONIA MORATALLA LOPEZ DESCRIPCION : Tinte, limpieza en seco, lavado y planchado de ropas hechas y de prendas y artículos del hogar usados | H61: 2141 | L61: PCEAETER | M61: 2800002017 | N61: LAVADO, LIMPIEZA Y TEÑIDO PRENDAS TEXTILES Y PIEL EN SECO. TINTE, LIMPIEZA EN SECO, LAVADO Y PLANCHADO DE ROPAS HECHAS Y DE PRENDAS Y ARTÍCULOS DEL HOGAR USADOS | R61: 2017 | S61: 2017 | T61: 4162 | W61: 4162 | Z61: 81 | AA61: DE ANDRÉS MELLADO | AF61: 79 | AG61: 28 | AH61: 28003 | AI61: 914411385 | AL61: 915419106 | AN61: 2141 | AO61: 079 | AP61: CALLE | AQ61: P | AT61: 439430 | AU61: 4476846 | AV61: 07900360 | AW61: S | AZ61: CARGACV | BA61: ESP | BC61: S | BI61: 42530.463 | BK61: 2141 | BL61: 04546954S | BM61: ANTONIA | BN61: 1 | BO61: MORATALLA | BP61: LOPEZ | BQ61: MORATALLA LOPEZ, ANTONIA | BS61: 37238 | BU61: 0 | BW61: PRUEBAS6 | BX61: 2 | BZ61: PCEAETER | CA61: 99 | CC61: 39785.71 | CD61: 41339.561 | CH61: ESP | CI61: 28 | CJ61: 079 | CK61: Madrid | CL61: 28 | CM61: 79 | CN61: 0796 | CO61: Madrid | CP61: MADRID | CQ61: 900
A62: 10-RCOV-00050.0/2007 | B62: 28-APCA-N-2014/00356 | C62: I | D62: 2468 | E62: 1 | F62: ELISA SANCHEZ GARCIA (TINTORERIA TINTOSUR) | G62: ACTIVIDAD : LAVADO, LIMPIEZA Y TEÑIDO DE PRENDAS TEXTILES Y DE PIEL RESPONSABLE : ELISA SANCHEZ GARCIA DESCRIPCION : Tinte, limpieza en seco, lavado y planchado de ropas hechas y de prendas y artículos del hogar usados | H62: 2568 | L62: PCEAETER | M62: 2800002468 | N62: LAVADO, LIMPIEZA Y TEÑIDO DE PRENDAS TEXTILES Y DE PIEL. TINTE, LIMPIEZA EN SECO, LAVADO Y PLANCHADO DE ROPAS HECHAS Y DE PRENDAS Y ARTÍCULOS DEL HOGAR USADOS | R62: 2468 | S62: 2468 | T62: 5040 | W62: 5040 | Z62: 12 | AA62: DE DELICIAS | AF62: 79 | AG62: 28 | AH62: 28045 | AI62: 914680757 | AL62: 915335584 | AN62: 2568 | AO62: 079 | AP62: CALLE | AQ62: P | AT62: 441091 | AU62: 4472835 | AV62: 07901674 | AW62: S | AZ62: CARGACV | BA62: ESP | BC62: S | BI62: 42530.452 | BK62: 2568 | BL62: 50393998D | BM62: ELISA | BN62: 1 | BO62: SANCHEZ | BP62: GARCIA | BQ62: SANCHEZ GARCIA, ELISA | BS62: 37845 | BU62: 0 | BW62: PRUEBAS6 | BX62: 2 | BZ62: PCEAETER | CA62: 99 | CC62: 39785.71 | CD62: 41339.555 | CH62: ESP | CI62: 28 | CJ62: 079 | CK62: Madrid | CL62: 28 | CM62: 79 | CN62: 0796 | CO62: Madrid | CP62: MADRID | CQ62: 900
A63: 10-RCOV-00055.5/2007 | B63: 28-APCA-N-2014/00359 | C63: I | D63: 2403 | E63: 1 | F63: Mª MONSERRAT COUTADO RODRIGUEZ (TINT. EL RAPIDO) | G63: ACTIVIDAD : LAVADO, LIMPIEZA Y TEÑIDO DE PRENDAS TEXTILES Y DE PIEL RESPONSABLE : Mª MONSERRAT COUTADO RODRIGUEZ DESCRIPCION : Tinte, limpieza en seco, lavado y planchado de ropas hechas y de prendas y artículos del hogar usados | H63: 2505 | L63: PCEAETER | M63: 2800002403 | N63: LAVADO, LIMPIEZA Y TEÑIDO DE PRENDAS TEXTILES Y DE PIEL. TINTE, LIMPIEZA EN SECO, LAVADO Y PLANCHADO DE ROPAS HECHAS Y DE PRENDAS Y ARTÍCULOS DEL HOGAR USADOS | R63: 2403 | S63: 2403 | T63: 4912 | W63: 4912 | Z63: 4 | AA63: DE ARISTÓTELES | AF63: 79 | AG63: 28 | AH63: 28027 | AI63: 914047059 | AL63: 916116802 | AN63: 2505 | AO63: 079 | AP63: CALLE | AQ63: P | AT63: 444684 | AU63: 4477132 | AV63: 07908994 | AW63: S | AZ63: CARGACV | BA63: ESP | BC63: S | BI63: 42530.454 | BK63: 2505 | BL63: 50285636T | BM63: Mª MONSERRAT | BN63: 1 | BO63: COUTADO | BP63: RODRIGUEZ | BQ63: COUTADO RODRIGUEZ, Mª MONSERRAT | BS63: 36290 | BU63: 0 | BW63: PRUEBAS6 | BX63: 2 | BZ63: PCEAETER | CA63: 99 | CC63: 39785.71 | CD63: 41339.556 | CH63: ESP | CI63: 28 | CJ63: 079 | CK63: Madrid | CL63: 28 | CM63: 79 | CN63: 0796 | CO63: Madrid | CP63: MADRID | CQ63: 900
A64: 10-RCOV-00192.4/2007 | B64: 28-APCA-N-2014/00478 | C64: I | D64: 2427 | E64: 1 | F64: JOSE L. COUTADO RODRIGUEZ (TINTORERIAS EL RAPIDO) | G64: ACTIVIDAD : LAVADO, LIMPIEZA Y TEÑIDO DE PRENDAS TEXTILES Y DE PIEL RESPONSABLE : JOSE LUCIANO COUTADO RODRIGUEZ DESCRIPCION : | H64: 2527 | L64: PCEAETER | M64: 2800002427 | N64: LAVADO, LIMPIEZA Y TEÑIDO DE PRENDAS TEXTILES Y DE PIEL. | R64: 2427 | S64: 2427 | T64: 4958 | W64: 4958 | Z64: 10 | AA64: DE DONOSTIARRA | AF64: 79 | AG64: 28 | AH64: 28027 | AI64: 914033318 | AL64: 916580214 | AN64: 2527 | AO64: 079 | AP64: AVDA | AQ64: P | AT64: 444144 | AU64: 4476219 | AV64: 07901813 | AW64: S | AZ64: CARGACV | BA64: ESP | BC64: S | BI64: 42530.453 | BK64: 2527 | BL64: 50296275J | BM64: JOSE L. | BN64: 1 | BO64: COUTADO | BP64: RODRIGUEZ | BQ64: COUTADO RODRIGUEZ, JOSE L. | BS64: 36920 | BU64: 0 | BW64: PRUEBAS6 | BX64: 2 | BZ64: PCEAETER | CA64: 99 | CC64: 39785.71 | CD64: 41339.556 | CH64: ESP | CI64: 28 | CJ64: 079 | CK64: Madrid | CL64: 28 | CM64: 79 | CN64: 0796 | CO64: Madrid | CP64: MADRID | CQ64: 900
A65: 10-RCOV-00023.4/2011 | D65: 63640 | E65: 2 | F65: TINTORERIA LAS CAMELIAS | H65: 2538 | K65: GGP4 | L65: PCEAETER | M65: 2800063640 | N65: - | R65: 66176 | S65: 63640 | T65: 116707 | U65: GGP4 | V65: 16/10/09 | W65: 116707 | Z65: 37 | AA65: DE SANTA SUSANA | AF65: 79 | AG65: 28 | AH65: 28033 | AI65: 917630434 | AN65: 2538 | AO65: 079 | AP65: CALLE | AQ65: P | AS65: 0 | AT65: 445151 | AU65: 4481010 | AV65: 07909017 | AW65: S | AY65: GGP4 | AZ65: CARGACV | BA65: ESP | BC65: N | BH65: 40102 | BI65: 42531.581 | BK65: 2538 | BL65: 50302431M | BM65: JUAN CARLOS | BN65: 1 | BO65: PASCUAL | BP65: ESPINO | BQ65: PASCUAL ESPINO, JUAN CARLOS | BS65: 37085 | BU65: 0 | BW65: PRUEBAS6 | BX65: 2 | BZ65: PCEAETER | CA65: 99 | CC65: 39785.71 | CD65: 41339.556 | CH65: ESP | CI65: 28 | CJ65: 079 | CK65: Madrid | CL65: 28 | CM65: 79 | CN65: 0796 | CO65: Madrid | CP65: MADRID | CQ65: 900
A66: 10-RCOV-00191.3/2007 | D66: 1869 | E66: 1 | F66: MERCEDES VENGUT ROYO (TINTE SAN JAIME) | G66: ACTIVIDAD : LAVADO, LIMPIEZA Y TEÑIDO DE PRENDAS TEXTILES Y DE PIEL RESPONSABLE : MERCEDES VENGUT ROYO DESCRIPCION : Tinte, limpieza en seco, lavado y planchado de ropas hechas y de prendas y artículos del hogar usados | H66: 1999 | L66: PCEAETER | M66: 2800001869 | N66: LAVADO, LIMPIEZA Y TEÑIDO DE PRENDAS TEXTILES Y DE PIEL. TINTE, LIMPIEZA EN SECO, LAVADO Y PLANCHADO DE ROPAS HECHAS Y DE PRENDAS Y ARTÍCULOS DEL HOGAR USADOS | R66: 1869 | S66: 1869 | T66: 3872 | W66: 3872 | Z66: 22 | AA66: DE BENITA LÓPEZ | AF66: 79 | AG66: 28 | AH66: 28021 | AI66: 917975999 | AL66: 914355130 | AN66: 1999 | AO66: 079 | AP66: CALLE | AQ66: P | AT66: 441434 | AU66: 4466879 | AV66: 07900803 | AW66: S | AZ66: CARGACV | BA66: ESP | BC66: S | BI66: 42530.693 | BK66: 1999 | BL66: 38031508L | BM66: MERCEDES | BN66: 1 | BO66: VENGUT | BP66: ROYO | BQ66: VENGUT ROYO, MERCEDES | BS66: 37573 | BU66: 0 | BW66: PRUEBAS6 | BX66: 2 | BZ66: PCEAETER | CA66: 99 | CC66: 39785.71 | CD66: 41339.563 | CH66: ESP | CI66: 28 | CJ66: 079 | CK66: Madrid | CL66: 28 | CM66: 79 | CN66: 0796 | CO66: Madrid | CP66: MADRID | CQ66: 900
A67: 10-RCOV-00346.4/2007 | D67: 2344 | E67: 1 | F67: MIGUEL ANGEL NARBON ARANDA (TINTE NARBON) | G67: ACTIVIDAD : LAVADO, LIMPIEZA Y TEÑIDO DE PRENDAS TEXTILES Y DE PIEL RESPONSABLE : DESCRIPCION : Tinte, limpieza en seco, lavado y planchado de ropas hechas y de prendas y artículos del hogar usados | H67: 2450 | I67: 2013 | J67: 162 | L67: PCEAETER | M67: 2800002344 | N67: LAVADO, LIMPIEZA Y TEÑIDO DE PRENDAS TEXTILES Y DE PIEL. TINTE, LIMPIEZA EN SECO, LAVADO Y PLANCHADO DE ROPAS HECHAS Y DE PRENDAS Y ARTÍCULOS DEL HOGAR USADOS | R67: 2344 | S67: 2344 | T67: 4798 | W67: 4798 | Z67: 2 | AA67: OSLO | AF67: 7 | AG67: 28 | AH67: 28922 | AI67: 916419625 | AL67: 916419625 | AN67: 2450 | AO67: 007 | AP67: CALLE | AQ67: P | AT67: 428522 | AU67: 4466564 | AV67: 00702614 | AW67: S | AZ67: CARGACV | BA67: ESP | BC67: S | BI67: 42530.455 | BK67: 2450 | BL67: 50174396B | BM67: MIGUEL | BN67: 1 | BO67: ANGEL | BP67: NARBON | BQ67: ANGEL NARBON, MIGUEL | BS67: 38315 | BU67: 0 | BW67: PRUEBAS6 | BX67: 2 | BZ67: PCEAETER | CA67: 99 | CC67: 39785.71 | CD67: 41339.556 | CH67: ESP | CI67: 28 | CJ67: 007 | CK67: Alcorcón | CL67: 28 | CM67: 7 | CN67: 0072 | CO67: Alcorcón | CP67: ALCORCÓN | CQ67: 007
A68: 10-RCOV-00322.5/2007 | D68: 2317 | E68: 1 | F68: JOSE CARLOS MAS ESPINOSA (TINTORERIA MAS) | G68: ACTIVIDAD : LAVADO, LIMPIEZA Y TEÑIDO DE PRENDAS TEXTILES Y DE PIEL RESPONSABLE : JOSE CARLOS MAS ESPINOSA DESCRIPCION : Tinte, limpieza en seco, lavado y planchado de ropas hechas y de prendas y artículos del hogar usados | H68: 2424 | I68: 2013 | J68: 143 | L68: PCEAETER | M68: 2800002317 | N68: LAVADO, LIMPIEZA Y TEÑIDO DE PRENDAS TEXTILES Y DE PIEL. TINTE, LIMPIEZA EN SECO, LAVADO Y PLANCHADO DE ROPAS HECHAS Y DE PRENDAS Y ARTÍCULOS DEL HOGAR USADOS | R68: 2317 | S68: 2317 | T68: 4745 | W68: 4745 | Z68: 16 | AA68: DE SANTA ISABEL | AF68: 79 | AG68: 28 | AH68: 28012 | AI68: 915274724 | AL68: 91691336 | AN68: 2424 | AO68: 079 | AP68: CALLE | AQ68: P | AT68: 440692 | AU68: 4473652 | AV68: 07907939 | AW68: S | AZ68: CARGACV | BA68: ESP | BC68: S | BI68: 42530.457 | BK68: 2424 | BL68: 50154553V | BM68: JOSE CARLOS | BN68: 1 | BO68: MAS | BP68: ESPINOSA | BQ68: MAS ESPINOSA, JOSE CARLOS | BS68: 37487 | BU68: 0 | BW68: PRUEBAS6 | BX68: 2 | BZ68: PCEAETER | CA68: 99 | CC68: 39785.71 | CD68: 41339.557 | CH68: ESP | CI68: 28 | CJ68: 079 | CK68: Madrid | CL68: 28 | CM68: 79 | CN68: 0796 | CO68: Madrid | CP68: MADRID | CQ68: 900
A69: 10-RCOV-00284.7/2007 | B69: 28-APCA-2013/00035 | C69: I | D69: 15100 | E69: 1 | F69: AIRBUS OPERATIONS, S.L. | H69: 13535 | I69: 2006 | J69: 764 | K69: SRG11 | L69: JBS37 | M69: 2800015100 | N69: FABRICACIÓN DE PIEZAS Y ESTRUCTURAS PARA AVIONES | R69: 15100 | S69: 15100 | T69: 28638 | W69: 28638 | Z69: 2 | AA69: DE JOHN LENNON | AF69: 65 | AG69: 28 | AH69: 28906 | AI69: 914617366 | AL69: 918961678 | AN69: 13535 | AO69: 065 | AP69: PASEO | AQ69: P | AT69: 440051 | AU69: 4461794 | AV69: 065A0408 | AW69: S | AZ69: CARGACV | BA69: ESP | BC69: S | BI69: 42530.518 | BK69: 13535 | BL69: B82875055 | BN69: 2 | BQ69: AIRBUS OPERATIONS, S.L. | BS69: 38467 | BU69: 0 | BW69: PRUEBAS6 | BX69: 1 | BZ69: PCEAETER | CA69: 99 | CC69: 39785.71 | CD69: 41339.636 | CH69: ESP | CI69: 28 | CJ69: 065 | CK69: Getafe | CL69: 28 | CM69: 65 | CN69: 0650 | CO69: Getafe | CP69: GETAFE | CQ69: 065
A70: 10-RCOV-00289.3/2007 | B70: 28-APCA-2017/00011 | C70: I | D70: 10431 | E70: 1 | F70: CENTRO DE TRATAMIENTOS DE SUPERFICIES, S.L. | G70: ACTIVIDAD : TRATAMIENTO Y REVESTIMIENTO DE METALES RESPONSABLE : JUAN PEÑALVER DESCRIPCION : Tratamiento de los metales (temple, revenido, etc.) | H70: 9267 | I70: 2004 | J70: 329 | K70: PLANINSP | L70: DBT5 | M70: 2800010431 | N70: TRATAMIENTO Y REVESTIMIENTO DE METALES. TRATAMIENTO DE LOS METALES (TEMPLE, REVENIDO, ETC.) | R70: 10431 | S70: 10431 | T70: 19702 | W70: 19702 | Z70: 1 | AA70: CALLEJUELAS | AF70: 5 | AG70: 28 | AH70: 28802 | AI70: 918823330 | AL70: 913583770 | AN70: 9267 | AO70: 005 | AP70: CMNO | AQ70: P | AT70: 467372 | AU70: 4481094 | AV70: 005A0130 | AW70: N | AZ70: SUCAETRS | BA70: ESP | BC70: N | BI70: 42502.397 | BK70: 9267 | BL70: B79434031 | BN70: 2 | BQ70: CENTRO DE TRATAMIENTOS DE SUPERFICIE, S.L. | BS70: 37767 | BU70: 0 | BW70: PRUEBAS6 | BX70: 1 | BZ70: PCEAETER | CA70: 99 | CC70: 39785.71 | CD70: 41339.702 | CH70: ESP | CI70: 28 | CJ70: 005 | CK70: Alcalá de Henares | CL70: 28 | CM70: 5 | CN70: 0053 | CO70: Alcalá de Henares | CP70: ALCALÁ HENARES | CQ70: 005
A71: 10-RCOV-00040.5/2011 | B71: 28-APCA-N-2014/00737 | C71: B | D71: 71288 | E71: 2 | F71: TINTORERIA FERNANDEZ SANZ, S.L. | H71: 13415 | K71: ABH9 | L71: E_ECN9 | M71: 2800071288 | N71: - | R71: 73573 | S71: 71288 | T71: 125127 | U71: ABH9 | V71: 09/05/11 | W71: 125127 | Z71: 3 | AA71: MAYOR | AF71: 148 | AG71: 28 | AH71: 28850 | AI71: 916750190 | AN71: 13415 | AO71: 148 | AP71: PLAZA | AQ71: P | AS71: 0 | AT71: 459358 | AU71: 4478834 | AV71: 14800162 | AW71: S | AY71: ABH9 | AZ71: CARGACV | BA71: ESP | BC71: N | BH71: 40672 | BI71: 42534.41 | BK71: 13415 | BL71: B82769902 | BN71: 2 | BQ71: TINTORERIA FERNANDEZ SANZ, S.L. | BS71: 37581 | BU71: 0 | BW71: PRUEBAS6 | BX71: 1 | BZ71: PCEAETER | CA71: 99 | CC71: 39785.71 | CD71: 41339.637 | CH71: ESP | CI71: 28 | CJ71: 148 | CK71: Torrejón de Ardoz | CL71: 28 | CM71: 148 | CN71: 1489 | CO71: Torrejón de Ardoz | CP71: TORREJÓN ARDOZ | CQ71: 148
A72: 10-RCOV-00394.3/2007 | D72: 14970 | E72: 1 | F72: TINTORERIA FERNANDEZ SANZ, S.L. | G72: ACTIVIDAD : LAVADO, LIMPIEZA Y TEÑIDO DE PRENDAS TEXTILES Y DE PIEL RESPONSABLE : Mª BELEN GONZALEZ ARIAS DESCRIPCION : Tinte, limpieza en seco, lavado y planchado de ropas hechas y de prendas y artículos del hogar usados | H72: 13415 | L72: E_ECN9 | M72: 2800014970 | N72: LAVADO, LIMPIEZA Y TEÑIDO DE PRENDAS TEXTILES Y DE PIEL . TINTE, LIMPIEZA EN SECO, LAVADO Y PLANCHADO DE ROPAS HECHAS Y DE PRENDAS Y ARTÍCULOS DEL HOGAR USADOS | O72: 43392 | P72: CAMBIO DIRECCION CENTRO PRODUCTOR | R72: 14970 | S72: 14970 | T72: 28388 | W72: 28388 | Z72: 3 | AA72: DE CANTALEJO | AF72: 79 | AG72: 28 | AH72: 28035 | AI72: 913160227 | AL72: 916547892 | AN72: 13415 | AO72: 079 | AP72: CALLE | AQ72: P | AT72: 437177 | AU72: 4480820 | AV72: 07909363 | AW72: S | AZ72: CARGACV | BA72: ESP | BC72: S | BI72: 42530.521 | BK72: 13415 | BL72: B82769902 | BN72: 2 | BQ72: TINTORERIA FERNANDEZ SANZ, S.L. | BS72: 37581 | BU72: 0 | BW72: PRUEBAS6 | BX72: 1 | BZ72: PCEAETER | CA72: 99 | CC72: 39785.71 | CD72: 41339.637 | CH72: ESP | CI72: 28 | CJ72: 079 | CK72: Madrid | CL72: 28 | CM72: 79 | CN72: 0796 | CO72: Madrid | CP72: MADRID | CQ72: 900
A73: 10-RCOV-00187.7/2007 | D73: 14982 | E73: 1 | F73: SAN JOSE RAPID SERVICE, S.L. | G73: ACTIVIDAD : LAVADO, LIMPIEZA Y TEÑIDO DE PRENDAS TEXTILES Y DE PIEL RESPONSABLE : LUISA SAN JOSE VALLE DESCRIPCION : Tinte, limpieza en seco, lavado y planchado de ropas hechas y de prendas y artículos del hogar usados | H73: 13427 | L73: E_JCG129 | M73: 2800014982 | N73: LAVADO, LIMPIEZA Y TEÑIDO DE PRENDAS TEXTILES Y DE PIEL. TINTE, LIMPIEZA EN SECO, LAVADO Y PLANCHADO DE ROPAS HECHAS Y DE PRENDAS Y ARTÍCULOS DEL HOGAR USADOS | O73: 41964 | P73: BAJA POR CAMBIO DE TITULAR. NUEVO EN 10-RESI-3178.7/2014 | R73: 14982 | S73: 14982 | T73: 28412 | W73: 28412 | Z73: 48 | AA73: DE RETAMAS | AF73: 7 | AG73: 28 | AH73: 28922 | AI73: 914861298 | AL73: 917810164 | AN73: 13427 | AO73: 007 | AP73: AVDA | AQ73: P | AT73: 429483 | AU73: 4465506 | AV73: 00702573 | AW73: S | AZ73: CARGACV | BA73: ESP | BC73: S | BI73: 42530.522 | BK73: 13427 | BL73: B82779059 | BN73: 2 | BQ73: SAN JOSE RAPID SERVICE, S.L. | BS73: 36941 | BU73: 0 | BW73: PRUEBAS6 | BX73: 1 | BZ73: PCEAETER | CA73: 99 | CC73: 39785.71 | CD73: 41339.638 | CH73: ESP | CI73: 28 | CJ73: 007 | CK73: Alcorcón | CL73: 28 | CM73: 7 | CN73: 0072 | CO73: Alcorcón | CP73: ALCORCÓN | CQ73: 007
A74: 10-RCOV-00042.6/2008 | B74: 28-APCA-N-2014/00346 | C74: I | D74: 14919 | E74: 1 | F74: TINTORERIA LAVANDA, S.R.L.L. | G74: ACTIVIDAD : LAVADO, LIMPIEZA Y TEÑIDO DE PRENDAS TEXTILES Y DE PIEL RESPONSABLE : SAMUEL EFREN FERNANDEZ DESCRIPCION : Tinte, limpieza en seco, lavado y planchado de ropas hechas y de prendas y artículos del hogar usados | H74: 13364 | L74: PCEAETER | M74: 2800014919 | N74: LAVADO, LIMPIEZA Y TEÑIDO DE PRENDAS TEXTILES Y DE PIEL. TINTE, LIMPIEZA EN SECO, LAVADO Y PLANCHADO DE ROPAS HECHAS Y DE PRENDAS Y ARTÍCULOS DEL HOGAR USADOS | R74: 14919 | S74: 14919 | T74: 28286 | W74: 28286 | Z74: 5 | AA74: DEL CONVENTO | AF74: 133 | AG74: 28 | AH74: 28680 | AI74: 918611404 | AL74: 914841742 | AN74: 13364 | AO74: 133 | AP74: CALLE | AQ74: P | AT74: 380989 | AU74: 4468720 | AV74: 13300794 | AW74: S | AZ74: CARGACV | BA74: ESP | BC74: S | BI74: 42530.522 | BK74: 13364 | BL74: B82718297 | BN74: 2 | BQ74: TINTORERIA LAVANDA, S.R.L.L. | BS74: 37477 | BU74: 0 | BW74: PRUEBAS6 | BX74: 1 | BZ74: PCEAETER | CA74: 99 | CC74: 39785.71 | CD74: 41339.638 | CH74: ESP | CI74: 28 | CJ74: 133 | CK74: San Martín de Valdeiglesias | CL74: 28 | CM74: 133 | CN74: 1338 | CO74: San Martín de Valdeiglesias | CP74: SAN MARTÍN VALDEIGLESIAS | CQ74: 133
A75: 10-RCOV-00448.0/2007 | B75: 28-APCA-N-2014/00684 | C75: I | D75: 14922 | E75: 1 | F75: FAMORAGO, S.L. | G75: ACTIVIDAD : LAVADO, LIMPIEZA Y TEÑIDO DE PRENDAS TEXTILES Y DE PIEL RESPONSABLE : FRANCISCO MORENTE DESCRIPCION : Tinte, limpieza en seco, lavado y planchado de ropas hechas y de prendas y artículos del hogar usados | H75: 13367 | L75: PCEAETER | M75: 2800014922 | N75: LAVADO, LIMPIEZA Y TEÑIDO DE PRENDAS TEXTILES Y DE PIEL. TINTE, LIMPIEZA EN SECO, LAVADO Y PLANCHADO DE ROPAS HECHAS Y DE PRENDAS Y ARTÍCULOS DEL HOGAR USADOS | R75: 14922 | S75: 14922 | T75: 28292 | W75: 28292 | Z75: 28 | AA75: ALMENDRALEJOS | AF75: 59 | AG75: 28 | AH75: 28140 | AI75: 610296304 | AL75: 914841742 | AN75: 13367 | AO75: 059 | AP75: CALLE | AQ75: P | AT75: 456722 | AU75: 4498483 | AV75: 05900167 | AW75: S | AZ75: CARGACV | BA75: ESP | BC75: S | BI75: 42530.523 | BK75: 13367 | BL75: B82723529 | BN75: 2 | BQ75: FAMORAGO, S.L. | BS75: 36976 | BU75: 0 | BW75: PRUEBAS6 | BX75: 1 | BZ75: PCEAETER | CA75: 99 | CC75: 39785.71 | CD75: 41339.638 | CH75: ESP | CI75: 28 | CJ75: 059 | CK75: Fuente el Saz de Jarama | CL75: 28 | CM75: 59 | CN75: 0590 | CO75: Fuente el Saz de Jarama | CP75: FUENTE SAZ JARAMA | CQ75: 059
A76: 10-RCOV-00009.8/2007 | D76: 14946 | E76: 1 | F76: SAFENET, S.L. | G76: ACTIVIDAD : OTRAS ACTIVIDADES EMPRESARIALES RESPONSABLE : FRANCISCO DEL CASTILLO DESCRIPCION : Otros servicios independientes | H76: 13390 | L76: PCEAETER | M76: 2800014946 | N76: OTRAS ACTIVIDADES EMPRESARIALES. OTROS SERVICIOS INDEPENDIENTES | R76: 14946 | S76: 14946 | T76: 28339 | W76: 28339 | Z76: 6 | AA76: RÍO GUADARRAMA | AB76: LAS ARROYADAS | AF76: 50 | AG76: 28 | AH76: 28978 | AI76: 918103563 | AL76: 918090148 | AN76: 13390 | AO76: 050 | AP76: CALLE | AQ76: P | AT76: 429791 | AU76: 4450706 | AV76: 05000178 | AW76: S | AZ76: CARGACV | BA76: ESP | BC76: S | BI76: 42530.522 | BK76: 13390 | BL76: B82750647 | BN76: 2 | BQ76: SAFENET, S.L. | BS76: 38063 | BU76: 0 | BW76: PRUEBAS6 | BX76: 1 | BZ76: PCEAETER | CA76: 99 | CC76: 39785.71 | CD76: 41339.638 | CH76: ESP | CI76: 28 | CJ76: 050 | CK76: Cubas de la Sagra | CL76: 28 | CM76: 50 | CN76: 0506 | CO76: Cubas de la Sagra | CP76: CUBAS SAGRA | CQ76: 050
A77: 10-RCOV-00033.2/2009 | B77: 28-APCA-N-2014/00757 | C77: B | D77: 13518 | E77: 1 | F77: TINTORERIAS ALMIDON, S.L. | G77: ACTIVIDAD : LAVADO, LIMPIEZA Y TEÑIDO DE PRENDAS TEXTILES Y DE PIEL RESPONSABLE : MARINA ROBLES AINSE DESCRIPCION : Tinte, limpieza en seco, lavado y planchado de ropas hechas y de prendas y artículos del hogar usados | H77: 12057 | I77: 2023 | J77: 215 | L77: PCEAETER | M77: 2800013518 | N77: LAVADO, LIMPIEZA Y TEÑIDO DE PRENDAS TEXTILES Y DE PIEL . TINTE, LIMPIEZA EN SECO, LAVADO Y PLANCHADO DE ROPAS HECHAS Y DE PRENDAS Y ARTÍCULOS DEL HOGAR USADOS | R77: 13518 | S77: 13518 | T77: 25578 | W77: 25578 | Z77: 14 | AA77: DE ALFREDO MARQUERIE | AF77: 79 | AG77: 28 | AH77: 28034 | AI77: 917305410 | AL77: 917922048 | AN77: 12057 | AO77: 079 | AP77: CALLE | AQ77: P | AT77: 440087 | AU77: 4481961 | AV77: 07910814 | AW77: S | AZ77: CARGACV | BA77: ESP | BC77: S | BI77: 42530.554 | BK77: 12057 | BL77: B81800724 | BN77: 2 | BQ77: TINTORERIAS ALMIDON, S.L. | BS77: 37581 | BU77: 0 | BW77: PRUEBAS6 | BX77: 1 | BZ77: PCEAETER | CA77: 99 | CC77: 39785.71 | CD77: 41339.658 | CH77: ESP | CI77: 28 | CJ77: 079 | CK77: Madrid | CL77: 28 | CM77: 79 | CN77: 0796 | CO77: Madrid | CP77: MADRID | CQ77: 900
A78: 10-RCOV-00147.8/2007 | D78: 13535 | E78: 1 | F78: JOM PEICH, S.L. (TINTORERIAS MACROSEC) | G78: ACTIVIDAD : LAVADO, LIMPIEZA Y TEÑIDO DE PRENDAS TEXTILES Y DE PIEL RESPONSABLE : DESCRIPCION : Tinte, limpieza en seco, lavado y planchado de ropas hechas y de prendas y artículos del hogar usados | H78: 12073 | L78: PFF20 | M78: 2800013535 | N78: LAVADO, LIMPIEZA Y TEÑIDO DE PRENDAS TEXTILES Y DE PIEL. TINTE, LIMPIEZA EN SECO, LAVADO Y PLANCHADO DE ROPAS HECHAS Y DE PRENDAS Y ARTÍCULOS DEL HOGAR USADOS | O78: 41416 | P78: CAMBIO TITULAR EN 10-AURE-2282.5/2013 | R78: 13535 | S78: 13535 | T78: 25611 | W78: 25611 | Z78: 24 | AA78: DE LAS ACACIAS | AF78: 79 | AG78: 28 | AH78: 28005 | AI78: 915390222 | AL78: 918711816 | AN78: 12073 | AO78: 079 | AP78: PASEO | AQ78: P | AT78: 439957 | AU78: 4472817 | AV78: 07900022 | AW78: S | AZ78: CARGACV | BA78: ESP | BC78: S | BI78: 42530.554 | BK78: 12073 | BL78: B81813842 | BN78: 2 | BQ78: JOM PEICH, S.L. (TINTORERIAS LIMPÍSIMA Y PLANCHADÍSIMA) | BS78: 36943 | BU78: 0 | BW78: PRUEBAS6 | BX78: 1 | BZ78: PCEAETER | CA78: 99 | CC78: 39785.71 | CD78: 41339.658 | CH78: ESP | CI78: 28 | CJ78: 079 | CK78: Madrid | CL78: 28 | CM78: 79 | CN78: 0796 | CO78: Madrid | CP78: MADRID | CQ78: 900
A79: 10-RCOV-00023.6/2007 | B79: 28-APCA-N-2014/00308 | C79: I | D79: 19088 | E79: 2 | F79: LIMPIEZAS INTEGRALES RÁPIDAS, S.L.L. | H79: 12096 | L79: PCEAETER | M79: 2800019088 | N79: - | R79: 19089 | S79: 19088 | T79: 36275 | W79: 36275 | Z79: 22 | AA79: JOSE SANCHEZ RUBIO | AF79: 152 | AG79: 28 | AH79: 28250 | AI79: 918594133 | AN79: 12096 | AO79: 152 | AP79: CALLE | AQ79: P | AT79: 421326 | AU79: 4492056 | AV79: 15200488 | AW79: N | AZ79: SUCAETRS | BA79: ESP | BC79: N | BI79: 42502.398 | BK79: 12096 | BL79: B81830150 | BN79: 2 | BQ79: LIMPIEZAS INTEGRALES RAPIDAS, S.L.L. | BS79: 37874 | BU79: 0 | BW79: PRUEBAS6 | BX79: 1 | BZ79: PCEAETER | CA79: 99 | CC79: 39785.71 | CD79: 41339.659 | CH79: ESP | CI79: 28 | CJ79: 152 | CK79: Torrelodones | CL79: 28 | CM79: 152 | CN79: 1527 | CO79: Torrelodones | CP79: TORRELODONES | CQ79: 152
A80: 10-RCOV-00095.4/2007 | B80: 28-APCA-N-2014/00308 | C80: I | D80: 19088 | E80: 2 | F80: LIMPIEZAS INTEGRALES RÁPIDAS, S.L.L. | H80: 12096 | L80: PCEAETER | M80: 2800019088 | N80: - | R80: 19089 | S80: 19088 | T80: 36275 | W80: 36275 | Z80: 22 | AA80: JOSE SANCHEZ RUBIO | AF80: 152 | AG80: 28 | AH80: 28250 | AI80: 918594133 | AN80: 12096 | AO80: 152 | AP80: CALLE | AQ80: P | AT80: 421326 | AU80: 4492056 | AV80: 15200488 | AW80: N | AZ80: SUCAETRS | BA80: ESP | BC80: N | BI80: 42502.398 | BK80: 12096 | BL80: B81830150 | BN80: 2 | BQ80: LIMPIEZAS INTEGRALES RAPIDAS, S.L.L. | BS80: 37874 | BU80: 0 | BW80: PRUEBAS6 | BX80: 1 | BZ80: PCEAETER | CA80: 99 | CC80: 39785.71 | CD80: 41339.659 | CH80: ESP | CI80: 28 | CJ80: 152 | CK80: Torrelodones | CL80: 28 | CM80: 152 | CN80: 1527 | CO80: Torrelodones | CP80: TORRELODONES | CQ80: 152
A81: 10-RCOV-00038.4/2007 | B81: 28-APCA-N-2014/00342 | C81: I | D81: 12022 | E81: 1 | F81: NOVITA ASESORES, S.L. | G81: ACTIVIDAD : LAVADO, LIMPIEZA Y TEÑIDO DE PRENDAS TEXTILES Y DE PIEL RESPONSABLE : ANDRES HORCAJADA CASTRO DESCRIPCION : Tinte, limpieza en seco, lavado y planchado de ropas hechas y de prendas y artículos del hogar usados | H81: 10689 | L81: JBS37 | M81: 2800012022 | N81: LAVADO, LIMPIEZA Y TEÑIDO DE PRENDAS TEXTILES Y DE PIEL. TINTE, LIMPIEZA EN SECO, LAVADO Y PLANCHADO DE ROPAS HECHAS Y DE PRENDAS Y ARTÍCULOS DEL HOGAR USADOS | R81: 12022 | S81: 12022 | T81: 22715 | W81: 22715 | Z81: 2 | AA81: CAÑADA NUEVA | AF81: 131 | AG81: 28 | AH81: 28200 | AI81: 918960128 | AL81: 918960387 | AN81: 10689 | AO81: 131 | AP81: CALLE | AQ81: P | AT81: 403204 | AU81: 4494235 | AV81: 13100067 | AW81: S | AZ81: CARGACV | BA81: ESP | BC81: S | BI81: 42530.59 | BK81: 10689 | BL81: B80939960 | BN81: 2 | BQ81: NOVITA ASESORES, S.L. | BS81: 37396 | BU81: 0 | BW81: PRUEBAS6 | BX81: 1 | BZ81: PCEAETER | CA81: 18 | CC81: 39785.71 | CD81: 41339.678 | CH81: ESP | CI81: 28 | CJ81: 131 | CK81: San Lorenzo de El Escorial | CL81: 28 | CM81: 131 | CN81: 1317 | CO81: San Lorenzo de El Escorial | CP81: SAN LORENZO ESCORIAL | CQ81: 131
A82: 10-RCOV-00042.3/2009 | D82: 60040 | E82: 11 | F82: PRESSTO ENTERPRISES, S.L.U. | H82: 10657 | K82: MBU0 | L82: PCEAETER | M82: 2800022941 | N82: - | R82: 62659 | S82: 60040 | T82: 112815 | U82: MBU0 | V82: 26/03/09 | W82: 112815 | Z82: 2 | AA82: SANTOLINA | AC82: LOCAL 1 | AF82: 127 | AG82: 28 | AH82: 28230 | AI82: 0 | AN82: 10657 | AO82: 127 | AP82: CALLE | AQ82: P | AT82: 421257 | AU82: 4485440 | AV82: 12703088 | AW82: N | AX82: URBANIZACION EL CANTIZAL | AY82: MBU0 | AZ82: SUCAETRS | BA82: ESP | BC82: N | BH82: 39898 | BI82: 42502.399 | BK82: 10657 | BL82: B80915283 | BN82: 2 | BQ82: PRESSTO ENTERPRISES, S.L.U. | BS82: 36161 | BU82: 0 | BW82: PRUEBAS6 | BX82: 1 | BZ82: PCEAETER | CA82: 99 | CC82: 39785.71 | CD82: 41339.679 | CH82: ESP | CI82: 28 | CJ82: 127 | CK82: Rozas de Madrid, Las | CL82: 28 | CM82: 127 | CN82: 1277 | CO82: Las Rozas de Madrid | CP82: ROZAS MADRID | CQ82: 127
A83: 10-RCOV-00007.7/2019 | B83: 28-APCA-N-2014/00390 | C83: I | D83: 11989 | E83: 10 | F83: PRESSTO ENTERPRISES, S.L.U. | G83: ACTIVIDAD : LAVADO, LIMPIEZA Y TEÑIDO DE PRENDAS TEXTILES Y DE PIEL RESPONSABLE : JAVIER PELAYO DESCRIPCION : Lavanderías, tintorerías y servicios similares | H83: 10657 | L83: ABH9 | M83: 2800018688 | N83: LAVADO, LIMPIEZA Y TEÑIDO DE PRENDAS TEXTILES Y DE PIEL. LAVANDERÍAS, TINTORERÍAS Y SERVICIOS SIMILARES | R83: 11989 | S83: 11989 | T83: 122260 | W83: 122260 | Z83: S/N | AA83: JUAN CARLOS I | AF83: 5 | AG83: 28 | AH83: 28806 | AI83: 0 | AN83: 10657 | AO83: 005 | AP83: AVDA | AQ83: P | AT83: 466189 | AU83: 4481351 | AV83: 00507180 | AW83: N | AX83: EL CORTE INGLES | AY83: MRD58 | AZ83: ABH9 | BA83: ESP | BC83: N | BH83: 40472 | BI83: 43042 | BK83: 10657 | BL83: B80915283 | BN83: 2 | BQ83: PRESSTO ENTERPRISES, S.L.U. | BS83: 36161 | BU83: 0 | BW83: PRUEBAS6 | BX83: 1 | BZ83: PCEAETER | CA83: 99 | CC83: 39785.71 | CD83: 41339.679 | CH83: ESP | CI83: 28 | CJ83: 005 | CK83: Alcalá de Henares | CL83: 28 | CM83: 5 | CN83: 0053 | CO83: Alcalá de Henares | CP83: ALCALÁ HENARES | CQ83: 005
A84: 10-RCOV-00086.3/2007 | B84: 28-APCA-N-2014/00395 | C84: I | D84: 11988 | E84: 8 | F84: PRESSTO ENTERPRISES, S.L.U. | G84: ACTIVIDAD : LAVADO, LIMPIEZA Y TEÑIDO DE PRENDAS TEXTILES Y DE PIEL RESPONSABLE : ALFREDO ZAMORA PALACIOS DESCRIPCION : Tinte, limpieza en seco, lavado y planchado de ropas hechas y de prendas y artículos del hogar usados | H84: 10657 | L84: PCEAETER | M84: 2800018682 | N84: LAVADO, LIMPIEZA Y TEÑIDO DE PRENDAS TEXTILES Y DE PIEL. TINTE, LIMPIEZA EN SECO, LAVADO Y PLANCHADO DE ROPAS HECHAS Y DE PRENDAS Y ARTÍCULOS DEL HOGAR USADOS | R84: 11988 | S84: 11988 | T84: 22649 | W84: 22649 | Z84: 1 | AA84: DE MARGARITA DE PARMA | AF84: 79 | AG84: 28 | AH84: 28045 | AI84: 913858200 | AL84: 915930595 | AN84: 10657 | AO84: 079 | AP84: CALLE | AQ84: P | AT84: 443994 | AU84: 4483253 | AV84: 07945981 | AW84: S | AZ84: CARGACV | BA84: ESP | BC84: N | BI84: 42530.591 | BK84: 10657 | BL84: B80915283 | BN84: 2 | BQ84: PRESSTO ENTERPRISES, S.L.U. | BS84: 36161 | BU84: 0 | BW84: PRUEBAS6 | BX84: 1 | BZ84: PCEAETER | CA84: 99 | CC84: 39785.71 | CD84: 41339.679 | CH84: ESP | CI84: 28 | CJ84: 079 | CK84: Madrid | CL84: 28 | CM84: 79 | CN84: 0796 | CO84: Madrid | CP84: MADRID | CQ84: 900
A85: 10-RCOV-00029.6/2009 | B85: 28-APCA-N-2014/00325 | C85: I | D85: 62600 | E85: 15 | F85: PRESSTO ENTERPRISES, S.L.U. | H85: 10657 | K85: ADM81 | L85: PCEAETER | M85: 2800062600 | N85: - | R85: 65164 | S85: 62600 | T85: 115550 | U85: ADM81 | V85: 19/08/09 | W85: 115550 | Z85: 13 | AA85: DE BASCUÑUELOS | AB85: VILLAVERDE ALTO | AE85: H | AF85: 79 | AG85: 28 | AH85: 28010 | AI85: 917974889 | AJ85: 913858200 | AN85: 10657 | AO85: 079 | AP85: CALLE | AQ85: P | AT85: 439461 | AU85: 4465451 | AV85: 07945303 | AW85: S | AY85: ADM81 | AZ85: CARGACV | BA85: ESP | BC85: N | BH85: 40044 | BI85: 42531.569 | BK85: 10657 | BL85: B80915283 | BN85: 2 | BQ85: PRESSTO ENTERPRISES, S.L.U. | BS85: 36161 | BU85: 0 | BW85: PRUEBAS6 | BX85: 1 | BZ85: PCEAETER | CA85: 99 | CC85: 39785.71 | CD85: 41339.679 | CH85: ESP | CI85: 28 | CJ85: 079 | CK85: Madrid | CL85: 28 | CM85: 79 | CN85: 0796 | CO85: Madrid | CP85: MADRID | CQ85: 900
A86: 10-RCOV-00290.5/2007 | B86: 28-APCA-N-2013/00074 | C86: B | D86: 76476 | E86: 2 | F86: ASUMHER, S.L. | G86: CENTRO CREADO AL DETECTAR QUE SE TRATA DE DOS INSTALACIONES. NUEVA UBICACION Cº VIEJO DE GETAFE, 59 | H86: 9200 | I86: 2012 | J86: 318 | K86: AGC1279 | L86: PCEAETER | M86: 2800076476 | N86: - | R86: 78637 | S86: 76476 | T86: 19564 | U86: AGC1279 | V86: 17/05/12 | W86: 19564 | Z86: 59 | AA86: VIEJO GETAFE | AB86: EL PALOMO | AF86: 58 | AG86: 28 | AH86: 28946 | AI86: 916908996 | AL86: 918945515 | AN86: 9200 | AO86: 058 | AP86: CMNO | AQ86: P | AT86: 434047 | AU86: 4459346 | AW86: N | AZ86: E_PCM47 | BA86: ESP | BB86: www.asumher.com | BC86: S | BI86: 42755 | BK86: 9200 | BL86: B79347233 | BN86: 2 | BQ86: ASUMHER, S.L. | BS86: 36161 | BU86: 0 | BW86: PRUEBAS6 | BX86: 1 | BZ86: PCEAETER | CA86: 99 | CC86: 39785.71 | CD86: 41339.702 | CH86: ESP | CI86: 28 | CJ86: 058 | CK86: Fuenlabrada | CL86: 28 | CM86: 58 | CN86: 0587 | CO86: Fuenlabrada | CP86: FUENLABRADA | CQ86: 058
A87: 10-RCOV-00406.8/2007 | B87: 28-APCA-N-2014/00588 | C87: I | D87: 14873 | E87: 1 | F87: LANDGOOD ASESORES, S.R.L. (TINT. TINTESEC) | G87: ACTIVIDAD : LAVADO, LIMPIEZA EN SECO DE PRENDAS TEXTILES Y DE PIEL RESPONSABLE : VICENTE ALCARAZ PAYA DESCRIPCION : Lavanderías, tintorerías y servicios similares | H87: 13321 | L87: E_JCG129 | M87: 2800014873 | N87: LAVADO, LIMPIEZA EN SECO DE PRENDAS TEXTILES Y DE PIEL. LAVANDERÍAS, TINTORERÍAS Y SERVICIOS SIMILARES | O87: 42439 | P87: CAMBIO DE TITULARIDAD (NUEVO 10-RESI-684.2/2016) | R87: 14873 | S87: 14873 | T87: 28197 | W87: 28197 | Z87: 51 | AA87: DE CALERUEGA | AF87: 79 | AG87: 28 | AH87: 28033 | AI87: 917661089 | AL87: 913830632 | AN87: 13321 | AO87: 079 | AP87: CALLE | AQ87: P | AT87: 443022 | AU87: 4481388 | AV87: 07909622 | AW87: S | AZ87: CARGACV | BA87: ESP | BC87: S | BI87: 42530.523 | BK87: 13321 | BL87: B82670134 | BN87: 2 | BQ87: LANDGOOD ASESORES, S.R.L. | BS87: 37085 | BU87: 0 | BW87: PRUEBAS6 | BX87: 1 | BZ87: PCEAETER | CA87: 99 | CC87: 39785.71 | CD87: 41339.639 | CH87: ESP | CI87: 28 | CJ87: 079 | CK87: Madrid | CL87: 28 | CM87: 79 | CN87: 0796 | CO87: Madrid | CP87: MADRID | CQ87: 900
A88: 10-RCOV-00032.8/2013 | B88: 28-APCA-N-2013/00079 | C88: I | D88: 14885 | E88: 1 | F88: INVERSIONES JAPE 2000, S.L. | G88: ACTIVIDAD : LAVADO, LIMPIEZA Y TEÑIDO DE PRENDAS TEXTILES Y DE PIEL RESPONSABLE : FCO. JAVIER JABAGA DESCRIPCION : Lavanderías, tintorerías y servicios similares | H88: 13333 | L88: BENGOA | M88: 2800014885 | N88: LAVADO, LIMPIEZA Y TEÑIDO DE PRENDAS TEXTILES Y DE PIEL. LAVANDERÍAS, TINTORERÍAS Y SERVICIOS SIMILARES | R88: 14885 | S88: 14885 | T88: 28221 | W88: 28221 | Z88: 1-3 | AA88: MAR MEDITERRANEO | AD88: L43 | AF88: 161 | AG88: 28 | AH88: 28340 | AI88: 918953035 | AL88: 913721662 | AN88: 13333 | AO88: 161 | AP88: AVDA | AQ88: P | AT88: 441962 | AU88: 4448024 | AV88: 16110044 | AW88: N | AZ88: SUCAETRS | BA88: ESP | BC88: S | BI88: 42502.396 | BK88: 13333 | BL88: B82691239 | BN88: 2 | BQ88: INVERSIONES JAPE 2000, S.L. | BS88: 37753 | BU88: 0 | BW88: PRUEBAS6 | BX88: 1 | BZ88: PCEAETER | CA88: 99 | CC88: 39785.71 | CD88: 41339.639 | CH88: ESP | CI88: 28 | CJ88: 161 | CK88: Valdemoro | CL88: 28 | CM88: 161 | CN88: 1610 | CO88: Valdemoro | CP88: VALDEMORO | CQ88: 161
A89: 10-RCOV-00084.7/2008 | B89: 28-APCA-N-2014/00393 | C89: I | D89: 13442 | E89: 1 | F89: TINTORERIAS LIMI, S.L. | G89: ACTIVIDAD : LAVADO, LIMPIEZA Y TEÑIDO DE PRENDAS TEXTILES Y DE PIEL RESPONSABLE : ALFONSO CALVO DESCRIPCION : Tinte, limpieza en seco, lavado y planchado de ropas hechas y de prendas y artículos del hogar usados | H89: 11989 | L89: PCEAETER | M89: 2800013442 | N89: LAVADO, LIMPIEZA Y TEÑIDO DE PRENDAS TEXTILES Y DE PIEL . TINTE, LIMPIEZA EN SECO, LAVADO Y PLANCHADO DE ROPAS HECHAS Y DE PRENDAS Y ARTÍCULOS DEL HOGAR USADOS | R89: 13442 | S89: 13442 | T89: 25434 | W89: 25434 | Z89: 195 | AA89: DE MORATALAZ | AF89: 79 | AG89: 28 | AH89: 28030 | AI89: 914300895 | AL89: 916425352 | AN89: 11989 | AO89: 079 | AP89: AVDA | AQ89: P | AT89: 445490 | AU89: 4473405 | AV89: 07904198 | AW89: S | AZ89: CARGACV | BA89: ESP | BC89: S | BI89: 42530.556 | BK89: 11989 | BL89: B81755589 | BN89: 2 | BQ89: TINTORERIAS LIMI, S.L. | BS89: 37581 | BU89: 0 | BW89: PRUEBAS6 | BX89: 1 | BZ89: PCEAETER | CA89: 99 | CC89: 39785.71 | CD89: 41339.66 | CH89: ESP | CI89: 28 | CJ89: 079 | CK89: Madrid | CL89: 28 | CM89: 79 | CN89: 0796 | CO89: Madrid | CP89: MADRID | CQ89: 900
A90: 10-RCOV-00186.6/2007 | D90: 11898 | E90: 1 | F90: CHAPIHOUSE, S.L. | G90: ACTIVIDAD : LIMPIEZA EN SECO DE PRENDAS TEXTILES RESPONSABLE : ROCIO FERNANDEZ PARDO DESCRIPCION : Tinte, limpieza en seco, lavado y planchado de ropas hechas y de prendas y artículos del hogar usados | H90: 10579 | L90: ABH9 | M90: 2800011898 | N90: LIMPIEZA EN SECO DE PRENDAS TEXTILES. TINTE, LIMPIEZA EN SECO, LAVADO Y PLANCHADO DE ROPAS HECHAS Y DE PRENDAS Y ARTÍCULOS DEL HOGAR USADOS | R90: 11898 | S90: 11898 | T90: 22481 | W90: 22481 | Z90: 91 | AA90: DE PABLO NERUDA | AF90: 79 | AG90: 28 | AH90: 28018 | AI90: 917772882 | AL90: 917775350 | AN90: 10579 | AO90: 079 | AP90: AVDA | AQ90: P | AS90: 0 | AT90: 443792 | AU90: 4470275 | AV90: 07909733 | AW90: S | AZ90: CARGACV | BA90: ESP | BC90: N | BI90: 43041 | BK90: 10579 | BL90: B80866973 | BN90: 2 | BQ90: CHAPIHOUSE, S.L. | BS90: 36161 | BU90: 0 | BW90: PRUEBAS6 | BX90: 1 | BZ90: PCEAETER | CA90: 99 | CC90: 39785.71 | CD90: 41339.681 | CH90: ESP | CI90: 28 | CJ90: 079 | CK90: Madrid | CL90: 28 | CM90: 79 | CN90: 0796 | CO90: Madrid | CP90: MADRID | CQ90: 900
A91: 10-RCOV-00416.1/2007 | B91: 28-APCA-N-2014/00593 | C91: I | D91: 14743 | E91: 1 | F91: INVERSIONES PURA SANGRE, S.R.L. | G91: ACTIVIDAD : LAVADO, LIMPIEZA Y TEÑIDO DE PRENDAS TEXTILES Y DE PIEL RESPONSABLE : VICTORIA MONTERO GONZALEZ DESCRIPCION : | H91: 13198 | L91: PCEAETER | M91: 2800014743 | N91: LAVADO, LIMPIEZA Y TEÑIDO DE PRENDAS TEXTILES Y DE PIEL. | R91: 14743 | S91: 14743 | T91: 27944 | W91: 27944 | Z91: 113 | AA91: DE CARTAGENA | AF91: 79 | AG91: 28 | AH91: 28002 | AI91: 915192177 | AL91: 916093410 | AN91: 13198 | AO91: 079 | AP91: CALLE | AQ91: P | AT91: 442771 | AU91: 4476904 | AV91: 07901167 | AW91: S | AZ91: CARGACV | BA91: ESP | BC91: S | BI91: 42530.526 | BK91: 13198 | BL91: B82552738 | BN91: 2 | BQ91: INVERSIONES PURA SANGRE, S.R.L. | BS91: 36914 | BU91: 0 | BW91: PRUEBAS6 | BX91: 1 | BZ91: PCEAETER | CA91: 99 | CC91: 39785.71 | CD91: 41339.641 | CH91: ESP | CI91: 28 | CJ91: 079 | CK91: Madrid | CL91: 28 | CM91: 79 | CN91: 0796 | CO91: Madrid | CP91: MADRID | CQ91: 900
A92: 10-RCOV-00005.5/2016 | B92: 28-APCA-N-2016/00033 | C92: I | D92: 94346 | E92: 2800 | F92: INVERSIONES PURA SANGRE, S.R.L. | G92: LOCAL DESPACHO DE RECOGIDA DE PRENDAS | H92: 13198 | K92: ABH9 | L92: ABH9 | M92: 2800074282 | R92: 95982 | S92: 94346 | T92: 152074 | U92: ABH9 | V92: 30/05/16 | W92: 152074 | Z92: 22 | AA92: DE CANILLAS | AF92: 79 | AG92: 28 | AH92: 28002 | AI92: 915619304 | AK92: 649353788 | AN92: 13198 | AO92: 079 | AP92: CALLE | AQ92: P | AS92: 0 | AT92: 442718 | AU92: 4476982 | AV92: 07901033 | AW92: S | AY92: ABH9 | AZ92: CARGACV | BA92: ESP | BC92: N | BH92: 42520 | BI92: 42520 | BK92: 13198 | BL92: B82552738 | BN92: 2 | BQ92: INVERSIONES PURA SANGRE, S.R.L. | BS92: 36914 | BU92: 0 | BW92: PRUEBAS6 | BX92: 1 | BZ92: PCEAETER | CA92: 99 | CC92: 39785.71 | CD92: 41339.641 | CH92: ESP | CI92: 28 | CJ92: 079 | CK92: Madrid | CL92: 28 | CM92: 79 | CN92: 0796 | CO92: Madrid | CP92: MADRID | CQ92: 900
A93: 10-RCOV-00122.8/2007 | B93: 28-APCA-N-2014/00423 | C93: I | D93: 13326 | E93: 1 | F93: COMERCIAL VOLAPUK, S.L. (TINTORERIAS PRESS TO) | G93: ACTIVIDAD : LIMPIEZA Y TEÑIDO PRENDAS TEXTILES Y PIEL RESPONSABLE : MANUEL BERMUDEZ BERMUDEZ DESCRIPCION : | H93: 11882 | L93: PCEAETER | M93: 2800013326 | N93: LIMPIEZA Y TEÑIDO PRENDAS TEXTILES Y PIEL. | R93: 13326 | S93: 13326 | T93: 25211 | W93: 25211 | Z93: 16 | AA93: LOPE DE FIGUEROA | AF93: 5 | AG93: 28 | AH93: 28804 | AI93: 91896590 | AL93: 916914578 | AN93: 11882 | AO93: 005 | AP93: AVDA | AQ93: P | AT93: 470300 | AU93: 4481822 | AV93: 005A0406 | AW93: S | AZ93: CARGACV | BA93: ESP | BC93: S | BI93: 42530.559 | BK93: 11882 | BL93: B81680373 | BN93: 2 | BQ93: COMERCIAL VOLAPUK, S.L. (TINTORERIAS PRESS TO) | BS93: 36161 | BU93: 0 | BW93: PRUEBAS6 | BX93: 1 | BZ93: PCEAETER | CA93: 99 | CC93: 39785.71 | CD93: 41339.661 | CH93: ESP | CI93: 28 | CJ93: 005 | CK93: Alcalá de Henares | CL93: 28 | CM93: 5 | CN93: 0053 | CO93: Alcalá de Henares | CP93: ALCALÁ HENARES | CQ93: 005
A94: 10-RCOV-00014.0/2012 | B94: 28-APCA-N-2014/00768 | C94: B | D94: 11762 | E94: 1 | F94: MOCAMPO, S.L. | G94: ACTIVIDAD : LAVADO, LIMPIEZA EN SECO DE PRENDAS TEXTILES Y DE PIEL RESPONSABLE : NICOLE VELA VIDAURRE DESCRIPCION : Tinte, limpieza en seco, lavado y planchado de ropas hechas y de prendas y artículos del hogar usados | H94: 10452 | L94: PCEAETER | M94: 2800011762 | N94: LAVADO, LIMPIEZA EN SECO DE PRENDAS TEXTILES Y DE PIEL. TINTE, LIMPIEZA EN SECO, LAVADO Y PLANCHADO DE ROPAS HECHAS Y DE PRENDAS Y ARTÍCULOS DEL HOGAR USADOS | R94: 11762 | S94: 11762 | T94: 22218 | W94: 22218 | Z94: 1 | AA94: DE LA HIRUELA | AF94: 79 | AG94: 28 | AH94: 28035 | AI94: 913866399 | AL94: 916581262 | AN94: 10452 | AO94: 079 | AP94: CALLE | AQ94: P | AT94: 439045 | AU94: 4480460 | AV94: 07945113 | AW94: S | AZ94: CARGACV | BA94: ESP | BC94: S | BI94: 42530.595 | BK94: 10452 | BL94: B80790835 | BN94: 2 | BQ94: MOCAMPO, S.L. | BS94: 36283 | BU94: 0 | BW94: PRUEBAS6 | BX94: 1 | BZ94: PCEAETER | CA94: 99 | CC94: 39785.71 | CD94: 41339.682 | CH94: ESP | CI94: 28 | CJ94: 079 | CK94: Madrid | CL94: 28 | CM94: 79 | CN94: 0796 | CO94: Madrid | CP94: MADRID | CQ94: 900
A95: 10-RCOV-00066.8/2007 | D95: 14759 | E95: 2 | F95: GULIAS TINTE, S.L. (TINTORERIAS PRESS TO) | G95: ACTIVIDAD : TINTORERIA RESPONSABLE : JOSE ALBERTO GULIAS NANTES DESCRIPCION : | H95: 13213 | L95: PCEAETER | M95: 2800014759 | N95: TINTORERIA. | R95: 14759 | S95: 14759 | T95: 27975 | W95: 27975 | Z95: 69 | AA95: DEL GENERAL PARDIÑAS | AF95: 79 | AG95: 28 | AH95: 28006 | AI95: 649964560 | AL95: 916620566 | AN95: 13213 | AO95: 079 | AP95: CALLE | AQ95: P | AT95: 442467 | AU95: 4476059 | AV95: 07902517 | AW95: S | AZ95: CARGACV | BA95: ESP | BC95: N | BI95: 42530.527 | BK95: 13213 | BL95: B82571530 | BN95: 2 | BQ95: GULIAS TINTE, S.L. (TINTORERIAS PRESS TO) | BS95: 36780 | BU95: 0 | BW95: PRUEBAS6 | BX95: 1 | BZ95: PCEAETER | CA95: 99 | CC95: 39785.71 | CD95: 41339.641 | CH95: ESP | CI95: 28 | CJ95: 079 | CK95: Madrid | CL95: 28 | CM95: 79 | CN95: 0796 | CO95: Madrid | CP95: MADRID | CQ95: 900
A96: 10-RCOV-00364.6/2007 | B96: 28-APCA-N-2014/00571 | C96: I | D96: 14772 | E96: 1 | F96: CHISPASEC, S. L. | G96: ACTIVIDAD : LAVADO, LIMPIEZA Y TEÑIDO DE PRENDAS TEXTILES Y DE PIEL RESPONSABLE : MIREN IRAZOQUI DESCRIPCION : Tinte, limpieza en seco, lavado y planchado de ropas hechas y de prendas y artículos del hogar usados | H96: 13225 | L96: PCEAETER | M96: 2800014772 | N96: LAVADO, LIMPIEZA Y TEÑIDO DE PRENDAS TEXTILES Y DE PIEL. TINTE, LIMPIEZA EN SECO, LAVADO Y PLANCHADO DE ROPAS HECHAS Y DE PRENDAS Y ARTÍCULOS DEL HOGAR USADOS | R96: 14772 | S96: 14772 | T96: 28000 | W96: 28000 | Z96: 116 | AA96: DE HORTALEZA | AF96: 79 | AG96: 28 | AH96: 28004 | AI96: 914485401 | AL96: 916620566 | AN96: 13225 | AO96: 079 | AP96: CALLE | AQ96: P | AT96: 440881 | AU96: 4475277 | AV96: 07902800 | AW96: S | AZ96: CARGACV | BA96: ESP | BC96: N | BI96: 42530.526 | BK96: 13225 | BL96: B82583949 | BN96: 2 | BQ96: CHISPASEC, S. L. | BS96: 37230 | BU96: 0 | BW96: PRUEBAS6 | BX96: 1 | BZ96: PCEAETER | CA96: 99 | CC96: 39785.71 | CD96: 41339.641 | CH96: ESP | CI96: 28 | CJ96: 079 | CK96: Madrid | CL96: 28 | CM96: 79 | CN96: 0796 | CO96: Madrid | CP96: MADRID | CQ96: 900
A97: 10-RCOV-00019.6/2021 | B97: 28-APCA-N-2021/00073 | C97: I | D97: 112159 | E97: 2 | F97: CHISPASEC, S. L. | H97: 13225 | K97: E_CRR99 | L97: ABH9 | M97: 2800112159 | N97: - | R97: 112968 | S97: 112159 | T97: 171744 | U97: E_CRR99 | V97: 18/11/20 | W97: 171744 | Z97: 2 | AA97: DE BURGOS | AF97: 79 | AG97: 28 | AH97: 28039 | AI97: 0 | AK97: 609117672 | AN97: 13225 | AO97: 079 | AP97: CALLE | AQ97: P | AS97: 0 | AT97: 440097 | AU97: 4478897 | AV97: 07900918 | AW97: S | AY97: E_CRR99 | AZ97: ABH9 | BA97: ESP | BC97: N | BH97: 44153 | BI97: 44439 | BK97: 13225 | BL97: B82583949 | BN97: 2 | BQ97: CHISPASEC, S. L. | BS97: 37230 | BU97: 0 | BW97: PRUEBAS6 | BX97: 1 | BZ97: PCEAETER | CA97: 99 | CC97: 39785.71 | CD97: 41339.641 | CH97: ESP | CI97: 28 | CJ97: 079 | CK97: Madrid | CL97: 28 | CM97: 79 | CN97: 0796 | CO97: Madrid | CP97: MADRID | CQ97: 900
A98: 10-RCOV-00159.3/2007 | B98: 28-APCA-N-2014/00455 | C98: I | D98: 13264 | E98: 1 | F98: TINTORERIA GIL SEC, S.L. | G98: ACTIVIDAD : LIMPIEZA EN SECO DE PRENDAS TEXTILES Y DE PIEL RESPONSABLE : GONZALO GIL SAN JOSE DESCRIPCION : Tinte, limpieza en seco, lavado y planchado de ropas hechas y de prendas y artículos del hogar usados | H98: 11825 | L98: PCEAETER | M98: 2800013264 | N98: LIMPIEZA EN SECO DE PRENDAS TEXTILES Y DE PIEL. TINTE, LIMPIEZA EN SECO, LAVADO Y PLANCHADO DE ROPAS HECHAS Y DE PRENDAS Y ARTÍCULOS DEL HOGAR USADOS | R98: 13264 | S98: 13264 | T98: 25092 | W98: 25092 | Z98: 66 | AA98: DEL MONTE PERDIDO | AF98: 79 | AG98: 28 | AH98: 28053 | AI98: 914774284 | AL98: 913885784 | AN98: 11825 | AO98: 079 | AP98: CALLE | AQ98: P | AT98: 443321 | AU98: 4471625 | AV98: 07904155 | AW98: S | AZ98: CARGACV | BA98: ESP | BC98: S | BI98: 42530.56 | BK98: 11825 | BL98: B81636029 | BN98: 2 | BQ98: TINTORERIA GIL SEC, S.L. | BS98: 36382 | BU98: 0 | BW98: PRUEBAS6 | BX98: 1 | BZ98: PCEAETER | CA98: 99 | CC98: 39785.71 | CD98: 41339.663 | CH98: ESP | CI98: 28 | CJ98: 079 | CK98: Madrid | CL98: 28 | CM98: 79 | CN98: 0796 | CO98: Madrid | CP98: MADRID | CQ98: 900
A99: 10-RCOV-00216.4/2007 | B99: 28-APCA-N-2014/00492 | C99: B | D99: 13175 | E99: 1 | F99: TUCANBEL, S.L. (TINTORERIAS PRESS TO) | G99: ACTIVIDAD : LAVADO, LIMPIEZA Y TEÑIDO PRENDAS TEXTILES Y PIEL RESPONSABLE : BELEN ARRIAGA TERUEL DESCRIPCION : | H99: 11744 | L99: PCEAETER | M99: 2800013175 | N99: LAVADO, LIMPIEZA Y TEÑIDO PRENDAS TEXTILES Y PIEL. | R99: 13175 | S99: 13175 | T99: 24922 | W99: 24922 | Z99: 1 | AA99: DE BERNARDINA ARANGUREN | AF99: 79 | AG99: 28 | AH99: 28025 | AI99: 914613834 | AL99: 916372768 | AN99: 11744 | AO99: 079 | AP99: CALLE | AQ99: P | AT99: 437086 | AU99: 4471290 | AV99: 07900819 | AW99: S | AZ99: CARGACV | BA99: ESP | BC99: S | BI99: 42530.563 | BK99: 11744 | BL99: B81599540 | BN99: 2 | BQ99: TUCANBEL, S.L. (TINTORERIAS PRESS TO) | BS99: 36161 | BU99: 0 | BW99: PRUEBAS6 | BX99: 1 | BZ99: PCEAETER | CA99: 99 | CC99: 39785.71 | CD99: 41339.663 | CH99: ESP | CI99: 28 | CJ99: 079 | CK99: Madrid | CL99: 28 | CM99: 79 | CN99: 0796 | CO99: Madrid | CP99: MADRID | CQ99: 900
A100: 10-RCOV-00044.2/2007 | B100: 28-APCA-N-2014/00349 | C100: I | D100: 13197 | E100: 1 | F100: TINTORERIA GALAICA, S.L. | G100: ACTIVIDAD : LAVADO, LIMPIEZA Y TEÑIDO DE PRENDAS TEXTILES Y DE PIEL RESPONSABLE : EMERITA DIAZ DIAZ DESCRIPCION : Tinte, limpieza en seco, lavado y planchado de ropas hechas y de prendas y artículos del hogar usados | H100: 11764 | L100: PCEAETER | M100: 2800013197 | N100: LAVADO, LIMPIEZA Y TEÑIDO DE PRENDAS TEXTILES Y DE PIEL. TINTE, LIMPIEZA EN SECO, LAVADO Y PLANCHADO DE ROPAS HECHAS Y DE PRENDAS Y ARTÍCULOS DEL HOGAR USADOS | R100: 13197 | S100: 13197 | T100: 24964 | W100: 24964 | Z100: 47 | AA100: DE ARDEMÁNS | AF100: 79 | AG100: 28 | AH100: 28028 | AI100: 917260967 | AL100: 916618340 | AN100: 11764 | AO100: 079 | AP100: CALLE | AQ100: P | AT100: 442869 | AU100: 4476289 | AV100: 07900538 | AW100: S | AZ100: CARGACV | BA100: ESP | BC100: S | BI100: 42530.563 | BK100: 11764 | BL100: B81612350 | BN100: 2 | BQ100: TINTORERIA GALAICA, S.L. | BS100: 37657 | BU100: 0 | BW100: PRUEBAS6 | BX100: 1 | BZ100: PCEAETER | CA100: 99 | CC100: 39785.71 | CD100: 41339.663 | CH100: ESP | CI100: 28 | CJ100: 079 | CK100: Madrid | CL100: 28 | CM100: 79 | CN100: 0796 | CO100: Madrid | CP100: MADRID | CQ100: 900
...

Sheet DATOS INDUSTRIAS 2024
A1: N_Registro | B1: Nº APCA | C1: Epigrafe | D1: R_Social | E1: Consumo_disolvente (kg/año)
A2: 10-RCOV-00001.1/2010 | B2: =VLOOKUP($A$2:$A$53,Sheet1!$A$1:$F$1023,2,FALSE) -> 28-APCA-2014/00035 | C2: 17 | D2: REVESTIMIENTOS INDUSTRIALES, S.A. | E2: 448212
A3: 10-RCOV-00001.1/2016 | B3: =VLOOKUP($A$2:$A$53,Sheet1!$A$1:$F$1023,2,FALSE) -> 28-APCA-N-2015/00178 | C3: 3 | D3: INTRAPAPEL, S.A. | E3: 107989
A4: 10-RCOV-00001.2/2022 | B4: =VLOOKUP($A$2:$A$53,Sheet1!$A$1:$F$1023,2,FALSE) -> 28-APCA-N-2021/00134 | C4: 8 | D4: SIDERÚRGICA REQUENA, S.A. | E4: 3147
A5: 10-RCOV-00002.2/2016 | B5: =VLOOKUP($A$2:$A$53,Sheet1!$A$1:$F$1023,2,FALSE) -> 28-APCA-2015/00013 | C5: 1 | D5: MONTERREINA COMUNICACIÓN, S.L.U. | E5: 3765
A6: 10-RCOV-00003.1/2020 | B6: =VLOOKUP($A$2:$A$53,Sheet1!$A$1:$F$1023,2,FALSE) -> 28-APCA-N-2019/00020 | C6: 5 | D6: ACITURRI GETAFE, S.L. | E6: 3822
A7: 10-RCOV-00003.4/2022 | B7: =VLOOKUP($A$2:$A$53,Sheet1!$A$1:$F$1023,2,FALSE) -> 28-APCA-2022/00013 | C7: 17 | D7: RALVA, S.L.U. | E7: 1985797
A8: 10-RCOV-00004.4/2019 | B8: =VLOOKUP($A$2:$A$53,Sheet1!$A$1:$F$1023,2,FALSE) -> 28-APCA-2019/00023 | C8: 17 | D8: REVOCOAT IBERICA, S.L.U. | E8: 562000
A9: 10-RCOV-00007.1/2015 | B9: =VLOOKUP($A$2:$A$53,Sheet1!$A$1:$F$1023,2,FALSE) -> 28-APCA-N-2023/00099 | C9: 16 | D9: HUTCHINSON INDUSTRIAS DEL CAUCHO | E9: 3623
A10: 10-RCOV-00007.5/2020 | B10: =VLOOKUP($A$2:$A$53,Sheet1!$A$1:$F$1023,2,FALSE) -> 28-APCA-N-2019/00009 | C10: 10 | D10: RODAPIES ROYMA, S.L | E10: 28840
A11: 10-RCOV-00010.6/2021 | B11: =VLOOKUP($A$2:$A$53,Sheet1!$A$1:$F$1023,2,FALSE) -> 28-APCA-XX-20191028-01 | C11: 5 | D11: TRANSERVI, S.A. | E11: 4409
A12: 10-RCOV-00011.0/2017 | B12: =VLOOKUP($A$2:$A$53,Sheet1!$A$1:$F$1023,2,FALSE) -> 28-APCA-N-2013/00008 | C12: 4 | D12: NAGAMOHR, S.A. | E12: 3078
A13: 10-RCOV-00013.2/2017 | B13: =VLOOKUP($A$2:$A$53,Sheet1!$A$1:$F$1023,2,FALSE) -> 28-APCA-2016/00024 | C13: 20 | D13: LABORATORIOS ALCALA FARMA, S.L. | E13: 67851
... A43: 10-RCOV-00479.7/2007 | B43: =VLOOKUP($A$2:$A$53,Sheet1!$A$1:$F$1023,2,FALSE) -> 28-APCA-N-2020/00047 | C43: 3 | D43: TETRA PAK ENVASES, S.A. | E43: 1920
A44: 10-RCOV-10001.2/2022 | B44: 28-APCA-N-2021/00134 | C44: 5 | D44: SIDERÚRGICA REQUENA, S.A. | E44: 4756
A45: 10-RCOV-10014.3/2017 | B45: 28-APCA-N-2016/00063 | C45: 5 | D45: ACITURRI AEROSTRUCTURES S.L. (ANTES ACITURRI COMPOSITES, S.L.U.) | E45: 4557
A46: 10-RCOV-10018.0/2007 | B46: 28-APCA-N-2019/00016 | C46: 8 | D46: RENFE OPERADORA (TALLER DE VILLAVERDE) | E46: 8551
A47: 10-RCOV-10033.5/2008 | B47: 28-APCA-2016/00089 | C47: 5 | D47: PATENTES TALGO, SL | E47: 1515
A48: 10-RCOV-10087.1/2008 | B48: 28-APCA-N-2013/00002 | C48: 5 | D48: PROFINE IBERIA, S.A. | E48: 30031
A49: 10-RCOV-10284.7/2007 | B49: 28-APCA-2013/00035 | C49: 5 | D49: AIRBUS OPERATIONS, S.L. | E49: 6969
A50: 26-RCOV-00001.4/2024 | B50: =VLOOKUP($A$2:$A$53,Sheet1!$A$1:$F$1023,2,FALSE) -> 28-APCA-2024/00001 | C50: 17 | D50: MORLOPIN, S.L. | E50: 209248
A51: 26-RCOV-00003.6/2024 | B51: 28-APCA-N-2023/00059 | C51: 8 | D51: PROTECCIONES INDUSTRIALES BELTRAN, S.A. | E51: 11743
A52: 26-RCOV-00021.2/2023 | B52: =VLOOKUP($A$2:$A$53,Sheet1!$A$1:$F$1023,2,FALSE) -> 28-APCA-N-2023/00082 | C52: 8 | D52: SOLINTAL LRD, S.A | E52: 1876
A53: 26-RCOV-10013.2/2023 | B53: 28-APCA-2023/00021 | C53: 6 | D53: IMR INDSUD ESPAÑA, S.L. | E53: 56225
A54: 26-RCOV-00001.1/2025 | B54: - | C54: 16 | D54: MAT FRICTION SPAIN, S.L. | E54: 830
A55: 26-RCOV-10005.5/2025 | B55: - | C55: 8 | D55: FIVALGA SYSTEMS, S.L. | E55: 1896

Sheet DATOS TINTORERÍAS 2024
A1: N_Registro | B1: Nº APCA | C1: R_Social | D1: Consumo_disolvente (g/año)
A2: 10-RCOV-00001.3/2009 | B2: =VLOOKUP($A$2:$A$215,Sheet1!$A$1:$F$1023,2,FALSE) -> 28-APCA-N-2014/00271 | C2: TINTORERÍA EL BARCO ALCORCÓN, C.B. | D2: 56000
A3: 10-RCOV-00001.4/2012 | B3: =VLOOKUP($A$2:$A$215,Sheet1!$A$1:$F$1023,2,FALSE) -> 28-APCA-N-2014/00756 | C3: STARTEAMSEC, S.L. | D3: 60000
A4: 10-RCOV-00001.4/2015 | B4: =VLOOKUP($A$2:$A$215,Sheet1!$A$1:$F$1023,2,FALSE) -> 28-APCA-N-2015/00023 | C4: TINTE SAIGÓN | D4: 104000
A5: 10-RCOV-00001.4/2018 | B5: =VLOOKUP($A$2:$A$215,Sheet1!$A$1:$F$1023,2,FALSE) -> 28-APCA-N-2018/00002 | C5: TINTORERÍA ALCALÁ | D5: 278000
A6: 10-RCOV-00001.5/2021 | B6: =VLOOKUP($A$2:$A$215,Sheet1!$A$1:$F$1023,2,FALSE) -> 28-APCA-N-2022/00115 | C6: SERVICIOS INTEGRALES LÓPEZ BUA, S.L. (TINTORERÍA ELITE-C) | D6: 122000
A7: 10-RCOV-00001.7/2017 | B7: =VLOOKUP($A$2:$A$215,Sheet1!$A$1:$F$1023,2,FALSE) -> 28-APCA-N-2017/00001 | C7: COMERCIAL HOSTELERA DEL HENARES SL | D7: 456000
A8: 10-RCOV-00001.8/2023 | B8: =VLOOKUP($A$2:$A$215,Sheet1!$A$1:$F$1023,2,FALSE) -> 28-APCA-N-2023/00011 | C8: TINTORERIA NINES | D8: 180000
A9: 10-RCOV-00002.0/2020 | B9: =VLOOKUP($A$2:$A$215,Sheet1!$A$1:$F$1023,2,FALSE) -> 28-APCA-N-2014/00321 | C9: CARLOS GUILLEN S.L. | D9: 328000
A10: 10-RCOV-00002.0/2023 | B10: =VLOOKUP($A$2:$A$215,Sheet1!$A$1:$F$1023,2,FALSE) -> 28-APCA-N-2023/00012 | C10: TINTORERÍA TU PERCHA | D10: 437000
A11: 10-RCOV-00002.3/2022 | B11: - | C11: TINTORERÍA 5 A SEC | D11: 230000
A12: 10-RCOV-00002.4/2009 | B12: =VLOOKUP($A$2:$A$215,Sheet1!$A$1:$F$1023,2,FALSE) -> 28-APCA-N-2014/00272 | C12: TINTORERÍA TREBOL | D12: 157000
A13: 10-RCOV-00002.5/2012 | B13: =VLOOKUP($A$2:$A$215,Sheet1!$A$1:$F$1023,2,FALSE) -> 28-APCA-N-2014/00758 | C13: TINTORERÍA ANCORA | D13: 94000
A14: 10-RCOV-00002.5/2018 | B14: =VLOOKUP($A$2:$A$215,Sheet1!$A$1:$F$1023,2,FALSE) -> 28-APCA-N-2018/00001 | C14: TINTE ESPADA | D14: 96000
A15: 10-RCOV-00002.6/2021 | B15: =VLOOKUP($A$2:$A$215,Sheet1!$A$1:$F$1023,2,FALSE) -> 28-APCA-N-2021/00085 | C15: MIRIAM CEACERO RODRIGUEZ (TINTORERÍA PREVI) | D15: 66000
A16: 10-RCOV-00002.8/2017 | B16: =VLOOKUP($A$2:$A$215,Sheet1!$A$1:$F$1023,2,FALSE) -> 28-APCA-N-2017/00002 | C16: COMERCIAL HOSTELERA DEL HENARES SL | D16: 384000
A17: 10-RCOV-00003.0/2017 | B17: =VLOOKUP($A$2:$A$215,Sheet1!$A$1:$F$1023,2,FALSE) -> 28-APCA-N-2017/00006 | C17: TINTORERÍA IRIS (JAVAGA&JAVAGA) | D17: 128000
A18: 10-RCOV-00003.6/2018 | B18: =VLOOKUP($A$2:$A$215,Sheet1!$A$1:$F$1023,2,FALSE) -> 28-APCA-N-2018/00031 | C18: TINTORERÍA BATAN SEC 2000 | D18: 66000
A19: 10-RCOV-00003.8/2008 | B19: =VLOOKUP($A$2:$A$215,Sheet1!$A$1:$F$1023,2,FALSE) -> 28-APCA-N-2014/00276 | C19: AIR CLEAN TEXTIL SL | D19: 1820000
A20: 10-RCOV-00004.1/2011 | B20: =VLOOKUP($A$2:$A$215,Sheet1!$A$1:$F$1023,2,FALSE) -> 28-APCA-N-2014/00717 | C20: GEMESPA, S.L. | D20: 218200
A21: 10-RCOV-00004.1/2014 | B21: =VLOOKUP($A$2:$A$215,Sheet1!$A$1:$F$1023,2,FALSE) -> 28-APCA-N-2014/00039 | C21: ROSARIO ALONSO RODRIGUEZ | D21: 176000
A22: 10-RCOV-00004.2/2020 | B22: =VLOOKUP($A$2:$A$215,Sheet1!$A$1:$F$1023,2,FALSE) -> 28-APCA-N-2020/00003 | C22: TINTORERÍA MARY - CLEANSED TODO SERVICIOS, S.L. | D22: 262400
A23: 10-RCOV-00004.2/2023 | B23: =VLOOKUP($A$2:$A$215,Sheet1!$A$1:$F$1023,2,FALSE) -> 28-APCA-N-2023/00017 | C23: TINTORERÍA EUROPA SEC | D23: 48000
A24: 10-RCOV-00004.5/2022 | B24: - | C24: TINTORERÍA EUROPA | D24: 192000
A25: 10-RCOV-00004.8/2021 | B25: =VLOOKUP($A$2:$A$215,Sheet1!$A$1:$F$1023,2,FALSE) -> 28-APCA-N-2021/00008 | C25: ZIMALEX, S.L. | D25: 185000
A26: 10-RCOV-00005.3/2023 | B26: =VLOOKUP($A$2:$A$215,Sheet1!$A$1:$F$1023,2,FALSE) -> 28-APCA-N-2023/00018 | C26: LA TINTORERÍA | D26: 76000
A27: 10-RCOV-00005.5/2019 | B27: =VLOOKUP($A$2:$A$215,Sheet1!$A$1:$F$1023,2,FALSE) -> 28-APCA-N-2014/00287 | C27: TINTORERÍA SAN BRUNO | D27: 69000
A28: 10-RCOV-00005.6/2022 | B28: =VLOOKUP($A$2:$A$215,Sheet1!$A$1:$F$1023,2,FALSE) -> 28-APCA-N-2022/00092 | C28: TINTORERÍA ACACIAS | D28: 250400
A29: 10-RCOV-00006.0/2015 | B29: =VLOOKUP($A$2:$A$215,Sheet1!$A$1:$F$1023,2,FALSE) -> 28-APCA-N-2015/00028 | C29: CARLOS FENOY MARGULLÓN (TINTORERÍA ORIHUELA) | D29: 275000
A30: 10-RCOV-00006.1/2021 | B30: =VLOOKUP($A$2:$A$215,Sheet1!$A$1:$F$1023,2,FALSE) -> 28-APCA-N-2021/00124 | C30: MODISTILLA Y RONSEL, S.L. | D30: 560000
A31: 10-RCOV-00006.6/2013 | B31: =VLOOKUP($A$2:$A$215,Sheet1!$A$1:$F$1023,2,FALSE) -> 28-APCA-N-2013/00039 | C31: TINTORERÍA EL FARO | D31: 106000
A32: 10-RCOV-00006.6/2016 | B32: =VLOOKUP($A$2:$A$215,Sheet1!$A$1:$F$1023,2,FALSE) -> 28-APCA-N-2016/00061 | C32: TINTORERÍA JAPONESA | D32: 92000
A33: 10-RCOV-00006.7/2022 | B33: - | C33: ROCYLUC, S.L. (TINTORERÍA PRESS TO) | D33: 23120
A34: 10-RCOV-00007.1/2018 | B34: =VLOOKUP($A$2:$A$215,Sheet1!$A$1:$F$1023,2,FALSE) -> 28-APCA-N-2019/00041 | C34: TINTORERÍA CAPRICHO | D34: 13000
A35: 10-RCOV-00007.4/2014 | B35: 28-APCA-N-2014/00071 | C35: AGUA Y SECO (RSP TINTORERÍA, S.L.) | D35: 96000
A36: 10-RCOV-00007.7/2013 | B36: =VLOOKUP($A$2:$A$215,Sheet1!$A$1:$F$1023,2,FALSE) -> 28-APCA-2017/00019 | C36: EL CORTE INGLÉS | D36: 45000
A37: 10-RCOV-00007.7/2019 | B37: =VLOOKUP($A$2:$A$215,Sheet1!$A$1:$F$1023,2,FALSE) -> 28-APCA-N-2014/00390 | C37: PRESSTO ENTERPRISES, S.L.U. | D37: 480000
A38: 10-RCOV-00008.0/2022 | B38: - | C38: TINTORERÍAS LUCIALBA, S.L. | D38: 90000
A39: 10-RCOV-00008.3/2021 | B39: =VLOOKUP($A$2:$A$215,Sheet1!$A$1:$F$1023,2,FALSE) -> 28-APCA-N-2021/00044 | C39: CLEAN FASHION DYV, S.L. | D39: 48000
A40: 10-RCOV-00008.5/2014 | B40: =VLOOKUP($A$2:$A$215,Sheet1!$A$1:$F$1023,2,FALSE) -> 28-APCA-N-2014/00422 | C40: EB2 TINTOERÍA Y LAVANDERÍA, S.L. | D40: 492000
A41: 10-RCOV-00008.5/2017 | B41: =VLOOKUP($A$2:$A$215,Sheet1!$A$1:$F$1023,2,FALSE) -> 28-APCA-N-2017/00007 | C41: 5 ASEC ALCAMPO PIO XII | D41: 230000
A42: 10-RCOV-00008.6/2023 | B42: =VLOOKUP($A$2:$A$215,Sheet1!$A$1:$F$1023,2,FALSE) -> 28-APCA-N-2023/00023 | C42: TINTORERÍA LORENA | D42: 132000
A43: 10-RCOV-00008.8/2010 | B43: =VLOOKUP($A$2:$A$215,Sheet1!$A$1:$F$1023,2,FALSE) -> 28-APCA-N-2014/00284 | C43: FRANCISCO JAVIER MARTÍN RODRIGUEZ | D43: 139600
A44: 10-RCOV-00008.8/2019 | B44: =VLOOKUP($A$2:$A$215,Sheet1!$A$1:$F$1023,2,FALSE) -> 28-APCA-N-2014/00456 | C44: CASTELLANA LIMP, S.A | D44: 384000
A45: 10-RCOV-00009.0/2019 | B45: - | C45: NUEVAS TINTORERÍAS | D45: 159000
A46: 10-RCOV-00009.2/2009 | B46: =VLOOKUP($A$2:$A$215,Sheet1!$A$1:$F$1023,2,FALSE) -> 28-APCA-N-2014/00286 | C46: MONIVAN TINTES S.L. | D46: 560000
A47: 10-RCOV-00009.3/2012 | B47: =VLOOKUP($A$2:$A$215,Sheet1!$A$1:$F$1023,2,FALSE) -> 28-APCA-N-2014/00763 | C47: TINTORERÍA ALMIDÓN | D47: 76000
A48: 10-RCOV-00009.4/2021 | B48: =VLOOKUP($A$2:$A$215,Sheet1!$A$1:$F$1023,2,FALSE) -> 28-APCA-N-2022/00085 | C48: CRISEC - CRISTIAN IONEL VASIAC | D48: 64000
A49: 10-RCOV-00009.7/2023 | B49: =VLOOKUP($A$2:$A$215,Sheet1!$A$1:$F$1023,2,FALSE) -> 28-APCA-N-2023/00025 | C49: TINTOLODONES, S.L (TINTORERÍA LIMPIESEC) | D49: 361000
A50: 10-RCOV-00010.0/2020 | B50: =VLOOKUP($A$2:$A$215,Sheet1!$A$1:$F$1023,2,FALSE) -> 28-APCA-N-2020/00033 | C50: ROSA MARIA BLANCO SUAREZ | D50: 72000
A51: 10-RCOV-00010.0/2023 | B51: - | C51: COMERCIAL HOSTELERA DEL HENARES SL | D51: 96000
A52: 10-RCOV-00010.2/2019 | B52: - | C52: TINTORERÍA BENIDORM | D52: 376000
A53: 10-RCOV-00010.8/2017 | B53: =VLOOKUP($A$2:$A$215,Sheet1!$A$1:$F$1023,2,FALSE) -> 28-APCA-N-2017/00014 | C53: TINTORERÍA BENIDORM | D53: 255000
A54: 10-RCOV-00011.1/2023 | B54: - | C54: ROSA MARÍA MUÑOZ JIMÉNEZ (TINT ROMA) | D54: 720000
A55: 10-RCOV-00011.2/2007 | B55: =VLOOKUP($A$2:$A$215,Sheet1!$A$1:$F$1023,2,FALSE) -> 28-APCA-N-2014/00288 | C55: RODRIGUEZ VIDUEIRA SIMON ( TINTORERÍA HIGIENSEC) | D55: 180000
A56: 10-RCOV-00011.3/2010 | B56: =VLOOKUP($A$2:$A$215,Sheet1!$A$1:$F$1023,2,FALSE) -> 28-APCA-N-2014/00289 | C56: TINTORERÍA EUROPA (REMEDIOS BLANCO TORTOSA) | D56: 181200
A57: 10-RCOV-00011.6/2018 | B57: - | C57: TINTORERÍA A VAPOR | D57: 973000
A58: 10-RCOV-00012.6/2009 | B58: =VLOOKUP($A$2:$A$215,Sheet1!$A$1:$F$1023,2,FALSE) -> 28-APCA-N-2014/00291 | C58: TINTORERÍA CARIBE (JOSÉ ANTONIO DE LA FUENTE MOLINERO) | D58: 214000
A59: 10-RCOV-00013.3/2020 | B59: =VLOOKUP($A$2:$A$215,Sheet1!$A$1:$F$1023,2,FALSE) -> 28-APCA-N-2021/00065 | C59: DRY CLEAN LAVANDERÍA | D59: 124000
A60: 10-RCOV-00013.5/2010 | B60: =VLOOKUP($A$2:$A$215,Sheet1!$A$1:$F$1023,2,FALSE) -> 28-APCA-N-2014/00711 | C60: TINTORERÍA CASTILLA (M. CARMEN LÓPEZ GONZÁLEZ) | D60: 208000
A61: 10-RCOV-00013.5/2016 | B61: =VLOOKUP($A$2:$A$215,Sheet1!$A$1:$F$1023,2,FALSE) -> 28-APCA-N-2016/00137 | C61: REINA CLEAN, S.L. | D61: 88000
A62: 10-RCOV-00014.0/2018 | B62: =VLOOKUP($A$2:$A$215,Sheet1!$A$1:$F$1023,2,FALSE) -> 28-APCA-N-2018/00043 | C62: 5ASEC TORRELODONES | D62: 425000
A63: 10-RCOV-00014.1/2021 | B63: =VLOOKUP($A$2:$A$215,Sheet1!$A$1:$F$1023,2,FALSE) -> 28-APCA-N-2021/00041 | C63: ZIMALEX, S.L. (TINTORERÍA MERCADO DE LA PAZ) | D63: 236000
A64: 10-RCOV-00014.3/2014 | B64: =VLOOKUP($A$2:$A$215,Sheet1!$A$1:$F$1023,2,FALSE) -> 28-APCA-N-2014/00318 | C64: TINTORERÍA DEGALA (M.CARMEN POLO GARCÍA) | D64: 194800
A65: 10-RCOV-00014.6/2010 | B65: =VLOOKUP($A$2:$A$215,Sheet1!$A$1:$F$1023,2,FALSE) -> 28-APCA-N-2014/00707 | C65: TINTE DIAZ - CARMEN ALVAREZ DOSANTOS | D65: 152000
A66: 10-RCOV-00014.6/2016 | B66: =VLOOKUP($A$2:$A$215,Sheet1!$A$1:$F$1023,2,FALSE) -> 28-APCA-N-2016/00305 | C66: TINTORERÍA CAPRICHO | D66: 72000
A67: 10-RCOV-00014.6/2019 | B67: - | C67: PERIS COSTUMES, S.L | D67: 1085000
A68: 10-RCOV-00015.4/2011 | B68: =VLOOKUP($A$2:$A$215,Sheet1!$A$1:$F$1023,2,FALSE) -> 28-APCA-N-2014/00725 | C68: TINTORERÍA Y LAVANDERÍA EL PARQUE | D68: 195200
A69: 10-RCOV-00015.8/2022 | B69: =VLOOKUP($A$2:$A$215,Sheet1!$A$1:$F$1023,2,FALSE) -> 28-APCA-N-2022/00073 | C69: TINTORERÍA PINAR | D69: 230000
A70: 10-RCOV-00017.0/2019 | B70: - | C70: TINTORERÍA EL RAPIDO | D70: 0
A71: 10-RCOV-00017.1/2022 | B71: =VLOOKUP($A$2:$A$215,Sheet1!$A$1:$F$1023,2,FALSE) -> 28-APCA-N-2022/00082 | C71: TINTORERÍA ZOCO SEC | D71: 119000
A72: 10-RCOV-00017.2/2009 | B72: - | C72: TINTORERÍA HERCULES (PALOMA MONTEMAYOR SOBRINO) | D72: 92000
A73: 10-RCOV-00017.3/2012 | B73: =VLOOKUP($A$2:$A$215,Sheet1!$A$1:$F$1023,2,FALSE) -> 28-APCA-N-2014/00770 | C73: TINTE ARGENTINO, C.B. | D73: 310000
A74: 10-RCOV-00017.3/2018 | B74: =VLOOKUP($A$2:$A$215,Sheet1!$A$1:$F$1023,2,FALSE) -> 28-APCA-N-2018/00041 | C74: TINTE RAPISECO | D74: 0
A75: 10-RCOV-00018.1/2019 | B75: - | C75: TINTORERÍA BOLIVIA | D75: 262000
A76: 10-RCOV-00018.5/2021 | B76: =VLOOKUP($A$2:$A$215,Sheet1!$A$1:$F$1023,2,FALSE) -> 28-APCA-N-2021/00064 | C76: TINTE TONYS | D76: 260000
A77: 10-RCOV-00019.5/2012 | B77: =VLOOKUP($A$2:$A$215,Sheet1!$A$1:$F$1023,2,FALSE) -> 28-APCA-N-2014/00772 | C77: TINTORERÍAS EL BARCO MJ, C.B | D77: 86000
A78: 10-RCOV-00019.6/2021 | B78: =VLOOKUP($A$2:$A$215,Sheet1!$A$1:$F$1023,2,FALSE) -> 28-APCA-N-2021/00073 | C78: CHISPASEC, S.L. | D78: 264000
A79: 10-RCOV-00020.0/2008 | B79: - | C79: SCHRAMM SL | D79: 253000
A80: 10-RCOV-00020.1/2014 | B80: =VLOOKUP($A$2:$A$215,Sheet1!$A$1:$F$1023,2,FALSE) -> 28-APCA-N-2014/00624 | C80: TINTORERÍA PEINADO | D80: 56000
A81: 10-RCOV-00020.4/2010 | B81: =VLOOKUP($A$2:$A$215,Sheet1!$A$1:$F$1023,2,FALSE) -> 28-APCA-N-2014/00300 | C81: MANUEL GARCÍA RODRIGUEZ (TINTORERÍA GARCÍA) | D81: 160000
A82: 10-RCOV-00020.4/2016 | B82: =VLOOKUP($A$2:$A$215,Sheet1!$A$1:$F$1023,2,FALSE) -> 28-APCA-N-2016/00312 | C82: BOYANA DIMOVA RASHEVA | D82: 192000
A83: 10-RCOV-00021.4/2007 | B83: =VLOOKUP($A$2:$A$215,Sheet1!$A$1:$F$1023,2,FALSE) -> 28-APCA-N-2014/00304 | C83: GOMEZ ZARZALEJO VICENTE ( TINTORERÍA MAS) | D83: 160000
A84: 10-RCOV-00021.6/2022 | B84: =VLOOKUP($A$2:$A$215,Sheet1!$A$1:$F$1023,2,FALSE) -> 28-APCA-N-2022/00088 | C84: TINTORERÍA DYV | D84: 48000
A85: 10-RCOV-00022.0/2018 | B85: =VLOOKUP($A$2:$A$215,Sheet1!$A$1:$F$1023,2,FALSE) -> 28-APCA-N-2018/00134 | C85: ALTINTE Álcalá, S.L. | D85: 376000
A86: 10-RCOV-00022.6/2013 | B86: =VLOOKUP($A$2:$A$215,Sheet1!$A$1:$F$1023,2,FALSE) -> 28-APCA-N-2013/00042 | C86: TINTORERÍA MADRID-SEVILLA | D86: 310000
A87: 10-RCOV-00023.1/2018 | B87: =VLOOKUP($A$2:$A$215,Sheet1!$A$1:$F$1023,2,FALSE) -> 28-APCA-N-2019/00037 | C87: TINTORERÍA LAMEIRO | D87: 348000
A88: 10-RCOV-00024.5/2017 | B88: - | C88: TINTORERÍA Y LAVANDERÍA MAYTE | D88: 134400
A89: 10-RCOV-00024.7/2007 | B89: =VLOOKUP($A$2:$A$215,Sheet1!$A$1:$F$1023,2,FALSE) -> 28-APCA-N-2014/00309 | C89: TINTORERÍA MONTECARLO | D89: 60000
A90: 10-RCOV-00024.8/2013 | B90: =VLOOKUP($A$2:$A$215,Sheet1!$A$1:$F$1023,2,FALSE) -> 28-APCA-N-2013/00034 | C90: SANLIZ TINTORERÍAS, S.L.L | D90: 290000
A91: 10-RCOV-00024.8/2019 | B91: =VLOOKUP($A$2:$A$215,Sheet1!$A$1:$F$1023,2,FALSE) -> 28-APCA-N-2019/00026 | C91: ALMUDENA Álcalá GALAN | D91: 208000
A92: 10-RCOV-00025.3/2015 | B92: =VLOOKUP($A$2:$A$215,Sheet1!$A$1:$F$1023,2,FALSE) -> 28-APCA-N-2016/00058 | C92: TINTORERÍA HISPANOAMERICANA | D92: 514000
A93: 10-RCOV-00025.3/2018 | B93: =VLOOKUP($A$2:$A$215,Sheet1!$A$1:$F$1023,2,FALSE) -> 28-APCA-N-2018/00131 | C93: TINTORERÍA SANGENJO | D93: 202000
A94: 10-RCOV-00025.6/2011 | B94: =VLOOKUP($A$2:$A$215,Sheet1!$A$1:$F$1023,2,FALSE) -> 28-APCA-N-2014/00730 | C94: TINTORERÍA ARIAS | D94: 296000
A95: 10-RCOV-00026.5/2021 | B95: =VLOOKUP($A$2:$A$215,Sheet1!$A$1:$F$1023,2,FALSE) -> 28-APCA-N-2021/00109 | C95: TINTORERÍA BETA Melissa Rodríguez Ortega | D95: 169000
A96: 10-RCOV-00027.3/2022 | B96: =VLOOKUP($A$2:$A$215,Sheet1!$A$1:$F$1023,2,FALSE) -> 28-APCA-N-2022/00096 | C96: BUZÓN ARCOIRIS, S.L. | D96: 288000
A97: 10-RCOV-00027.5/2015 | B97: - | C97: TINTORERÍA PRESSTO EL CANTIZAL | D97: 251200
A98: 10-RCOV-00028.4/2022 | B98: =VLOOKUP($A$2:$A$215,Sheet1!$A$1:$F$1023,2,FALSE) -> 28-APCA-N-2022/00097 | C98: TINTORERÍA NORTE | D98: 120000
A99: 10-RCOV-00028.7/2021 | B99: =VLOOKUP($A$2:$A$215,Sheet1!$A$1:$F$1023,2,FALSE) -> 28-APCA-N-2021/00111 | C99: CONSTANTIN NASTASESCU | D99: 96000
A100: 10-RCOV-00029.4/2013 | B100: =VLOOKUP($A$2:$A$215,Sheet1!$A$1:$F$1023,2,FALSE) -> 28-APCA-N-2013/00012 | C100: TINTORERÍA ACOGAR, S.L. | D100: 150000
...
